Workbook
Name _AAL2: '[2]AAL2 Site List - All'!$A$2:$B$134
Name _ISP2: [3]install!$I$6
Name _ISP3: [3]install!$I$7
Name _OSP1: [3]install!$I$8
Name _OSP2: [3]install!$I$9
Name _Regression_Int: 1
Name _sek1: 1.108
Name _sek2: 1.1
Name _sek3: 1.1
Name _sm10: [4]Input!$BA$90
Name _sm11: [4]Input!$BF$90
Name _sm12: [4]Input!$BK$90
Name _sm13: [4]Input!$BP$90
Name _sm14: [4]Input!$BU$90
Name _sm15: [4]Input!$BZ$90
Name _sm16: [4]Input!$CE$90
Name _sm17: [4]Input!$CJ$90
Name _sm18: [4]Input!$CO$90
Name _sm19: [4]Input!$CT$90
Name _sm2: [4]Input!$M$90
Name _sm20: [4]Input!$CY$90
Name _sm3: [4]Input!$R$90
Name _sm4: [4]Input!$W$90
Name _sm5: [4]Input!$AB$90
Name _sm6: [4]Input!$AG$90
Name _sm7: [4]Input!$AL$90
Name _sm8: [4]Input!$AQ$90
Name _sm9: [4]Input!$AV$90
Name _SUB1: [3]para!$G$65
Name _SUB10: [3]para!$G$74
Name _SUB12: [3]para!$G$76
Name _SUB13: [3]para!$G$77
Name _SUB15: [3]para!$G$79
Name _SUB2: [3]para!$G$66
Name _SUB3: [3]para!$G$67
Name _SUB4: [3]para!$G$68
Name _SUB5: [3]para!$G$69
Name _SUB6: [3]para!$G$70
Name _SUB8: [3]para!$G$72
Name _SUB9: [3]para!$G$73
Name _Syn1: [4]Input!$H$91
Name _Syn10: [4]Input!$BA$91
Name _Syn11: [4]Input!$BF$91
Name _Syn12: [4]Input!$BK$91
Name _Syn13: [4]Input!$BP$91
Name _Syn14: [4]Input!$BU$91
Name _Syn15: [4]Input!$BZ$91
Name _Syn16: [4]Input!$CE$91
Name _Syn17: [4]Input!$CJ$91
Name _Syn18: [4]Input!$CO$91
Name _Syn19: [4]Input!$CT$91
Name _Syn2: [4]Input!$M$91
Name _Syn20: [4]Input!$CY$91
Name _Syn3: [4]Input!$R$91
Name _Syn4: [4]Input!$W$91
Name _Syn5: [4]Input!$AB$91
Name _Syn6: [4]Input!$AG$91
Name _Syn7: [4]Input!$AL$91
Name _Syn8: [4]Input!$AQ$91
Name _Syn9: [4]Input!$AV$91

Sheet Harga Jual
B1: Asumsi Harga Jual
B2: Tahun | C2: 2014
C3: Harga Jual/antenna/bulan
A4: No | B4: Operator | C4: =C2 -> 2014 | D4: =C4+1 -> 2015 | E4: =D4+1 -> 2016 | F4: =E4+1 -> 2017 | G4: =F4+1 -> 2018
A5: 1 | B5: TSEL
A6: 2 | B6: ISAT
A7: 3 | B7: XL
A8: 4 | B8: HCPT
A9: 5 | B9: FM
A10: 6 | B10: SMARTFREN
A11: 7 | B11: AXIS
A12: 8 | B12: FLEXI
A13: 9 | B13: ESIA

Sheet COST 
B1: Komponen Biaya
B2: Nama Gedung
B3: Alamat
B4: Jenis Gedung
B5: Region
B6: Tanggal diterbitkan IRR
B7: Masa Sewa
B10: CAPEX | C10: 2014
A11: 1 | B11: SITAC
B12: Sewa Lahan
B13: Biaya koordinasi/Operation
B14: Biaya Agensi
A16: 2 | B16: ASSET
B17: NON OPERATOR
B18: DAS & CME
A19: 0.1 | B19: Lain-lain | C19: =A19*C18 -> 0
B21: OPERATOR JOIN/MIGRASI
B22: BTS INDOOR
A23: 1 | B23: TSEL
A24: 2 | B24: ISAT
A25: 3 | B25: XL
A26: 4 | B26: HCPT
A27: 5 | B27: FM
A28: 6 | B28: SMARTFREN
A29: 7 | B29: AXIS
A30: 8 | B30: FLEXI
A31: 9 | B31: ESIA
B33: BTS OUTDOOR
A34: 1 | B34: TSEL
A35: 2 | B35: ISAT
A36: 3 | B36: XL
A37: 4 | B37: HCPT
A38: 5 | B38: FM
A39: 6 | B39: SMARTFREN
A40: 7 | B40: AXIS
A41: 8 | B41: FLEXI
A42: 9 | B42: ESIA
B45: OPEX
A46: I | B46: Listrik
A47: 1 | B47: TSEL
A48: 2 | B48: ISAT
A49: 3 | B49: XL
A50: 4 | B50: HCPT
A51: 5 | B51: FM
A52: 6 | B52: SMARTFREN
A53: 7 | B53: AXIS
A54: 8 | B54: FLEXI
A55: 9 | B55: ESIA
A58: II | B58: Pemeliharaan
B59: a. Rutin
B60: b. Perbaikan
B61: c. Tes jangkauan (Walktest)
A62: 0.1 | B62: d. Lain-lain | C62: =A62*SUM(C59:C60) -> 0

Sheet contoh IRR existing
C1: BUILDING INFORMATION SUMMARY
C2: BUILDING NAME | E2: MEDAN CENTER POINT (REVISI)
C3: TYPE BUILDING | E3: OFFICE
C4: AREA | E4: MEDAN CENTER POINT (REVISI)
C5: STATUS | E5: NEW BUILDING
E6: 41632 | G6: (REVISI)
C7: EXIST. OPERATOR
C8: EXP. DATE
C10: INDEX PARAMETER | J10: TECHNICAL SUMMARY
C11: ITEM | E11: AMOUNT | G11: REMARKS | J11: ITEM | L11: QTY | N11: REMARKS
C12: ELECTRICITY | E12: 2500000 | G12: per month | J12: DAS MOS | L12: =L13+L14 -> 198 | N12: antenna
C13: MAINTENANCE | E13: 0.025 | G13: per year | J13: EXISTING DAS | L13: 0 | N13: antenna
C14: INFLATION | E14: 0.1 | G14: per year | J14: ADD ANTENNA | L14: 198 | N14: antenna
C15: INTEREST | E15: 0.12 | G15: per year | J15: COMBINER | L15: 3 | N15: unit
C17: INDEX PARAMETER OPEX | J17: INDEX PARAMETER CAPEX
C18: ITEM | E18: DESCRIPTION | J18: ITEM | L18: DESCRIPTION | N18: DESCRIPTION
C19: RENT TO BM | E19: 1500000000 | G19: lumpsum 5 Year | J19: DAS | L19: 8000000 | N19: per antenna
C20: RENT TO BM PER OPR | G20: 4 | H20: Opr | J20: COMBINER | L20: =[75]SUM2!$C$54 -> 35000000 | N20: per unit
C21: TOP Yearly (Lumpsum) | G21: per year | J21: COMBINER ROOM | L21: 170000000 | N21: Combiner Room
C22: TOP Termin (Lumpsum) | E22: =E19 -> 1500000000 | G22: Lumpsump | J22: ME Outdoor XL | L22: 50000000 | N22: per unit
C23: Y1 | D23: 0.15 | E23: =E22*D23 -> 225000000 | G23: Y1 | J23: ME Outdoor INTERNUX | L23: 60000000 | N23: per unit
C24: Y2 | D24: 0.85 | E24: =D24*E22 -> 1275000000 | G24: Y2 | J24: ME Outdoor HCPT | L24: 60000000 | N24: per unit
E25: =D25*E22 -> 0 | J25: ME Outdoor TSEL | L25: 67500000 | N25: per unit
C26: BM FEE | E26: 50000000 | G26: lumpsum | J26: ME Outdoor ISAT | L26: =L25 -> 67500000 | N26: per unit
C27: SITAC OUTSOURCE | J27: ME Indoor Flexi | L27: 135000000 | N27: per unit
A29: FALSE | B29: FALSE | C29: OPERATOR JOIN
A30: FALSE | B30: FALSE | C30: OPERATOR | E30: 2013 | F30: 2014
A32: FALSE | B32: FALSE | C32: SMARTFREN | E32: 0 | F32: 0
A33: FALSE | B33: FALSE | C33: TELKOMSEL | E33: 0 | F33: 1
C34: INDOSAT | E34: 0 | F34: 1
C35: XL | E35: 0 | F35: 1
C36: INTERNUX | E36: 0 | F36: 0
C37: HCPT | E37: 0 | F37: 1 | G37: =IF(F37=1,0,1) -> 0
C38: FLEXI | E38: 0 | F38: 0 | G38: =IF(F38=1,0,1) -> 1
C39: ESIA | E39: 0 | F39: 0 | G39: =IF(F39=1,0,1) -> 1
C40: TOTAL OPR JOINT | E40: =E32+E33+E34+E35+E36+E37+E38+E39 -> 0 | F40: =F32+F33+F34+F35+F36+F37+F38+F39 -> 4
C41: ME OUTDOOR | E41: =E33+E35+E36+E37+E39 -> 0 | F41: =F33+F35+F36+F37+F39 -> 3
C42: ME INDOOR | E42: =E32+E34+E38 -> 0 | F42: =F32+F34+F38 -> 1
C44: SELLING PRICE
C45: OPERATOR | E45: per Antenna | G45: per Month | L45: IRR (5Thn) | N45: NFC
C46: SMARTFREN | E46: =G46/L14 -> 0 | J46: =E101 -> 0.2127437 | L46: =H101 -> 0.2127437 | N46: =K98 -> 1.9880102e+09
C47: TELKOMSEL | E47: 151000 | G47: =G48 -> 31274100
C48: INDOSAT | E48: =G48/$L$12 -> 157950 | G48: =G49*0.9 -> 31274100 | I48: *Harga RAN Sharing disc 10% dari XL
C49: XL | E49: 175500 | G49: =E49*L12 -> 34749000
C50: INTERNUX | E50: 0 | G50: =E50*L12 -> 0
C51: HCPT | E51: 169000 | G51: =E51*L12 -> 33462000
C52: FLEXI | E52: 0 | G52: =E52*L12 -> 0
C53: ESIA | E53: =G53/$L$12 -> 0 | G53: 0
C62: CASH FROM OPERATOR JOIN
E63: 2013 | F63: =E63+1 -> 2014 | G63: =F63+1 -> 2015 | H63: =G63+1 -> 2016 | I63: =H63+1 -> 2017 | J63: =I63+1 -> 2018 | K63: TOTAL
C64: SMARTFREN | E64: =IF(E32="1",E46*L14*12*#REF!,0) -> 0 | F64: =IF(F32="1",F46*M14*12*#REF!,0) -> 0 | G64: =IF(G32="1",G46*N14*12*#REF!,0) -> 0 | H64: =IF(H32="1",H46*O14*12*#REF!,0) -> 0 | I64: =IF(I32="1",I46*P14*12*#REF!,0) -> 0 | J64: =IF(J32="1",J46*Q14*12*#REF!,0) -> 0 | K64: =IF(K32="1",K46*R14*12*#REF!,0) -> 0
C65: TELKOMSEL | E65: =IF(E33=0,0,$G$47*12) -> 0 | F65: =IF(E65>1,E65,G48*12) -> 375289200 | G65: =IF(F65>1,F65,G48*12) -> 375289200 | H65: =IF(G65>1,G65,0) -> 375289200 | I65: =H65 -> 375289200 | J65: =IF(COUNT(E65:I65)=5,0,E65) -> 0 | K65: =SUM(E65:J65) -> 1501156800
C66: INDOSAT | E66: =IF(E34=0,0,$G$48*12) -> 0 | F66: =IF(E66>1,E66,G49*12) -> 416988000 | G66: =F66 -> 416988000 | H66: =G66 -> 416988000 | I66: =H66 -> 416988000 | J66: =I66/2 -> 208494000 | K66: =SUM(E66:J66) -> 1876446000
C67: XL | E67: 0 | F67: =G49*12 -> 416988000 | G67: =F67 -> 416988000 | H67: =G67 -> 416988000 | I67: =H67 -> 416988000 | J67: =I67/2 -> 208494000 | K67: =SUM(E67:J67) -> 1876446000
C68: INTERNUX | K68: =SUM(E68:J68) -> 0
C69: HCPT | F69: =G51*12 -> 401544000 | G69: =F69 -> 401544000 | H69: =G69 -> 401544000 | I69: =H69 -> 401544000 | J69: =I69/2 -> 200772000 | K69: =SUM(E69:J69) -> 1806948000
C70: FLEXI | E70: =IF(#REF!=0,0,G52*12) -> #REF! | F70: =(IF(#REF!>0,#REF!,IF(#REF!=0,0,G52*12))) -> #REF! | G70: =F70 -> #REF! | H70: =G70 -> #REF! | I70: =H70 -> #REF! | J70: =IF(#REF!>0,0,IF(#REF!=0,0,G52*12)) -> #REF! | K70: =SUM(E70:J70) -> #REF!
C71: ESIA | E71: =IF(#REF!=0,0,G53*12) -> #REF! | F71: =(IF(#REF!>0,#REF!,IF(#REF!=0,0,G53*12))) -> #REF! | G71: =F71 -> #REF! | H71: =G71 -> #REF! | I71: =H71 -> #REF! | J71: =IF(#REF!>0,0,IF(#REF!=0,0,G53*12)) -> #REF! | K71: =SUM(E71:J71) -> #REF!
C72: TOTAL | E72: =SUM(E64:E69) -> 0 | F72: =SUM(F64:F69) -> 1610809200 | G72: =SUM(G64:G69) -> 1610809200 | H72: =SUM(H64:H69) -> 1610809200 | I72: =SUM(I64:I69) -> 1610809200 | J72: =SUM(J64:J69) -> 617760000 | K72: =SUM(K64:K69) -> 7060996800
C77: CAPEX
C78: PO 229 & 233 | E78: =F78 -> 1143316610 | F78: =2286633220/2 -> 1143316610 | K78: =SUM(E78:J78) -> 2286633220
C79: Additional CAPEX 2013 | F79: 110000000 | K79: =SUM(F79:J79) -> 110000000
C80: TOTAL | E80: =SUM(E78:E79) -> 1143316610 | F80: =SUM(F78:F79) -> 1253316610 | G80: =SUM(G78:G79) -> 0 | H80: =SUM(H78:H79) -> 0 | I80: =SUM(I78:I79) -> 0 | J80: =SUM(J78:J79) -> 0 | K80: =SUM(K78:K79) -> 2396633220
C82: DIRECT OPEX | E82: 2500000 | F82: =E82*1.1 -> 2750000 | G82: =F82*1.1 -> 3025000 | H82: =G82*1.1 -> 3327500 | I82: =H82*1.1 -> 3660250 | J82: =I82*1.1 -> 4026275
C83: ELECTRICITY | E83: =E82*12 -> 30000000 | F83: =F82*12 -> 33000000 | G83: =G82*12 -> 36300000 | H83: =H82*12 -> 39930000 | I83: =I82*12 -> 43923000 | J83: =J82*12 -> 48315300 | K83: =SUM(E83:J83) -> 2.314683e+08
C84: MAINTENANCE | E84: 0 | F84: =E80*2.5% -> 28582915 | G84: =(F84*1.1)+(F80*2.5%) -> 62774122 | H84: =(G84*1.1)+(G80*2.5%) -> 69051534 | I84: =(H84*1.1)+(H80*2.5%) -> 75956688 | J84: =(I84*1.1)+(I80*2.5%) -> 83552356 | K84: =SUM(E84:J84) -> 3.1991762e+08
C85: TOTAL | E85: =SUM(E83:E84) -> 30000000 | F85: =SUM(F83:F84) -> 61582915 | G85: =SUM(G83:G84) -> 99074122 | H85: =SUM(H83:H84) -> 1.0898153e+08 | I85: =SUM(I83:I84) -> 1.1987969e+08 | J85: =SUM(J83:J84) -> 1.3186766e+08 | K85: =SUM(K83:K84) -> 5.5138592e+08
C87: OPEX
C88: RENT TO BM (L) | E88: =E23 -> 225000000 | F88: =E24 -> 1275000000 | K88: =SUM(E88:G88) -> 1500000000
C89: RENT TO BM (YEARLY) | K89: =SUM(E89:G89) -> 0
C90: BM FEE'S | E90: =E26 -> 50000000 | K90: =SUM(E90:G90) -> 50000000
C91: SITAC OUTSOURCE | K91: =SUM(E91:G91) -> 0
C92: TOTAL | E92: =SUM(E88:E91) -> 275000000 | F92: =SUM(F88:F91) -> 1275000000 | G92: =SUM(G88:G91) -> 0 | H92: =SUM(H88:H91) -> 0 | I92: =SUM(I88:I91) -> 0 | J92: =SUM(J88:J91) -> 0 | K92: =SUM(K88:K91) -> 1550000000
C94: CASH FLOW PROJECTION
C95: NET CASH FLOW B/TAX | E95: =E72-E80-E85-E92 -> -1448316610 | F95: =F72-F80-F85-F92 -> -9.7909033e+08 | G95: =G72-G80-G85-G92 -> 1.5117351e+09 | H95: =H72-H80-H85-H92 -> 1.5018277e+09 | I95: =I72-I80-I85-I92 -> 1.4909295e+09 | J95: =J72-J80-J85-J92 -> 4.8589234e+08 | K95: =SUM(E95:J95) -> 2.5629777e+09
C96: ACCUMULATE | E96: =E95 -> -1448316610 | F96: =E96+F95 -> -2.4274069e+09 | G96: =F96+G95 -> -9.1567186e+08 | H96: =G96+H95 -> 5.8615581e+08 | I96: =H96+I95 -> 2.0770853e+09 | J96: =I96+J95 -> 2.5629777e+09
C97: INTEREST 12% | E97: =E96*12% -> -1.7379799e+08 | F97: =F96*12% -> -2.9128883e+08 | G97: =G96*12% -> -1.0988062e+08 | K97: =SUM(E97:J97) -> -5.7496745e+08
C98: NET CASH FLOW | E98: =E95+E97 -> -1.6221146e+09 | F98: =F95+F97 -> -1.2703792e+09 | G98: =G95+G97 -> 1.4018545e+09 | H98: =H95+H97 -> 1.5018277e+09 | I98: =I95+I97 -> 1.4909295e+09 | J98: =J95+J97 -> 4.8589234e+08 | K98: =SUM(E98:J98) -> 1.9880102e+09
C100: DISC RATE (5 THN) | E100: IRR (Semester) | H100: IRR (5Thn) | I100: NFC
C101: 0.15 | E101: =IRR(E98:J98,C101) -> 0.2127437 | H101: =IRR(E98:J98,D101) -> 0.2127437 | I101: =SUM(E98:J98) -> 1.9880102e+09
C103: CHECKED BY | E103: PREPARED BY
C107: MICHAEL H | E107: ANANDA S | G107: KELLY P | I107: STEVEN P | K107: DANIEL S
C108: FINANCE | E108: COMMERCIAL
E110: REQUESTED BY | G110: APPROVED BY
E114: META SR | G114: LELY KWIK | I114: MAKMUR DJAURY
E115: HEAD COMMERCIAL | G115: COO | I115: PRESIDEN DIREKTUR

Sheet Commercial
A1: MASTER DATA
A2: HARGA JUAL
A3: 2014
B5: No | C5: Operator | D5: Jumlah Antena Min | E5: Jumlah Antena Max | F5: Size | G5: S/M/L | H5: 2014 | I5: =H5+1 -> 2015 | J5: =I5+1 -> 2016 | K5: =J5+1 -> 2017 | L5: =K5+1 -> 2018 | M5: =L5+1 -> 2019
B6: 1 | C6: TSEL | D6: 50 | E6: 100 | F6: Small | G6: S
B7: 2 | C7: ISAT | D7: 50 | E7: 100 | F7: Small | G7: S
B8: 3 | C8: XL | D8: 50 | E8: 100 | F8: Small | G8: S
B9: 4 | C9: HCPT | D9: 50 | E9: 100 | F9: Small | G9: S
B10: 5 | C10: FM | D10: 50 | E10: 100 | F10: Small | G10: S
B11: 6 | C11: SMARTFREN | D11: 50 | E11: 100 | F11: Small | G11: S
B12: 7 | C12: AXIS | D12: 50 | E12: 100 | F12: Small | G12: S
B13: 8 | C13: FLEXI | D13: 50 | E13: 100 | F13: Small | G13: S
B14: 9 | C14: ESIA | D14: 50 | E14: 100 | F14: Small | G14: S
B15: 1 | C15: TSEL | D15: 101 | E15: 200 | F15: Medium | G15: M
B16: 2 | C16: ISAT | D16: 101 | E16: 200 | F16: Medium | G16: M
B17: 3 | C17: XL | D17: 101 | E17: 200 | F17: Medium | G17: M
... B23: 9 | C23: ESIA | D23: 101 | E23: 200 | F23: Medium | G23: M
B24: 1 | C24: TSEL | D24: >200 | F24: Large | G24: L
B25: 2 | C25: ISAT | D25: >200 | F25: Large | G25: L
B26: 3 | C26: XL | D26: >200 | F26: Large | G26: L
B27: 4 | C27: HCPT | D27: >200 | F27: Large | G27: L
B28: 5 | C28: FM | D28: >200 | F28: Large | G28: L
B29: 6 | C29: SMARTFREN | D29: >200 | F29: Large | G29: L
B30: 7 | C30: AXIS | D30: >200 | F30: Large | G30: L
B31: 8 | C31: FLEXI | D31: >200 | F31: Large | G31: L
B32: 9 | C32: ESIA | D32: >200 | F32: Large | G32: L

Sheet  price scheme antena
A1: No | B1: Operator | C1: Jumlah Antena | D1: Price Scheme /Month/Titik antenna | E1: Price Scheme/Jumlah antenna | F1: Remarks
A2: 1 | B2: TSEL | C2: < 39 | E2: NA
A3: 2 | C3: 40-60 | E3: 13000000 | F3: 50 | G3: =E3/F3 -> 260000
A4: 3 | C4: 61-80 | E4: 14500000 | F4: 70 | G4: =E4/F4 -> 207142.86 | H4: 210000
A5: 4 | C5: 81-100 | E5: 16000000 | F5: 90 | G5: =E5/F5 -> 177777.78 | H5: 180000
A6: 5 | C6: 101-120 | E6: 18000000 | F6: 110 | G6: =E6/F6 -> 163636.36 | H6: 165000
A7: 6 | C7: 121-140 | E7: 20000000 | F7: 130 | G7: =E7/F7 -> 153846.15 | H7: 155000
A8: 7 | C8: 141-160 | E8: 22000000 | F8: 150 | G8: =E8/F8 -> 146666.67 | H8: 150000
A9: 8 | C9: 161-180 | E9: 24000000 | F9: 170 | G9: =E9/F9 -> 141176.47 | H9: 145000
A10: 9 | C10: 181-200 | E10: 26000000 | F10: 190 | G10: =E10/F10 -> 136842.11 | H10: 140000
A11: 10 | C11: > 200 | E11: 28000000 | F11: 210 | G11: =E11/F11 -> 133333.33 | H11: 135000
A13: 1 | B13: XL | C13: < 39 | D13: 300000
A14: 2 | C14: 40-69 | D14: 240000
A15: 3 | C15: 70-99 | D15: 200000
A16: 4 | C16: 100-149 | D16: 185000
A17: 5 | C17: 150-199 | D17: 150000
A18: 6 | C18: 200 - 249 | D18: 140000
A19: 7 | C19: 250 - 299 | D19: 130000
A20: 8 | C20: 300 - 349 | D20: 125000
A21: 9 | C21: 350-399 | D21: 120000
A22: 10 | C22: > 400 | D22: 110000
A24: 1 | B24: INDOSAT | C24: < 39 | D24: =300000*0.9 -> 270000 | F24: Price scheme ISAT based on 10% from XL RAN (Radio Access Network) Sharing
A25: 2 | C25: 40-69 | D25: =240000*0.9 -> 216000 | H25: =D25*50 -> 10800000 | I25: =H25*12 -> 129600000
A26: 3 | C26: 70-99 | D26: =200000*0.9 -> 180000 | I26: =I25/2 -> 64800000
A27: 4 | C27: 100-149 | D27: =185000*0.9 -> 166500
A28: 5 | C28: 150-199 | D28: =150000*0.9 -> 135000
A29: 6 | C29: 200 - 249 | D29: =140000*0.9 -> 126000
A30: 7 | C30: 250 - 299 | D30: =130000*0.9 -> 117000
A31: 8 | C31: 300 - 349 | D31: =125000*0.9 -> 112500
A32: 9 | C32: 350-399 | D32: =120000*0.9 -> 108000
A33: 10 | C33: > 400 | D33: =110000*0.9 -> 99000
A35: 1 | B35: HCPT | C35: < 100 | D35: 150000
A36: 2 | C36: > 100 | D36: 150000
A37: 3 | C37: > 200 | D37: 130000
A38: 4 | C38: > 300 | D38: 85000
A39: 5 | C39: bulk price | D39: 150000 | F39: * Berlaku untuk skema harga bundling gedung * Pada kondisi tertentu,syarat dan ketentuan berlaku
A41: 1 | B41: INTERNUX | C41: < 39 | D41: =300000*0.9 -> 270000
A42: 2 | C42: 40-69 | D42: =240000*0.9 -> 216000
A43: 3 | C43: 70-99 | D43: =200000*0.9 -> 180000
A44: 4 | C44: 100-149 | D44: =185000*0.9 -> 166500
A45: 5 | C45: 150-199 | D45: =150000*0.9 -> 135000
A46: 6 | C46: 200 - 249 | D46: =140000*0.9 -> 126000
A47: 7 | C47: 250 - 299 | D47: =130000*0.9 -> 117000
A48: 8 | C48: 300 - 349 | D48: =125000*0.9 -> 112500
A49: 9 | C49: 350-399 | D49: =120000*0.9 -> 108000
A50: 10 | C50: > 400 | D50: =110000*0.9 -> 99000
A51: 11 | C51: bulk price | D51: 250000 | F51: * Berlaku untuk skema harga bundling gedung * Pada kondisi tertentu,syarat dan ketentuan berlaku

Sheet IRR 5th
G1: FOR TRIAL ONLY
B2: INTERNAL RATE OF RETURN (IRR) | P2: No IRR :
B5: Nama Bangunan | E5: : | F5: Green Lake View Ciputat | N5: Jumlah Lantai : | O5: 4
B6: Alamat | E6: : | F6: Jl. R.A. Kartini No.26, Kejaksaan – Cirebon, Jawa Barat | BB6: TSEL | BC6: ISAT | BD6: XL | BE6: HCPT | BF6: FM | BG6: SMARTFREN | BH6: AXIS | BI6: FLEXI | BJ6: ESIA
B7: Lokasi Bangunan | E7: : | F7: Jawa Barat | AC7: Lokasi Bangunan | AD7: Type Bangunan | AE7: Status | AF7: Tanggal | AG7: Bulan | AH7: Tahun | AI7: Status IRR | AJ7: Operator Join | AK7: Masa Sewa | AL7: persentase | AM7: persentase pembayran | AQ7: No | AR7: Operator | AS7: =I10 -> 2019 | AT7: =AS7+1 -> 2020 | AU7: =AT7+1 -> 2021 | AV7: =AU7+1 -> 2022 | AW7: =AV7+1 -> 2023 | AX7: =AW7+1 -> 2024
B8: Type Bangunan | E8: : | F8: Mall | J8: =VLOOKUP(Q16,BA8:BK758,11,FALSE) -> L | K8: Masa Sewa : | M8: 5 | N8: Tahun | AC8: Jabodetabek | AD8: Mall | AE8: Bangunan Baru | AF8: 1 | AG8: Januari | AH8: 2008 | AI8: Baru | AQ8: 1 | AR8: TSEL | AS8: =E21*$Q$16*E33*60 -> 3442800000 | AT8: =F21*$Q$16*F33*60 -> 0 | AU8: =G21*$Q$16*G33*60 -> 0 | AV8: =H21*$Q$16*H33*60 -> 0 | AW8: =I21*$Q$16*I33*60 -> 0 | AX8: =J21*$Q$16*J33*60 -> 0 | BA8: 1 | BB8: N/A | BC8: 270000 | BD8: 300000 | BE8: 150000 | BF8: 270000 | BK8: S
B9: Status | E9: : | F9: Bangunan Lama | AC9: Jawa Tengah | AD9: Superblok | AE9: Bangunan Lama | AF9: 2 | AG9: Februari | AH9: 2009 | AI9: Revisi I | AJ9: 1 | AK9: 1 | AL9: 0.05 | AM9: 0.05 | AQ9: 2 | AR9: ISAT | AS9: =E22*$Q$16*E34*60 -> 0 | AT9: =F22*$Q$16*F34*60 -> 2718000000 | AU9: =G22*$Q$16*G34*60 -> 0 | AV9: =H22*$Q$16*H34*60 -> 0 | AW9: =I22*$Q$16*I34*60 -> 0 | AX9: =J22*$Q$16*J34*60 -> 0 | BA9: 2 | BB9: N/A | BC9: 270000 | BD9: 300000 | BE9: 150000 | BF9: 270000 | BK9: S
B10: Tanggal | E10: : | G10: Juni | I10: 2019 | AC10: Jawa Timur | AD10: Rumah Sakit | AF10: 3 | AG10: Maret | AH10: 2010 | AI10: Revisi II | AK10: 3 | AL10: 0.1 | AM10: 0.1 | AQ10: 3 | AR10: XL | AS10: =E23*$Q$16*E35*60 -> 2.1571429e+09 | AT10: =F23*$Q$16*F35*60 -> 0 | AU10: =G23*$Q$16*G35*60 -> 0 | AV10: =H23*$Q$16*H35*60 -> 0 | AW10: =I23*$Q$16*I35*60 -> 0 | AX10: =J23*$Q$16*J35*60 -> 0 | BA10: 3 | BB10: N/A | BC10: 270000 | BD10: 300000 | BE10: 150000 | BF10: 270000 | BK10: S
B11: Status IRR | E11: : | F11: Baru | AC11: Jawa Barat | AD11: Rusunami | AF11: 4 | AG11: April | AH11: 2011 | AI11: Revisi III | AK11: 5 | AM11: 0.15 | AQ11: 4 | AR11: HCPT | AS11: =E24*$Q$16*E36*60 -> 0 | AT11: =F24*$Q$16*F36*60 -> 0 | AU11: =G24*$Q$16*G36*60 -> 0 | AV11: =H24*$Q$16*H36*60 -> 0 | AW11: =I24*$Q$16*I36*60 -> 0 | AX11: =J24*$Q$16*J36*60 -> 0 | BA11: 4 | BB11: N/A | BC11: 270000 | BD11: 300000 | BE11: 150000 | BF11: 270000 | BK11: S
L12: SUMMARY | AC12: Kalimantan | AD12: Office | AF12: 5 | AG12: Mei | AH12: 2012 | AK12: 10 | AM12: 0.2 | AQ12: 5 | AR12: FM | AS12: =E25*$Q$16*E37*60 -> 0 | AT12: =F25*$Q$16*F37*60 -> 0 | AU12: =G25*$Q$16*G37*60 -> 0 | AV12: =H25*$Q$16*H37*60 -> 0 | AW12: =I25*$Q$16*I37*60 -> 0 | AX12: =J25*$Q$16*J37*60 -> 0 | BA12: 5 | BB12: N/A | BC12: 270000 | BD12: 300000 | BE12: 150000 | BF12: 270000 | BK12: S
B13: Parameter umum | AC13: Sumatra | AD13: Universitas | AF13: 6 | AG13: Juni | AH13: 2013 | AM13: 0.25 | AQ13: 6 | AR13: SMARTFREN | AS13: =E26*$Q$16*E38*60 -> 0 | AT13: =F26*$Q$16*F38*60 -> 0 | AU13: =G26*$Q$16*G38*60 -> 0 | AV13: =H26*$Q$16*H38*60 -> 0 | AW13: =I26*$Q$16*I38*60 -> 0 | AX13: =J26*$Q$16*J38*60 -> 0 | BA13: 6 | BB13: N/A | BC13: 270000 | BD13: 300000 | BE13: 150000 | BF13: 270000 | BK13: S
B14: Tingkat bunga Deposito | E14: : | F14: 0.075 | G14: /tahun | AC14: Sulawesi | AD14: Hotel | AF14: 7 | AG14: Juli | AH14: 2014 | AM14: 0.3 | AQ14: 7 | AR14: AXIS | AS14: =E27*$Q$16*E39*60 -> 0 | AT14: =F27*$Q$16*F39*60 -> 0 | AU14: =G27*$Q$16*G39*60 -> 0 | AV14: =H27*$Q$16*H39*60 -> 0 | AW14: =I27*$Q$16*I39*60 -> 0 | AX14: =J27*$Q$16*J39*60 -> 0 | BA14: 7 | BB14: N/A | BC14: 270000 | BD14: 300000 | BE14: 150000 | BF14: 270000 | BK14: S
B15: Discount Rate | E15: : | F15: 0.15 | M15: Perkiraan Umum | AC15: Bali/Lombok | AD15: Traditional Market | AF15: 8 | AG15: Agustus | AH15: 2015 | AM15: 0.35 | AQ15: 8 | AR15: FLEXI | AS15: =E28*$Q$16*E40*60 -> 0 | AT15: =F28*$Q$16*F40*60 -> 0 | AU15: =G28*$Q$16*G40*60 -> 0 | AV15: =H28*$Q$16*H40*60 -> 0 | AW15: =I28*$Q$16*I40*60 -> 0 | AX15: =J28*$Q$16*J40*60 -> 0 | BA15: 8 | BB15: N/A | BC15: 270000 | BD15: 300000 | BE15: 150000 | BF15: 270000 | BK15: S
B16: Tingkat bunga Pinjaman | E16: : | F16: 0.125 | G16: /tahun | M16: Jumlah Antena | P16: : | Q16: 302 | R16: Unit | AC16: Ind Bg Tim | AD16: Apartement | AF16: 9 | AG16: September | AH16: 2016 | AM16: 0.4 | AQ16: 9 | AR16: ESIA | AS16: =E29*$Q$16*E41*60 -> 0 | AT16: =F29*$Q$16*F41*60 -> 0 | AU16: =G29*$Q$16*G41*60 -> 0 | AV16: =H29*$Q$16*H41*60 -> 0 | AW16: =I29*$Q$16*I41*60 -> 0 | AX16: =J29*$Q$16*J41*60 -> 0 | BA16: 9 | BB16: N/A | BC16: 270000 | BD16: 300000 | BE16: 150000 | BF16: 270000 | BK16: S
B17: Kurs | E17: : | F17: 15000 | G17: / USD 1 | M17: Nilai DAS per Antenna | P17: : | Q17: 8500000 | R17: Per Ant. | AD17: Entertaint Area | AF17: 10 | AG17: Oktober | AH17: 2017 | AM17: 0.45 | BA17: 10 | BB17: N/A | BC17: 270000 | BD17: 300000 | BE17: 150000 | BF17: 270000 | BK17: S
M18: Jumlah Pole Makro | P18: : | R18: Unit | AF18: 11 | AG18: November | AH18: 2018 | AM18: 0.5 | AQ18: No | AR18: Operator | AS18: =AS7 -> 2019 | AT18: =AS18+1 -> 2020 | AU18: =AT18+1 -> 2021 | AV18: =AU18+1 -> 2022 | AW18: =AV18+1 -> 2023 | AX18: =AW18+1 -> 2024 | BA18: 11 | BB18: N/A | BC18: 270000 | BD18: 300000 | BE18: 150000 | BF18: 270000 | BK18: S
B19: Parameter Harga Jual/antena/bulan | M19: Pendapatan dari operator | P19: : | Q19: =K55 -> 7.7743429e+09 | AF19: 12 | AG19: Desember | AH19: 2019 | AM19: 0.55 | AQ19: 1 | AR19: TSEL | AS19: =IF(AS8>1,AS8/5,0) -> 688560000 | AT19: =IF(AS19>1,AS19,AT8/5) -> 688560000 | AU19: =IF(AT19>1,AT19,AU8/5) -> 688560000 | AV19: =IF(AU19>1,AU19,AV8/5) -> 688560000 | AW19: =IF(AV19>1,AV19,AW8/5) -> 688560000 | AX19: =IF(AW19>1,AW19,AX8/5) -> 688560000 | BA19: 12 | BB19: N/A | BC19: 270000 | BD19: 300000 | BE19: 150000 | BF19: 270000 | BK19: S
C20: No | D20: Operator | E20: =I10 -> 2019 | F20: =E20+1 -> 2020 | G20: =F20+1 -> 2021 | H20: =G20+1 -> 2022 | I20: =H20+1 -> 2023 | J20: =I20+1 -> 2024 | M20: Pembelian Aset Tetap | P20: : | Q20: =-K61-K62 -> -3017000000 | AF20: 13 | AH20: 2020 | AM20: 0.6 | AQ20: 2 | AR20: ISAT | AS20: =IF(AS9>1,AS9/5,0) -> 0 | AT20: =IF(AS20>1,AS20,AT9/5) -> 543600000 | AU20: =IF(AT20>1,AT20,AU9/5) -> 543600000 | AV20: =IF(AU20>1,AU20,AV9/5) -> 543600000 | AW20: =IF(AV20>1,AV20,AW9/5) -> 543600000 | AX20: =IF(AW20>1,AW20,AX9/5) -> 543600000 | BA20: 13 | BB20: N/A | BC20: 270000 | BD20: 300000 | BE20: 150000 | BF20: 270000 | BK20: S
C21: 1 | D21: TSEL | E21: 190000 | F21: =E21 -> 190000 | G21: =F21 -> 190000 | H21: =G21 -> 190000 | I21: =H21 -> 190000 | J21: =I21 -> 190000 | M21: Biaya Sewa | P21: : | Q21: =-K58-K59-K60 -> -250000000 | AF21: 14 | AH21: 2021 | AM21: 0.65 | AQ21: 3 | AR21: XL | AS21: =IF(AS10>1,AS10/5,0) -> 4.3142857e+08 | AT21: =IF(AS21>1,AS21,AT10/5) -> 4.3142857e+08 | AU21: =IF(AT21>1,AT21,AU10/5) -> 4.3142857e+08 | AV21: =IF(AU21>1,AU21,AV10/5) -> 4.3142857e+08 | AW21: =IF(AV21>1,AV21,AW10/5) -> 4.3142857e+08 | AX21: =IF(AW21>1,AW21,AX10/5) -> 4.3142857e+08 | BA21: 14 | BB21: N/A | BC21: 270000 | BD21: 300000 | BE21: 150000 | BF21: 270000 | BK21: S
C22: 2 | D22: ISAT | E22: 150000 | F22: =E22 -> 150000 | G22: =F22 -> 150000 | H22: =G22 -> 150000 | I22: =H22 -> 150000 | J22: =I22 -> 150000 | M22: Biaya Operasional | P22: : | Q22: =-K63-K64-K65 -> -770845000 | AF22: 15 | AH22: 2022 | AM22: 0.7 | AQ22: 4 | AR22: HCPT | AS22: =IF(AS11>1,AS11/5,0) -> 0 | AT22: =IF(AS22>1,AS22,AT11/5) -> 0 | AU22: =IF(AT22>1,AT22,AU11/5) -> 0 | AV22: =IF(AU22>1,AU22,AV11/5) -> 0 | AW22: =IF(AV22>1,AV22,AW11/5) -> 0 | AX22: =IF(AW22>1,AW22,AX11/5) -> 0 | BA22: 15 | BB22: N/A | BC22: 270000 | BD22: 300000 | BE22: 150000 | BF22: 270000 | BK22: S
C23: 3 | D23: XL | E23: 119047.62 | F23: =E23 -> 119047.62 | G23: =F23 -> 119047.62 | H23: =G23 -> 119047.62 | I23: =H23 -> 119047.62 | J23: =I23 -> 119047.62 | M23: Pendapatan Bunga (Biaya Bunga) | P23: : | Q23: =K72 -> 15778589 | AF23: 16 | AH23: 2023 | AM23: 0.75 | AQ23: 5 | AR23: FM | AS23: =IF(AS12>1,AS12/5,0) -> 0 | AT23: =IF(AS23>1,AS23,AT12/5) -> 0 | AU23: =IF(AT23>1,AT23,AU12/5) -> 0 | AV23: =IF(AU23>1,AU23,AV12/5) -> 0 | AW23: =IF(AV23>1,AV23,AW12/5) -> 0 | AX23: =IF(AW23>1,AW23,AX12/5) -> 0 | BA23: 16 | BB23: N/A | BC23: 270000 | BD23: 300000 | BE23: 150000 | BF23: 270000 | BK23: S
C24: 4 | D24: HCPT | E24: 130000 | F24: =E24 -> 130000 | G24: =F24 -> 130000 | H24: =G24 -> 130000 | I24: =H24 -> 130000 | J24: =I24 -> 130000 | N24: Arus Kas Bersih (dalam 6 tahun) | Q24: =SUM(Q19:Q23) -> 3.7522764e+09 | AF24: 17 | AH24: 2024 | AM24: 0.8 | AQ24: 6 | AR24: SMARTFREN | AS24: =IF(AS13>1,AS13/5,0) -> 0 | AT24: =IF(AS24>1,AS24,AT13/5) -> 0 | AU24: =IF(AT24>1,AT24,AU13/5) -> 0 | AV24: =IF(AU24>1,AU24,AV13/5) -> 0 | AW24: =IF(AV24>1,AV24,AW13/5) -> 0 | AX24: =IF(AW24>1,AW24,AX13/5) -> 0 | BA24: 17 | BB24: N/A | BC24: 270000 | BD24: 300000 | BE24: 150000 | BF24: 270000 | BK24: S
C25: Rev. | D25: Makro | AF25: 18 | AH25: 2025 | AM25: 0.85 | AQ25: 7 | AR25: AXIS | AS25: =IF(AS14>1,AS14/5,0) -> 0 | AT25: =IF(AS25>1,AS25,AT14/5) -> 0 | AU25: =IF(AT25>1,AT25,AU14/5) -> 0 | AV25: =IF(AU25>1,AU25,AV14/5) -> 0 | AW25: =IF(AV25>1,AV25,AW14/5) -> 0 | AX25: =IF(AW25>1,AW25,AX14/5) -> 0 | BA25: 18 | BB25: N/A | BC25: 270000 | BD25: 300000 | BE25: 150000 | BF25: 270000 | BK25: S
C26: 1 | D26: TSEL | M26: NPV | P26: : | Q26: =NPV(F14,E73:J73) -> 2.1298516e+09 | AF26: 19 | AM26: 0.9 | AQ26: 8 | AR26: FLEXI | AS26: =IF(AS15>1,AS15/5,0) -> 0 | AT26: =IF(AS26>1,AS26,AT15/5) -> 0 | AU26: =IF(AT26>1,AT26,AU15/5) -> 0 | AV26: =IF(AU26>1,AU26,AV15/5) -> 0 | AW26: =IF(AV26>1,AV26,AW15/5) -> 0 | AX26: =IF(AW26>1,AW26,AX15/5) -> 0 | BA26: 19 | BB26: N/A | BC26: 270000 | BD26: 300000 | BE26: 150000 | BF26: 270000 | BK26: S
C27: 2 | D27: ISAT | M27: IRR | P27: : | Q27: =N68 -> 0.28628752 | AF27: 20 | AM27: 0.95 | AQ27: 9 | AR27: ESIA | AS27: =IF(AS16>1,AS16/5,0) -> 0 | AT27: =IF(AS27>1,AS27,AT16/5) -> 0 | AU27: =IF(AT27>1,AT27,AU16/5) -> 0 | AV27: =IF(AU27>1,AU27,AV16/5) -> 0 | AW27: =IF(AV27>1,AV27,AW16/5) -> 0 | AX27: =IF(AW27>1,AW27,AX16/5) -> 0 | BA27: 20 | BB27: N/A | BC27: 270000 | BD27: 300000 | BE27: 150000 | BF27: 270000 | BK27: S
C28: 3 | D28: XL | L28: =MATCH(TRUE,E75:J75,0) -> 4 | M28: Payback periode | P28: : | Q28: =(L28-1+OFFSET(E73,0,L28)/OFFSET(E67,0,L28))*12 -> 46.165216 | R28: Bulan atau | AF28: 21 | AM28: 1 | BA28: 21 | BB28: N/A | BC28: 270000 | BD28: 300000 | BE28: 150000 | BF28: 270000 | BK28: S
C29: 4 | D29: HCPT | Q29: =Q28/12 -> 3.8471014 | R29: Tahun | AF29: 22 | BA29: 22 | BB29: N/A | BC29: 270000 | BD29: 300000 | BE29: 150000 | BF29: 270000 | BK29: S
AF30: 23 | BA30: 23 | BB30: N/A | BC30: 270000 | BD30: 300000 | BE30: 150000 | BF30: 270000 | BK30: S
B31: Operator Join | AF31: 24 | BA31: 24 | BB31: N/A | BC31: 270000 | BD31: 300000 | BE31: 150000 | BF31: 270000 | BK31: S
C32: No | D32: Operator | E32: =E20 -> 2019 | F32: =E32+1 -> 2020 | G32: =F32+1 -> 2021 | H32: =G32+1 -> 2022 | I32: =H32+1 -> 2023 | J32: =I32+1 -> 2024 | M32: Parameter Harga untuk OPEX | Q32: Parameter Harga untuk CAPEX | AF32: 25 | BA32: 25 | BB32: N/A | BC32: 270000 | BD32: 300000 | BE32: 150000 | BF32: 270000 | BK32: S
B33: =SUM(E33:J33) -> 1 | C33: 1 | D33: TSEL | E33: 1 | K33: =IF(B33>1,"Salah","Benar") -> Benar | M33: 1 | N33: Listrik | O33: Jumlah | Q33: No | R33: Keterangan | S33: =E20 -> 2019 | T33: Keterangan | AF33: 26 | BA33: 26 | BB33: N/A | BC33: 270000 | BD33: 300000 | BE33: 150000 | BF33: 270000 | BK33: S
B34: =SUM(E34:J34) -> 1 | C34: 2 | D34: ISAT | F34: 1 | K34: =IF(B34>1,"Salah","Benar") -> Benar | N34: - TSEL | O34: =IF($Q$16<100,36000000,IF($Q$16>200,48000000,42000000)) -> 48000000 | P34: per Tahun | Q34: 1 | R34: SITAC | AF34: 27 | BA34: 27 | BB34: N/A | BC34: 270000 | BD34: 300000 | BE34: 150000 | BF34: 270000 | BK34: S
B35: =SUM(E35:J35) -> 1 | C35: 3 | D35: XL | E35: 1 | K35: =IF(B35>1,"Salah","Benar") -> Benar | N35: - ISAT | O35: =IF($Q$16<100,36000000,IF($Q$16>200,48000000,42000000)) -> 48000000 | P35: per Tahun | Q35: =J8&F8&F7 -> LMallJawa Barat | R35: - Sewa Lahan | S35: 45000000 | T35: per tahun | AF35: 28 | BA35: 28 | BB35: N/A | BC35: 270000 | BD35: 300000 | BE35: 150000 | BF35: 270000 | BK35: S
B36: =SUM(E36:J36) -> 0 | C36: 4 | D36: HCPT | K36: =IF(B36>1,"Salah","Benar") -> Benar | N36: - XL | P36: per Tahun | R36: - Biaya Koordinasi | T36: per bangunan | AF36: 29 | BA36: 29 | BB36: N/A | BC36: 270000 | BD36: 300000 | BE36: 150000 | BF36: 270000 | BK36: S
B37: =SUM(E37:J37) -> 0 | C37: Rev. | D37: Makro | K37: =IF(B37>1,"Salah","Benar") -> Benar | N37: - HCPT | P37: per Tahun | R37: - Biaya Agensi | T37: per bangunan | AF37: 30 | BA37: 30 | BB37: N/A | BC37: 270000 | BD37: 300000 | BE37: 150000 | BF37: 270000 | BK37: S
B38: =SUM(E38:J38) -> 0 | C38: 1 | D38: TSEL | K38: =IF(B38>1,"Salah","Benar") -> Benar | N38: - FM | P38: per Tahun | AF38: 31 | BA38: 31 | BB38: N/A | BC38: 270000 | BD38: 300000 | BE38: 150000 | BF38: 270000 | BK38: S
B39: =SUM(E39:J39) -> 0 | C39: 2 | D39: ISAT | K39: =IF(B39>1,"Salah","Benar") -> Benar | N39: - SMARTFREN | P39: per Tahun | Q39: 2 | R39: ASSET (non Op) | BA39: 32 | BB39: N/A | BC39: 270000 | BD39: 300000 | BE39: 150000 | BF39: 270000 | BK39: S
B40: =SUM(E40:J40) -> 0 | C40: 3 | D40: XL | K40: =IF(B40>1,"Salah","Benar") -> Benar | N40: - AXIS | P40: per Tahun | R40: - DAS (all in) | S40: =Q17*Q16 -> 2567000000 | T40: Sesuai BOQ | BA40: 33 | BB40: N/A | BC40: 270000 | BD40: 300000 | BE40: 150000 | BF40: 270000 | BK40: S
B41: =SUM(E41:J41) -> 0 | C41: 4 | D41: HCPT | K41: =IF(B41>1,"Salah","Benar") -> Benar | N41: - FLEXI | P41: per Tahun | BA41: 34 | BB41: N/A | BC41: 270000 | BD41: 300000 | BE41: 150000 | BF41: 270000 | BK41: S
E42: =SUM(E33:E41) -> 2 | F42: =E42+SUM(F33:F41) -> 3 | G42: =F42+SUM(G33:G41) -> 3 | H42: =G42+SUM(H33:H41) -> 3 | I42: =H42+SUM(I33:I41) -> 3 | J42: =I42+SUM(J33:J41) -> 3 | K42: =SUM(E42:J42) -> 17 | N42: - ESIA | P42: per Tahun | BA42: 35 | BB42: N/A | BC42: 270000 | BD42: 300000 | BE42: 150000 | BF42: 270000 | BK42: S
Q43: 3 | R43: BTS Operator | S43: Indoor | T43: Outdoor | BA43: 36 | BB43: N/A | BC43: 270000 | BD43: 300000 | BE43: 150000 | BF43: 270000 | BK43: S
B44: Kas masuk dari operator | M44: 2 | N44: Pemeliharaan | R44: - TSEL | T44: 150000000 | BA44: 37 | BB44: N/A | BC44: 270000 | BD44: 300000 | BE44: 150000 | BF44: 270000 | BK44: S
C45: No | D45: Operator | E45: =E32 -> 2019 | F45: =E45+1 -> 2020 | G45: =F45+1 -> 2021 | H45: =G45+1 -> 2022 | I45: =H45+1 -> 2023 | J45: =I45+1 -> 2024 | K45: TOTAL | N45: - Rutin | O45: =Pemeliharaan!E24 -> 12000000 | P45: per Tahun/Site | R45: - ISAT | T45: 150000000 | BA45: 38 | BB45: N/A | BC45: 270000 | BD45: 300000 | BE45: 150000 | BF45: 270000 | BK45: S
C46: 1 | D46: TSEL | F46: =AS19 -> 688560000 | G46: =AT19 -> 688560000 | H46: =AU19 -> 688560000 | I46: =AV19 -> 688560000 | J46: =AW19 -> 688560000 | K46: =SUM(E46:J46) -> 3442800000 | N46: - Perbaikan | O46: =7000000 -> 7000000 | P46: per Tahun/Op | R46: - XL | T46: 150000000 | BA46: 39 | BB46: N/A | BC46: 270000 | BD46: 300000 | BE46: 150000 | BF46: 270000 | BK46: S
C47: 2 | D47: ISAT | F47: =AS20 -> 0 | G47: =AT20 -> 543600000 | H47: =AU20 -> 543600000 | I47: =AV20 -> 543600000 | J47: =AW20 -> 543600000 | K47: =SUM(E47:J47) -> 2174400000 | N47: - WT by Vendor | O47: 10000000 | P47: at First/Op | R47: - HCPT | T47: 150000000 | BA47: 40 | BB47: 260000 | BC47: 216000 | BD47: 240000 | BE47: 150000 | BF47: 216000 | BK47: S
C48: 3 | D48: XL | F48: =AS21 -> 4.3142857e+08 | G48: =AT21 -> 4.3142857e+08 | H48: =AU21 -> 4.3142857e+08 | I48: =AV21 -> 4.3142857e+08 | J48: =AW21 -> 4.3142857e+08 | K48: =SUM(E48:J48) -> 2.1571429e+09 | N48: - WT Inhouse | O48: =Pemeliharaan!K16 -> 9020000 | P48: per Tahun/All Op | R48: - FM | BA48: 41 | BB48: 260000 | BC48: 216000 | BD48: 240000 | BE48: 150000 | BF48: 216000 | BK48: S
C49: 4 | D49: HCPT | F49: =AS22 -> 0 | G49: =AT22 -> 0 | H49: =AU22 -> 0 | I49: =AV22 -> 0 | J49: =AW22 -> 0 | K49: =SUM(E49:J49) -> 0 | N49: - Lain-lain | O49: =Pemeliharaan!K17 -> 0 | R49: - SMARTFREN | BA49: 42 | BB49: 260000 | BC49: 216000 | BD49: 240000 | BE49: 150000 | BF49: 216000 | BK49: S
C50: Rev. | D50: Makro | F50: =AS23 -> 0 | G50: =AT23 -> 0 | H50: =AU23 -> 0 | I50: =AV23 -> 0 | J50: =AW23 -> 0 | K50: =SUM(E50:J50) -> 0 | R50: - AXIS | BA50: 43 | BB50: 260000 | BC50: 216000 | BD50: 240000 | BE50: 150000 | BF50: 216000 | BK50: S
C51: 1 | D51: TSEL | K51: =SUM(E51:J51) -> 0 | R51: - FLEXI | BA51: 44 | BB51: 260000 | BC51: 216000 | BD51: 240000 | BE51: 150000 | BF51: 216000 | BK51: S
C52: 2 | D52: ISAT | F52: =AS25 -> 0 | G52: =AT25 -> 0 | H52: =AU25 -> 0 | I52: =AV25 -> 0 | J52: =AW25 -> 0 | K52: =SUM(E52:J52) -> 0 | R52: - ESIA | BA52: 45 | BB52: 260000 | BC52: 216000 | BD52: 240000 | BE52: 150000 | BF52: 216000 | BK52: S
C53: 3 | D53: XL | F53: =AS26 -> 0 | G53: =AT26 -> 0 | H53: =AU26 -> 0 | I53: =AV26 -> 0 | J53: =AW26 -> 0 | K53: =SUM(E53:J53) -> 0 | BA53: 46 | BB53: 260000 | BC53: 216000 | BD53: 240000 | BE53: 150000 | BF53: 216000 | BK53: S
C54: 4 | D54: HCPT | F54: =AS27 -> 0 | G54: =AT27 -> 0 | H54: =AU27 -> 0 | I54: =AV27 -> 0 | J54: =AW27 -> 0 | K54: =SUM(E54:J54) -> 0 | BA54: 47 | BB54: 260000 | BC54: 216000 | BD54: 240000 | BE54: 150000 | BF54: 216000 | BK54: S
K55: =SUM(K46:K54) -> 7.7743429e+09 | BA55: 48 | BB55: 260000 | BC55: 216000 | BD55: 240000 | BE55: 150000 | BF55: 216000 | BK55: S
B56: Kas keluar | M56: Asumsi pembayaran | BA56: 49 | BB56: 260000 | BC56: 216000 | BD56: 240000 | BE56: 150000 | BF56: 216000 | BK56: S
C57: No | D57: Keterangan | E57: =E45 -> 2019 | F57: =E57+1 -> 2020 | G57: =F57+1 -> 2021 | H57: =G57+1 -> 2022 | I57: =H57+1 -> 2023 | J57: =I57+1 -> 2024 | K57: TOTAL | M57: No | N57: Keterangan | O57: =E57 -> 2019 | P57: =O57+1 -> 2020 | Q57: =P57+1 -> 2021 | R57: =Q57+1 -> 2022 | S57: =R57+1 -> 2023 | T57: =S57+1 -> 2024 | BA57: 50 | BB57: 260000 | BC57: 216000 | BD57: 240000 | BE57: 150000 | BF57: 216000 | BK57: S
C58: 1 | D58: SEWA | E58: 250000000 | F58: =P58*($S$35*$M$8) -> 0 | G58: =Q58*($S$35*$M$8) -> 0 | H58: =R58*($S$35*$M$8) -> 0 | I58: =S58*($S$35*$M$8) -> 0 | J58: =T58*($S$35*$M$8) -> 0 | K58: =SUM(E58:J58) -> 250000000 | L58: =SUM(O58:T58) -> 1 | M58: 1 | N58: =D58 -> SEWA | O58: 1 | U58: =IF(L58=1,0,"Salah") -> 0 | BA58: 51 | BB58: 260000 | BC58: 216000 | BD58: 240000 | BE58: 150000 | BF58: 216000 | BK58: S
C59: 2 | D59: Koordinasi | E59: =O59*$S$36 -> 0 | F59: =P59*$S$36 -> 0 | G59: =Q59*$S$36 -> 0 | H59: =R59*$S$36 -> 0 | I59: =S59*$S$36 -> 0 | J59: =T59*$S$36 -> 0 | K59: =SUM(E59:J59) -> 0 | L59: =SUM(O59:T59) -> 1 | M59: 2 | N59: =D59 -> Koordinasi | O59: 1 | U59: =IF(L59=1,0,"Salah") -> 0 | BA59: 52 | BB59: 260000 | BC59: 216000 | BD59: 240000 | BE59: 150000 | BF59: 216000 | BK59: S
C60: 3 | D60: Agensi | E60: =O60*$S$37 -> 0 | F60: =P60*$S$37 -> 0 | G60: =Q60*$S$37 -> 0 | H60: =R60*$S$37 -> 0 | I60: =S60*$S$37 -> 0 | J60: =T60*$S$37 -> 0 | K60: =SUM(E60:J60) -> 0 | L60: =SUM(O60:T60) -> 1 | M60: 3 | N60: =D60 -> Agensi | O60: 1 | U60: =IF(L60=1,0,"Salah") -> 0 | BA60: 53 | BB60: 260000 | BC60: 216000 | BD60: 240000 | BE60: 150000 | BF60: 216000 | BK60: S
C61: 4 | D61: DAS | E61: =O61*($S$40) -> 2438650000 | F61: =P61*($S$40) -> 128350000 | G61: =Q61*($S$40) -> 0 | H61: =R61*($S$40) -> 0 | I61: =S61*($S$40) -> 0 | J61: =T61*($S$40) -> 0 | K61: =SUM(E61:J61) -> 2567000000 | L61: =SUM(O61:T61) -> 1 | M61: 4 | N61: =D61 -> DAS | O61: 0.95 | P61: 0.05 | U61: =IF(L61=1,0,"Salah") -> 0 | BA61: 54 | BB61: 260000 | BC61: 216000 | BD61: 240000 | BE61: 150000 | BF61: 216000 | BK61: S
C62: 5 | D62: BTS | F62: =(P62*(E33*($S$44+$T$44)))+(P62*(E34*($S$45+$T$45)))+(P62*(E35*($S$46+$T$46)))+(P62*(E36*($S$47+$T$47)))+(P62*(E37*($S$48+$T$48)))+(P62*(E38*($S$49+$T$49)))+(P62*(E39*($S$50+$T$50)))+(P62*(E40*($S$51+$T$51)))+(P62*(E41*($S$52+$T$52))) -> 300000000 | G62: =(Q62*(F33*($S$44+$T$44)))+(Q62*(F34*($S$45+$T$45)))+(Q62*(F35*($S$46+$T$46)))+(Q62*(F36*($S$47+$T$47)))+(Q62*(F37*($S$48+$T$48)))+(Q62*(F38*($S$49+$T$49)))+(Q62*(F39*($S$50+$T$50)))+(Q62*(F40*($S$51+$T$51)))+(Q62*(F41*($S$52+$T$52))) -> 150000000 | H62: =(R62*(G33*($S$44+$T$44)))+(R62*(G34*($S$45+$T$45)))+(R62*(G35*($S$46+$T$46)))+(R62*(G36*($S$47+$T$47)))+(R62*(G37*($S$48+$T$48)))+(R62*(G38*($S$49+$T$49)))+(R62*(G39*($S$50+$T$50)))+(R62*(G40*($S$51+$T$51)))+(R62*(G41*($S$52+$T$52))) -> 0 | I62: =(S62*(H33*($S$44+$T$44)))+(S62*(H34*($S$45+$T$45)))+(S62*(H35*($S$46+$T$46)))+(S62*(H36*($S$47+$T$47)))+(S62*(H37*($S$48+$T$48)))+(S62*(H38*($S$49+$T$49)))+(S62*(H39*($S$50+$T$50)))+(S62*(H40*($S$51+$T$51)))+(S62*(H41*($S$52+$T$52))) -> 0 | J62: =(T62*(I33*($S$44+$T$44)))+(T62*(I34*($S$45+$T$45)))+(T62*(I35*($S$46+$T$46)))+(T62*(I36*($S$47+$T$47)))+(T62*(I37*($S$48+$T$48)))+(T62*(I38*($S$49+$T$49)))+(T62*(I39*($S$50+$T$50)))+(T62*(I40*($S$51+$T$51)))+(T62*(I41*($S$52+$T$52))) -> 0 | K62: =SUM(E62:J62) -> 450000000 | L62: =SUM(O62:T62) -> 5 | M62: 5 | N62: =D62 -> BTS | P62: 1 | Q62: 1 | R62: 1 | S62: 1 | T62: 1 | U62: =IF(L62=5,0,"Salah") -> 0 | BA62: 55 | BB62: 260000 | BC62: 216000 | BD62: 240000 | BE62: 150000 | BF62: 216000 | BK62: S
C63: 6 | D63: Listrik | F63: =(P63*E$33*$O$34)+(P63*E$34*$O$35)+(P63*E$35*$O$36)+(P63*E$36*$O$37)+(P63*E$37*$O$38)+(P63*E$38*$O$39)+(P63*E$39*$O$40)+(P63*E$40*$O$41)+(P63*E$41*$O$42)+E63 -> 48000000 | G63: =(Q63*F$33*$O$34)+(Q63*F$34*$O$35)+(Q63*F$35*$O$36)+(Q63*F$36*$O$37)+(Q63*F$37*$O$38)+(Q63*F$38*$O$39)+(Q63*F$39*$O$40)+(Q63*F$40*$O$41)+(Q63*F$41*$O$42)+F63 -> 96000000 | H63: =(R63*G$33*$O$34)+(R63*G$34*$O$35)+(R63*G$35*$O$36)+(R63*G$36*$O$37)+(R63*G$37*$O$38)+(R63*G$38*$O$39)+(R63*G$39*$O$40)+(R63*G$40*$O$41)+(R63*G$41*$O$42)+G63 -> 96000000 | I63: =(S63*H$33*$O$34)+(S63*H$34*$O$35)+(S63*H$35*$O$36)+(S63*H$36*$O$37)+(S63*H$37*$O$38)+(S63*H$38*$O$39)+(S63*H$39*$O$40)+(S63*H$40*$O$41)+(S63*H$41*$O$42)+H63 -> 96000000 | J63: =(T63*I$33*$O$34)+(T63*I$34*$O$35)+(T63*I$35*$O$36)+(T63*I$36*$O$37)+(T63*I$37*$O$38)+(T63*I$38*$O$39)+(T63*I$39*$O$40)+(T63*I$40*$O$41)+(T63*I$41*$O$42)+I63 -> 96000000 | K63: =SUM(E63:J63) -> 432000000 | L63: =SUM(O63:T63) -> 5 | M63: 6 | N63: =D63 -> Listrik | P63: 1 | Q63: 1 | R63: 1 | S63: 1 | T63: 1 | U63: =IF(L63=5,0,"Salah") -> 0 | BA63: 56 | BB63: 260000 | BC63: 216000 | BD63: 240000 | BE63: 150000 | BF63: 216000 | BK63: S
C64: 7 | D64: Pemeliharaan | F64: =($O$45*E42)+($O$46*E42)+($O$47*SUM(E33:E41))+($O$48*3/4) -> 64765000 | G64: =($O$45*F42)+($O$46*F42)+($O$47*SUM(F33:F41))+($O$48*4/4) -> 76020000 | H64: =($O$45*G42)+($O$46*G42)+($O$47*SUM(G33:G41))+($O$48*4/4) -> 66020000 | I64: =($O$45*H42)+($O$46*H42)+($O$47*SUM(H33:H41))+($O$48*4/4) -> 66020000 | J64: =($O$45*I42)+($O$46*I42)+($O$47*SUM(I33:I41))+($O$48*4/4) -> 66020000 | K64: =SUM(E64:J64) -> 338845000 | L64: =SUM(O64:T64) -> 5 | M64: 7 | N64: =D64 -> Pemeliharaan | P64: 1 | Q64: 1 | R64: 1 | S64: 1 | T64: 1 | U64: =IF(L64=5,0,"Salah") -> 0 | BA64: 57 | BB64: 260000 | BC64: 216000 | BD64: 240000 | BE64: 150000 | BF64: 216000 | BK64: S
C65: 8 | D65: Lain-lain Opex | F65: =P65*$O$49 -> 0 | G65: =Q65*$O$49 -> 0 | H65: =R65*$O$49 -> 0 | I65: =S65*$O$49 -> 0 | J65: =T65*$O$49 -> 0 | K65: =SUM(E65:J65) -> 0 | L65: =SUM(O65:T65) -> 5 | M65: 8 | N65: =D65 -> Lain-lain Opex | P65: 1 | Q65: 1 | R65: 1 | S65: 1 | T65: 1 | U65: =IF(L65=5,0,"Salah") -> 0 | BA65: 58 | BB65: 260000 | BC65: 216000 | BD65: 240000 | BE65: 150000 | BF65: 216000 | BK65: S
K66: =SUM(K58:K65) -> 4037845000 | BA66: 59 | BB66: 260000 | BC66: 216000 | BD66: 240000 | BE66: 150000 | BF66: 216000 | BK66: S
C67: Kas Bersih | E67: =E73 -> -2923906875 | F67: =F73+E67 -> -2.5296387e+09 | G67: =G73+F67 -> -1.2552884e+09 | H67: =H73+G67 -> 3.0128227e+08 | I67: =I73+H67 -> 1.9704705e+09 | J67: =J73+I67 -> 3.7522764e+09 | BA67: 60 | BB67: 260000 | BC67: 216000 | BD67: 240000 | BE67: 150000 | BF67: 216000 | BK67: S
C68: No | D68: Keterangan | E68: =E57 -> 2019 | F68: =E68+1 -> 2020 | G68: =F68+1 -> 2021 | H68: =G68+1 -> 2022 | I68: =H68+1 -> 2023 | J68: =I68+1 -> 2024 | K68: TOTAL | M68: =IF(N68<20%,"IRR.","IRR :") -> IRR : | N68: =IRR(E73:J73,F15) -> 0.28628752 | Q68: NFC | R68: =SUM(E73:J73) -> 3.7522764e+09 | BA68: 61 | BB68: 210000 | BC68: 216000 | BD68: 240000 | BE68: 150000 | BF68: 216000 | BK68: S
C69: 1 | D69: Kas Masuk | E69: =SUM(E46:E54) -> 0 | F69: =SUM(F46:F54) -> 1.1199886e+09 | G69: =SUM(G46:G54) -> 1.6635886e+09 | H69: =SUM(H46:H54) -> 1.6635886e+09 | I69: =SUM(I46:I54) -> 1.6635886e+09 | J69: =SUM(J46:J54) -> 1.6635886e+09 | K69: =SUM(E69:J69) -> 7.7743429e+09 | BA69: 62 | BB69: 210000 | BC69: 216000 | BD69: 240000 | BE69: 150000 | BF69: 216000 | BK69: S
C70: 2 | D70: Kas Keluar | E70: =SUM(E58:E65) -> 2688650000 | F70: =SUM(F58:F65) -> 541115000 | G70: =SUM(G58:G65) -> 322020000 | H70: =SUM(H58:H65) -> 162020000 | I70: =SUM(I58:I65) -> 162020000 | J70: =SUM(J58:J65) -> 162020000 | K70: =SUM(E70:J70) -> 4037845000 | BA70: 63 | BB70: 210000 | BC70: 216000 | BD70: 240000 | BE70: 150000 | BF70: 216000 | BK70: S
D71: Kas Bersih | E71: =E69-E70 -> -2688650000 | F71: =F69-F70 -> 5.7887357e+08 | G71: =G69-G70 -> 1.3415686e+09 | H71: =H69-H70 -> 1.5015686e+09 | I71: =I69-I70 -> 1.5015686e+09 | J71: =J69-J70 -> 1.5015686e+09 | K71: =SUM(E71:J71) -> 3.7364979e+09 | BA71: 64 | BB71: 210000 | BC71: 216000 | BD71: 240000 | BE71: 150000 | BF71: 216000 | BK71: S
D72: Biaya Bunga | E72: =E77 -> -2.3525687e+08 | F72: =F77 -> -1.8460544e+08 | G72: =G77 -> -67218187 | H72: =H77 -> 55002054 | I72: =I77 -> 1.676197e+08 | J72: =J77 -> 2.8023734e+08 | K72: =SUM(E72:J72) -> 15778589 | BA72: 65 | BB72: 210000 | BC72: 216000 | BD72: 240000 | BE72: 150000 | BF72: 216000 | BK72: S
D73: Jumlah | E73: =E71+E72 -> -2923906875 | F73: =F71+F72 -> 3.9426813e+08 | G73: =G71+G72 -> 1.2743504e+09 | H73: =H71+H72 -> 1556570625 | I73: =I71+I72 -> 1.6691883e+09 | J73: =J71+J72 -> 1.7818059e+09 | K73: =SUM(K71:K72) -> 3.7522764e+09 | BA73: 66 | BB73: 210000 | BC73: 216000 | BD73: 240000 | BE73: 150000 | BF73: 216000 | BK73: S
D74: Sld Cash Flow | E74: =E73 -> -2923906875 | F74: =E74+F73 -> -2.5296387e+09 | G74: =F74+G73 -> -1.2552884e+09 | H74: =G74+H73 -> 3.0128227e+08 | I74: =H74+I73 -> 1.9704705e+09 | J74: =I74+J73 -> 3.7522764e+09
E75: =E67>=0 -> FALSE | F75: =F67>=0 -> FALSE | G75: =G67>=0 -> FALSE | H75: =H67>=0 -> TRUE | I75: =I67>=0 -> TRUE | J75: =J67>=0 -> TRUE | BA75: 67 | BB75: 210000 | BC75: 216000 | BD75: 240000 | BE75: 150000 | BF75: 216000 | BK75: S
E76: =E71 -> -2688650000 | F76: =F71+E76 -> -2.1097764e+09 | G76: =G71+F76 -> -7.6820786e+08 | H76: =H71+G76 -> 7.3336071e+08 | I76: =I71+H76 -> 2.2349293e+09 | J76: =J71+I76 -> 3.7364979e+09 | BA76: 68 | BB76: 210000 | BC76: 216000 | BD76: 240000 | BE76: 150000 | BF76: 216000 | BK76: S
E77: =IF(E76<1,(E76*70%)*$F$16,E76*$F$14) -> -2.3525687e+08 | F77: =IF(F76<1,(F76*70%)*$F$16,F76*$F$14) -> -1.8460544e+08 | G77: =IF(G76<1,(G76*70%)*$F$16,G76*$F$14) -> -67218187 | H77: =IF(H76<1,(H76*70%)*$F$16,H76*$F$14) -> 55002054 | I77: =IF(I76<1,(I76*70%)*$F$16,I76*$F$14) -> 1.676197e+08 | J77: =IF(J76<1,(J76*70%)*$F$16,J76*$F$14) -> 2.8023734e+08 | BA77: 69 | BB77: 210000 | BC77: 216000 | BD77: 240000 | BE77: 150000 | BF77: 216000 | BK77: S
BA78: 70 | BB78: 210000 | BC78: 180000 | BD78: 200000 | BE78: 150000 | BF78: 180000 | BK78: S
BA79: 71 | BB79: 210000 | BC79: 180000 | BD79: 200000 | BE79: 150000 | BF79: 180000 | BK79: S
BA80: 72 | BB80: 210000 | BC80: 180000 | BD80: 200000 | BE80: 150000 | BF80: 180000 | BK80: S
BA81: 73 | BB81: 210000 | BC81: 180000 | BD81: 200000 | BE81: 150000 | BF81: 180000 | BK81: S
BA82: 74 | BB82: 210000 | BC82: 180000 | BD82: 200000 | BE82: 150000 | BF82: 180000 | BK82: S
BA83: 75 | BB83: 210000 | BC83: 180000 | BD83: 200000 | BE83: 150000 | BF83: 180000 | BK83: S
BA84: 76 | BB84: 210000 | BC84: 180000 | BD84: 200000 | BE84: 150000 | BF84: 180000 | BK84: S
BA85: 77 | BB85: 210000 | BC85: 180000 | BD85: 200000 | BE85: 150000 | BF85: 180000 | BK85: S
BA86: 78 | BB86: 210000 | BC86: 180000 | BD86: 200000 | BE86: 150000 | BF86: 180000 | BK86: S
BA87: 79 | BB87: 210000 | BC87: 180000 | BD87: 200000 | BE87: 150000 | BF87: 180000 | BK87: S
BA88: 80 | BB88: 210000 | BC88: 180000 | BD88: 200000 | BE88: 150000 | BF88: 180000 | BK88: S
BA89: 81 | BB89: 180000 | BC89: 180000 | BD89: 200000 | BE89: 150000 | BF89: 180000 | BK89: S
... BA758: 750 | BB758: 135000 | BC758: 99000 | BD758: 110000 | BE758: 85000 | BF758: 99000 | BK758: L
BA760: bulk price | BB760: N/A | BC760: N/A | BD760: N/A | BE760: 150000 | BF760: 250000

Sheet IRR 11th
B2: INTERNAL RATE OF RETURN (IRR) | M2: No IRR :
B5: Nama Bangunan | D5: : | E5: Green Lake View Ciputat | M5: Jumlah Lantai :
B6: Alamat | D6: : | BG6: TSEL | BH6: ISAT | BI6: XL | BJ6: HCPT | BK6: FM | BL6: SMARTFREN | BM6: AXIS | BN6: FLEXI | BO6: ESIA
B7: Lokasi Bangunan | D7: : | AC7: Lokasi Bangunan | AD7: Type Bangunan | AE7: Status | AF7: Tanggal | AG7: Bulan | AH7: Tahun | AI7: Status IRR | AJ7: Operator Join | AK7: Masa Sewa | AL7: persentase | AM7: persentase pembayaran | AQ7: No | AR7: Operator | AS7: =H10 -> 2016 | AT7: =AS7+1 -> 2017 | AU7: =AT7+1 -> 2018 | AV7: =AU7+1 -> 2019 | AW7: =AV7+1 -> 2020 | AX7: =AW7+1 -> 2021 | AY7: =AX7+1 -> 2022 | AZ7: =AY7+1 -> 2023 | BA7: =AZ7+1 -> 2024 | ... BC7: =BB7+1 -> 2026
B8: Type Bangunan | D8: : | I8: =VLOOKUP(P16,AZ8:BJ758,11,FALSE) -> #N/A | J8: Masa Sewa : | L8: 10 | M8: Tahun | AC8: Jabodetabek | AD8: Mall | AE8: Bangunan Baru | AF8: 1 | AG8: Januari | AH8: 2008 | AI8: Baru | AQ8: 1 | AR8: TSEL | AS8: =E43*$P$16*E55*120 -> 0 | AT8: =F43*$P$16*F55*120 -> 0 | AU8: =G43*$P$16*G55*120 -> 0 | AV8: =H43*$P$16*H55*120 -> 0 | AW8: =I43*$P$16*I55*120 -> 0 | AX8: =J43*$P$16*J55*120 -> 0 | AY8: =K43*$P$16*K55*120 -> 0 | AZ8: =L43*$P$16*L55*120 -> 0 | ... BC8: =O43*$P$16*O55*120 -> 0 | BF8: 1 | BG8: N/A | BH8: 270000 | BI8: 300000 | BJ8: 150000 | BK8: 270000 | BP8: S
B9: Status | D9: : | AC9: Jawa Tengah | AD9: Superblok | AE9: Bangunan Lama | AF9: 2 | AG9: Februari | AH9: 2009 | AI9: Revisi I | AJ9: 1 | AK9: 1 | AL9: 0.05 | AM9: 0.05 | AQ9: 2 | AR9: ISAT | AS9: =E44*$P$16*E56*120 -> 0 | AT9: =F44*$P$16*F56*120 -> 0 | AU9: =G44*$P$16*G56*120 -> 0 | AV9: =H44*$P$16*H56*120 -> 0 | AW9: =I44*$P$16*I56*120 -> 0 | AX9: =J44*$P$16*J56*120 -> 0 | AY9: =K44*$P$16*K56*120 -> 0 | AZ9: =L44*$P$16*L56*120 -> 0 | ... BC9: =O44*$P$16*O56*120 -> 0 | BF9: 2 | BG9: N/A | BH9: 270000 | BI9: 300000 | BJ9: 150000 | BK9: 270000 | BP9: S
B10: Tanggal | D10: : | F10: Februari | H10: 2016 | AC10: Jawa Timur | AD10: Rumah Sakit | AF10: 3 | AG10: Maret | AH10: 2010 | AI10: Revisi II | AK10: 3 | AL10: 0.1 | AM10: 0.1 | AQ10: 3 | AR10: XL | AS10: =E45*$P$16*E57*120 -> 0 | AT10: =F45*$P$16*F57*120 -> 0 | AU10: =G45*$P$16*G57*120 -> 0 | AV10: =H45*$P$16*H57*120 -> 0 | AW10: =I45*$P$16*I57*120 -> 0 | AX10: =J45*$P$16*J57*120 -> 0 | AY10: =K45*$P$16*K57*120 -> 0 | AZ10: =L45*$P$16*L57*120 -> 0 | ... BC10: =O45*$P$16*O57*120 -> 0 | BF10: 3 | BG10: N/A | BH10: 270000 | BI10: 300000 | BJ10: 150000 | BK10: 270000 | BP10: S
B11: Status IRR | D11: : | E11: Baru | AC11: Jawa Barat | AD11: Rusunami | AF11: 4 | AG11: April | AH11: 2011 | AI11: Revisi III | AK11: 5 | AM11: 0.15 | AQ11: 4 | AR11: HCPT | AS11: =E46*$P$16*E58*120 -> 0 | AT11: =F46*$P$16*F58*120 -> 0 | AU11: =G46*$P$16*G58*120 -> 0 | AV11: =H46*$P$16*H58*120 -> 0 | AW11: =I46*$P$16*I58*120 -> 0 | AX11: =J46*$P$16*J58*120 -> 0 | AY11: =K46*$P$16*K58*120 -> 0 | AZ11: =L46*$P$16*L58*120 -> 0 | ... BC11: =O46*$P$16*O58*120 -> 0 | BF11: 4 | BG11: N/A | BH11: 270000 | BI11: 300000 | BJ11: 150000 | BK11: 270000 | BP11: S
K12: SUMMARY | AC12: Kalimantan | AD12: Office | AF12: 5 | AG12: Mei | AH12: 2012 | AK12: 10 | AM12: 0.2 | AQ12: 5 | AR12: FM | AS12: =E47*$P$16*E59*120 -> 0 | AT12: =F47*$P$16*F59*120 -> 0 | AU12: =G47*$P$16*G59*120 -> 0 | AV12: =H47*$P$16*H59*120 -> 0 | AW12: =I47*$P$16*I59*120 -> 0 | AX12: =J47*$P$16*J59*120 -> 0 | AY12: =K47*$P$16*K59*120 -> 0 | AZ12: =L47*$P$16*L59*120 -> 0 | ... BC12: =O47*$P$16*O59*120 -> 0 | BF12: 5 | BG12: N/A | BH12: 270000 | BI12: 300000 | BJ12: 150000 | BK12: 270000 | BP12: S
B13: Parameter umum | AC13: Sumatra | AD13: Universitas | AF13: 6 | AG13: Juni | AH13: 2013 | AM13: 0.25 | AQ13: 6 | AR13: SMARTFREN | AS13: =E48*$P$16*E60*120 -> 0 | AT13: =F48*$P$16*F60*120 -> 0 | AU13: =G48*$P$16*G60*120 -> 0 | AV13: =H48*$P$16*H60*120 -> 0 | AW13: =I48*$P$16*I60*120 -> 0 | AX13: =J48*$P$16*J60*120 -> 0 | AY13: =K48*$P$16*K60*120 -> 0 | AZ13: =L48*$P$16*L60*120 -> 0 | ... BC13: =O48*$P$16*O60*120 -> 0 | BF13: 6 | BG13: N/A | BH13: 270000 | BI13: 300000 | BJ13: 150000 | BK13: 270000 | BP13: S
B14: Tingkat bunga Deposito | E14: : | F14: 0.06 | G14: /tahun | AC14: Sulawesi | AD14: Hotel | AF14: 7 | AG14: Juli | AH14: 2014 | AM14: 0.3 | AQ14: 7 | AR14: AXIS | AS14: =E49*$P$16*E61*120 -> 0 | AT14: =F49*$P$16*F61*120 -> 0 | AU14: =G49*$P$16*G61*120 -> 0 | AV14: =H49*$P$16*H61*120 -> 0 | AW14: =I49*$P$16*I61*120 -> 0 | AX14: =J49*$P$16*J61*120 -> 0 | AY14: =K49*$P$16*K61*120 -> 0 | AZ14: =L49*$P$16*L61*120 -> 0 | ... BC14: =O49*$P$16*O61*120 -> 0 | BF14: 7 | BG14: N/A | BH14: 270000 | BI14: 300000 | BJ14: 150000 | BK14: 270000 | BP14: S
B15: Discount Rate | E15: : | F15: 0.15 | L15: Perkiraan Umum | AC15: Bali/Lombok | AD15: Traditional Market | AF15: 8 | AG15: Agustus | AH15: 2015 | AM15: 0.35 | AQ15: 8 | AR15: FLEXI | AS15: =E50*$P$16*E62*120 -> 0 | AT15: =F50*$P$16*F62*120 -> 0 | AU15: =G50*$P$16*G62*120 -> 0 | AV15: =H50*$P$16*H62*120 -> 0 | AW15: =I50*$P$16*I62*120 -> 0 | AX15: =J50*$P$16*J62*120 -> 0 | AY15: =K50*$P$16*K62*120 -> 0 | AZ15: =L50*$P$16*L62*120 -> 0 | ... BC15: =O50*$P$16*O62*120 -> 0 | BF15: 8 | BG15: N/A | BH15: 270000 | BI15: 300000 | BJ15: 150000 | BK15: 270000 | BP15: S
B16: Tingkat bunga Pinjaman | E16: : | F16: 0.125 | G16: /tahun | L16: Jumlah Antena | O16: : | P16: 302 | Q16: Antena | AC16: Ind Bg Tim | AD16: Apartement | AF16: 9 | AG16: September | AH16: 2016 | AM16: 0.4 | AQ16: 9 | AR16: ESIA | AS16: =E51*$P$16*E63*120 -> 0 | AT16: =F51*$P$16*F63*120 -> 0 | AU16: =G51*$P$16*G63*120 -> 0 | AV16: =H51*$P$16*H63*120 -> 0 | AW16: =I51*$P$16*I63*120 -> 0 | AX16: =J51*$P$16*J63*120 -> 0 | AY16: =K51*$P$16*K63*120 -> 0 | AZ16: =L51*$P$16*L63*120 -> 0 | ... BC16: =O51*$P$16*O63*120 -> 0 | BF16: 9 | BG16: N/A | BH16: 270000 | BI16: 300000 | BJ16: 150000 | BK16: 270000 | BP16: S
B17: Kurs | E17: : | F17: 15000 | G17: / USD 1 | L17: Nilai DAS per Antenna | O17: : | P17: 8500000 | Q17: Per Antenna | AD17: Entertaint Area | AF17: 10 | AG17: Oktober | AH17: 2017 | AM17: 0.45 | BF17: 10 | BG17: N/A | BH17: 270000 | BI17: 300000 | BJ17: 150000 | BK17: 270000 | BP17: S
AF18: 11 | AG18: November | AH18: 2018 | AM18: 0.5 | AQ18: No | AR18: Operator | AS18: =AS7 -> 2016 | AT18: =AS18+1 -> 2017 | AU18: =AT18+1 -> 2018 | AV18: =AU18+1 -> 2019 | AW18: =AV18+1 -> 2020 | AX18: =AW18+1 -> 2021 | AY18: =AX18+1 -> 2022 | AZ18: =AY18+1 -> 2023 | BA18: =AZ18+1 -> 2024 | ... BC18: =BB18+1 -> 2026 | BF18: 11 | BG18: N/A | BH18: 270000 | BI18: 300000 | BJ18: 150000 | BK18: 270000 | BP18: S
B19: Parameter Harga untuk OPEX | F19: Parameter Harga untuk CAPEX | L19: Pendapatan dari operator | O19: : | P19: =P76 -> 1050000000 | AF19: 12 | AG19: Desember | AH19: 2019 | AM19: 0.55 | AQ19: 1 | AR19: TSEL | AS19: =IF(AS8>1,AS8/10,0) -> 0 | AT19: =IF(AS19>1,AS19,AT8/10) -> 0 | AU19: =IF(AT19>1,AT19,AU8/10) -> 0 | AV19: =IF(AU19>1,AU19,AV8/10) -> 0 | AW19: =IF(AV19>1,AV19,AW8/10) -> 0 | AX19: =IF(AW19>1,AW19,AX8/10) -> 0 | AY19: =IF(AX19>1,AX19,AY8/10) -> 0 | AZ19: =IF(AY19>1,AY19,AZ8/10) -> 0 | BA19: =IF(AZ19>1,AZ19,BA8/10) -> 0 | ... BC19: =IF(BB19>1,BB19,BC8/10) -> 0 | BF19: 12 | BG19: N/A | BH19: 270000 | BI19: 300000 | BJ19: 150000 | BK19: 270000 | BP19: S
B20: 1 | C20: Listrik | D20: Jumlah | F20: No | G20: Keterangan | H20: =H10 -> 2016 | I20: Keterangan | L20: Pembelian Aset Tetap | O20: : | P20: =-P94-P95 -> -1752705873 | AF20: 13 | AH20: 2020 | AM20: 0.6 | AQ20: 2 | AR20: ISAT | AS20: =IF(AS9>1,AS9/10,0) -> 0 | AT20: =IF(AS20>1,AS20,AT9/10) -> 0 | AU20: =IF(AT20>1,AT20,AU9/10) -> 0 | AV20: =IF(AU20>1,AU20,AV9/10) -> 0 | AW20: =IF(AV20>1,AV20,AW9/10) -> 0 | AX20: =IF(AW20>1,AW20,AX9/10) -> 0 | AY20: =IF(AX20>1,AX20,AY9/10) -> 0 | AZ20: =IF(AY20>1,AY20,AZ9/10) -> 0 | BA20: =IF(AZ20>1,AZ20,BA9/10) -> 0 | ... BC20: =IF(BB20>1,BB20,BC9/10) -> 0 | BF20: 13 | BG20: N/A | BH20: 270000 | BI20: 300000 | BJ20: 150000 | BK20: 270000 | BP20: S
C21: - TSEL | D21: =IF($P$16<100,36000000,IF($P$16>200,48000000,42000000)) -> 48000000 | E21: per Tahun | F21: 1 | G21: SITAC | L21: Biaya Sewa | O21: : | P21: =-P91-P92-P93 -> -900000000 | AF21: 14 | AH21: 2021 | AM21: 0.65 | AQ21: 3 | AR21: XL | AS21: =IF(AS10>1,AS10/10,0) -> 0 | AT21: =IF(AS21>1,AS21,AT10/10) -> 0 | AU21: =IF(AT21>1,AT21,AU10/10) -> 0 | AV21: =IF(AU21>1,AU21,AV10/10) -> 0 | AW21: =IF(AV21>1,AV21,AW10/10) -> 0 | AX21: =IF(AW21>1,AW21,AX10/10) -> 0 | AY21: =IF(AX21>1,AX21,AY10/10) -> 0 | AZ21: =IF(AY21>1,AY21,AZ10/10) -> 0 | BA21: =IF(AZ21>1,AZ21,BA10/10) -> 0 | ... BC21: =IF(BB21>1,BB21,BC10/10) -> 0 | BF21: 14 | BG21: N/A | BH21: 270000 | BI21: 300000 | BJ21: 150000 | BK21: 270000 | BP21: S
C22: - ISAT | D22: =IF($P$16<100,36000000,IF($P$16>200,48000000,42000000)) -> 48000000 | E22: per Tahun | F22: =I8&E8&E7 -> #N/A | G22: - Sewa Lahan | H22: 180000000 | I22: per tahun | L22: Biaya Operasional | O22: : | P22: =-P96-P97-P98 -> -59000000 | AF22: 15 | AH22: 2022 | AM22: 0.7 | AQ22: 4 | AR22: HCPT | AS22: =IF(AS11>1,AS11/10,0) -> 0 | AT22: =IF(AS22>1,AS22,AT11/10) -> 0 | AU22: =IF(AT22>1,AT22,AU11/10) -> 0 | AV22: =IF(AU22>1,AU22,AV11/10) -> 0 | AW22: =IF(AV22>1,AV22,AW11/10) -> 0 | AX22: =IF(AW22>1,AW22,AX11/10) -> 0 | AY22: =IF(AX22>1,AX22,AY11/10) -> 0 | AZ22: =IF(AY22>1,AY22,AZ11/10) -> 0 | BA22: =IF(AZ22>1,AZ22,BA11/10) -> 0 | ... BC22: =IF(BB22>1,BB22,BC11/10) -> 0 | BF22: 15 | BG22: N/A | BH22: 270000 | BI22: 300000 | BJ22: 150000 | BK22: 270000 | BP22: S
C23: - XL | E23: per Tahun | G23: - Biaya Koordinasi | I23: per bangunan | L23: Pendapatan Bunga (Biaya Bunga) | O23: : | P23: =P106 -> -1.8550365e+09 | AF23: 16 | AH23: 2023 | AM23: 0.75 | AQ23: 5 | AR23: FM | AS23: =IF(AS12>1,AS12/10,0) -> 0 | AT23: =IF(AS23>1,AS23,AT12/10) -> 0 | AU23: =IF(AT23>1,AT23,AU12/10) -> 0 | AV23: =IF(AU23>1,AU23,AV12/10) -> 0 | AW23: =IF(AV23>1,AV23,AW12/10) -> 0 | AX23: =IF(AW23>1,AW23,AX12/10) -> 0 | AY23: =IF(AX23>1,AX23,AY12/10) -> 0 | AZ23: =IF(AY23>1,AY23,AZ12/10) -> 0 | BA23: =IF(AZ23>1,AZ23,BA12/10) -> 0 | ... BC23: =IF(BB23>1,BB23,BC12/10) -> 0 | BF23: 16 | BG23: N/A | BH23: 270000 | BI23: 300000 | BJ23: 150000 | BK23: 270000 | BP23: S
C24: - HCPT | E24: per Tahun | G24: - Biaya Agensi | I24: per bangunan | M24: Arus Kas Bersih (dalam 11 tahun) | P24: =SUM(P19:P23) -> -3516742329 | AF24: 17 | AH24: 2024 | AM24: 0.8 | AQ24: 6 | AR24: SMARTFREN | AS24: =IF(AS13>1,AS13/10,0) -> 0 | AT24: =IF(AS24>1,AS24,AT13/10) -> 0 | AU24: =IF(AT24>1,AT24,AU13/10) -> 0 | AV24: =IF(AU24>1,AU24,AV13/10) -> 0 | AW24: =IF(AV24>1,AV24,AW13/10) -> 0 | AX24: =IF(AW24>1,AW24,AX13/10) -> 0 | AY24: =IF(AX24>1,AX24,AY13/10) -> 0 | AZ24: =IF(AY24>1,AY24,AZ13/10) -> 0 | BA24: =IF(AZ24>1,AZ24,BA13/10) -> 0 | ... BC24: =IF(BB24>1,BB24,BC13/10) -> 0 | BF24: 17 | BG24: N/A | BH24: 270000 | BI24: 300000 | BJ24: 150000 | BK24: 270000 | BP24: S
C25: - FM | E25: per Tahun | AF25: 18 | AH25: 2025 | AM25: 0.85 | AQ25: 7 | AR25: AXIS | AS25: =IF(AS14>1,AS14/10,0) -> 0 | AT25: =IF(AS25>1,AS25,AT14/10) -> 0 | AU25: =IF(AT25>1,AT25,AU14/10) -> 0 | AV25: =IF(AU25>1,AU25,AV14/10) -> 0 | AW25: =IF(AV25>1,AV25,AW14/10) -> 0 | AX25: =IF(AW25>1,AW25,AX14/10) -> 0 | AY25: =IF(AX25>1,AX25,AY14/10) -> 0 | AZ25: =IF(AY25>1,AY25,AZ14/10) -> 0 | BA25: =IF(AZ25>1,AZ25,BA14/10) -> 0 | ... BC25: =IF(BB25>1,BB25,BC14/10) -> 0 | BF25: 18 | BG25: N/A | BH25: 270000 | BI25: 300000 | BJ25: 150000 | BK25: 270000 | BP25: S
C26: - SMARTFREN | E26: per Tahun | F26: 2 | G26: ASSET (non Op) | L26: NPV | O26: : | P26: =NPV(F14,E107:O107) -> -2.9768517e+09 | AF26: 19 | AM26: 0.9 | AQ26: 8 | AR26: FLEXI | AS26: =IF(AS15>1,AS15/10,0) -> 0 | AT26: =IF(AS26>1,AS26,AT15/10) -> 0 | AU26: =IF(AT26>1,AT26,AU15/10) -> 0 | AV26: =IF(AU26>1,AU26,AV15/10) -> 0 | AW26: =IF(AV26>1,AV26,AW15/10) -> 0 | AX26: =IF(AW26>1,AW26,AX15/10) -> 0 | AY26: =IF(AX26>1,AX26,AY15/10) -> 0 | AZ26: =IF(AY26>1,AY26,AZ15/10) -> 0 | BA26: =IF(AZ26>1,AZ26,BA15/10) -> 0 | ... BC26: =IF(BB26>1,BB26,BC15/10) -> 0 | BF26: 19 | BG26: N/A | BH26: 270000 | BI26: 300000 | BJ26: 150000 | BK26: 270000 | BP26: S
C27: - AXIS | E27: per Tahun | G27: - DAS (all in) | H27: =P16*P17 -> 2567000000 | I27: Sesuai BOQ | L27: IRR | O27: : | P27: =L33 -> #NUM! | AF27: 20 | AM27: 0.95 | AQ27: 9 | AR27: ESIA | AS27: =IF(AS16>1,AS16/10,0) -> 0 | AT27: =IF(AS27>1,AS27,AT16/10) -> 0 | AU27: =IF(AT27>1,AT27,AU16/10) -> 0 | AV27: =IF(AU27>1,AU27,AV16/10) -> 0 | AW27: =IF(AV27>1,AV27,AW16/10) -> 0 | AX27: =IF(AW27>1,AW27,AX16/10) -> 0 | AY27: =IF(AX27>1,AX27,AY16/10) -> 0 | AZ27: =IF(AY27>1,AY27,AZ16/10) -> 0 | BA27: =IF(AZ27>1,AZ27,BA16/10) -> 0 | ... BC27: =IF(BB27>1,BB27,BC16/10) -> 0 | BF27: 20 | BG27: N/A | BH27: 270000 | BI27: 300000 | BJ27: 150000 | BK27: 270000 | BP27: S
C28: - FLEXI | E28: per Tahun | K28: =MATCH(TRUE,E109:O109,0) -> #N/A | L28: Payback periode | O28: : | P28: =(K28-1+OFFSET(E107,0,K28)/OFFSET(E101,0,K28))*12 -> #N/A | Q28: Bulan atau | AF28: 21 | AM28: 1 | BF28: 21 | BG28: N/A | BH28: 270000 | BI28: 300000 | BJ28: 150000 | BK28: 270000 | BP28: S
C29: - ESIA | E29: per Tahun | P29: =P28/12 -> #N/A | Q29: Tahun | AF29: 22 | BF29: 22 | BG29: N/A | BH29: 270000 | BI29: 300000 | BJ29: 150000 | BK29: 270000 | BP29: S
F30: 3 | G30: BTS Operator | H30: Indoor | I30: Outdoor | AF30: 23 | BF30: 23 | BG30: N/A | BH30: 270000 | BI30: 300000 | BJ30: 150000 | BK30: 270000 | BP30: S
B31: 2 | C31: Pemeliharaan | G31: - TSEL | AF31: 24 | BF31: 24 | BG31: N/A | BH31: 270000 | BI31: 300000 | BJ31: 150000 | BK31: 270000 | BP31: S
C32: - Rutin | E32: per Tahun/Site | G32: - ISAT | AF32: 25 | BF32: 25 | BG32: N/A | BH32: 270000 | BI32: 300000 | BJ32: 150000 | BK32: 270000 | BP32: S
C33: - Perbaikan | D33: 7000000 | E33: per Tahun/Op | G33: - XL | I33: 150000000 | K33: =IF(L33<20%,"IRR 6th.","IRR 6th:") -> #NUM! | L33: =IRR(E107:J107,F15) -> #NUM! | O33: NFC 11th | P33: =SUM(E107:O107) -> -3.5167423e+09 | AF33: 26 | BF33: 26 | BG33: N/A | BH33: 270000 | BI33: 300000 | BJ33: 150000 | BK33: 270000 | BP33: S
C34: - WT by Vendor | D34: =Pemeliharaan!J20 -> 10000000 | E34: at First/Op | G34: - HCPT | AF34: 27 | BF34: 27 | BG34: N/A | BH34: 270000 | BI34: 300000 | BJ34: 150000 | BK34: 270000 | BP34: S
C35: - WT Inhouse | E35: per Tahun/All Op | G35: - FM | S35: 250000000 | AF35: 28 | BF35: 28 | BG35: N/A | BH35: 270000 | BI35: 300000 | BJ35: 150000 | BK35: 270000 | BP35: S
C36: - Lain-lain | D36: =SUM(D33:D35)*B36 -> 0 | G36: - SMARTFREN | K36: =IF(L36<20%,"IRR 11th.","IRR 11th:") -> #NUM! | L36: =IRR(E107:O107,F15) -> #NUM! | AF36: 29 | BF36: 29 | BG36: N/A | BH36: 270000 | BI36: 300000 | BJ36: 150000 | BK36: 270000 | BP36: S
G37: - AXIS | AF37: 30 | BF37: 30 | BG37: N/A | BH37: 270000 | BI37: 300000 | BJ37: 150000 | BK37: 270000 | BP37: S
G38: - FLEXI | AF38: 31 | BF38: 31 | BG38: N/A | BH38: 270000 | BI38: 300000 | BJ38: 150000 | BK38: 270000 | BP38: S
G39: - ESIA | BF39: 32 | BG39: N/A | BH39: 270000 | BI39: 300000 | BJ39: 150000 | BK39: 270000 | BP39: S
BF40: 33 | BG40: N/A | BH40: 270000 | BI40: 300000 | BJ40: 150000 | BK40: 270000 | BP40: S
B41: Parameter Harga Jual/antena/bulan | BF41: 34 | BG41: N/A | BH41: 270000 | BI41: 300000 | BJ41: 150000 | BK41: 270000 | BP41: S
C42: No | D42: Operator | E42: =H10 -> 2016 | F42: =E42+1 -> 2017 | G42: =F42+1 -> 2018 | H42: =G42+1 -> 2019 | I42: =H42+1 -> 2020 | J42: =I42+1 -> 2021 | K42: =J42+1 -> 2022 | L42: =K42+1 -> 2023 | M42: =L42+1 -> 2024 | ... O42: =N42+1 -> 2026 | BF42: 35 | BG42: N/A | BH42: 270000 | BI42: 300000 | BJ42: 150000 | BK42: 270000 | BP42: S
C43: 1 | D43: TSEL | BF43: 36 | BG43: N/A | BH43: 270000 | BI43: 300000 | BJ43: 150000 | BK43: 270000 | BP43: S
C44: 2 | D44: ISAT | BF44: 37 | BG44: N/A | BH44: 270000 | BI44: 300000 | BJ44: 150000 | BK44: 270000 | BP44: S
C45: 3 | D45: XL | I45: =150000000/P16/12 -> 41390.728 | J45: =I45 -> 41390.728 | K45: =J45 -> 41390.728 | L45: =K45 -> 41390.728 | M45: =L45 -> 41390.728 | N45: =M45 -> 41390.728 | O45: =N45 -> 41390.728 | BF45: 38 | BG45: N/A | BH45: 270000 | BI45: 300000 | BJ45: 150000 | BK45: 270000 | BP45: S
C46: 4 | D46: HCPT | BF46: 39 | BG46: N/A | BH46: 270000 | BI46: 300000 | BJ46: 150000 | BK46: 270000 | BP46: S
C47: Rev. | D47: Makro | BF47: 40 | BG47: 260000 | BH47: 216000 | BI47: 240000 | BJ47: 150000 | BK47: 216000 | BP47: S
C48: 1 | D48: TSEL | BF48: 41 | BG48: 260000 | BH48: 216000 | BI48: 240000 | BJ48: 150000 | BK48: 216000 | BP48: S
C49: 2 | D49: ISAT | BF49: 42 | BG49: 260000 | BH49: 216000 | BI49: 240000 | BJ49: 150000 | BK49: 216000 | BP49: S
C50: 3 | D50: XL | BF50: 43 | BG50: 260000 | BH50: 216000 | BI50: 240000 | BJ50: 150000 | BK50: 216000 | BP50: S
C51: 4 | D51: HCPT | BF51: 44 | BG51: 260000 | BH51: 216000 | BI51: 240000 | BJ51: 150000 | BK51: 216000 | BP51: S
BF52: 45 | BG52: 260000 | BH52: 216000 | BI52: 240000 | BJ52: 150000 | BK52: 216000 | BP52: S
B53: Operator Join | BF53: 46 | BG53: 260000 | BH53: 216000 | BI53: 240000 | BJ53: 150000 | BK53: 216000 | BP53: S
C54: No | D54: Operator | E54: =E42 -> 2016 | F54: =E54+1 -> 2017 | G54: =F54+1 -> 2018 | H54: =G54+1 -> 2019 | I54: =H54+1 -> 2020 | J54: =I54+1 -> 2021 | K54: =J54+1 -> 2022 | L54: =K54+1 -> 2023 | M54: =L54+1 -> 2024 | ... O54: =N54+1 -> 2026 | BF54: 47 | BG54: 260000 | BH54: 216000 | BI54: 240000 | BJ54: 150000 | BK54: 216000 | BP54: S
B55: =SUM(E55:O55) -> 0 | C55: 1 | D55: TSEL | P55: =IF(B55>1,"Salah","Benar") -> Benar | BF55: 48 | BG55: 260000 | BH55: 216000 | BI55: 240000 | BJ55: 150000 | BK55: 216000 | BP55: S
B56: =SUM(E56:O56) -> 0 | C56: 2 | D56: ISAT | P56: =IF(B56>1,"Salah","Benar") -> Benar | BF56: 49 | BG56: 260000 | BH56: 216000 | BI56: 240000 | BJ56: 150000 | BK56: 216000 | BP56: S
B57: =SUM(E57:O57) -> 1 | C57: 3 | D57: XL | H57: 1 | P57: =IF(B57>1,"Salah","Benar") -> Benar | BF57: 50 | BG57: 260000 | BH57: 216000 | BI57: 240000 | BJ57: 150000 | BK57: 216000 | BP57: S
B58: =SUM(E58:O58) -> 0 | C58: 4 | D58: HCPT | P58: =IF(B58>1,"Salah","Benar") -> Benar | BF58: 51 | BG58: 260000 | BH58: 216000 | BI58: 240000 | BJ58: 150000 | BK58: 216000 | BP58: S
B59: =SUM(E59:O59) -> 0 | C59: Rev. | D59: Makro | P59: =IF(B59>1,"Salah","Benar") -> Benar | BF59: 52 | BG59: 260000 | BH59: 216000 | BI59: 240000 | BJ59: 150000 | BK59: 216000 | BP59: S
B60: =SUM(E60:O60) -> 0 | C60: 1 | D60: TSEL | P60: =IF(B60>1,"Salah","Benar") -> Benar | BF60: 53 | BG60: 260000 | BH60: 216000 | BI60: 240000 | BJ60: 150000 | BK60: 216000 | BP60: S
B61: =SUM(E61:O61) -> 0 | C61: 2 | D61: ISAT | P61: =IF(B61>1,"Salah","Benar") -> Benar | BF61: 54 | BG61: 260000 | BH61: 216000 | BI61: 240000 | BJ61: 150000 | BK61: 216000 | BP61: S
B62: =SUM(E62:O62) -> 0 | C62: 3 | D62: XL | P62: =IF(B62>1,"Salah","Benar") -> Benar | BF62: 55 | BG62: 260000 | BH62: 216000 | BI62: 240000 | BJ62: 150000 | BK62: 216000 | BP62: S
B63: =SUM(E63:O63) -> 0 | C63: 4 | D63: HCPT | P63: =IF(B63>1,"Salah","Benar") -> Benar | BF63: 56 | BG63: 260000 | BH63: 216000 | BI63: 240000 | BJ63: 150000 | BK63: 216000 | BP63: S
E64: =SUM(E55:E63) -> 0 | F64: =E64+SUM(F55:F63) -> 0 | G64: =F64+SUM(G55:G63) -> 0 | H64: =G64+SUM(H55:H63) -> 1 | I64: =H64+SUM(I55:I63) -> 1 | J64: =I64+SUM(J55:J63) -> 1 | K64: =J64+SUM(K55:K63) -> 1 | L64: =K64+SUM(L55:L63) -> 1 | M64: =L64+SUM(M55:M63) -> 1 | ... O64: =N64+SUM(O55:O63) -> 1 | BF64: 57 | BG64: 260000 | BH64: 216000 | BI64: 240000 | BJ64: 150000 | BK64: 216000 | BP64: S
B65: Kas masuk dari operator | BF65: 58 | BG65: 260000 | BH65: 216000 | BI65: 240000 | BJ65: 150000 | BK65: 216000 | BP65: S
C66: No | D66: Operator | E66: =E54 -> 2016 | F66: =E66+1 -> 2017 | G66: =F66+1 -> 2018 | H66: =G66+1 -> 2019 | I66: =H66+1 -> 2020 | J66: =I66+1 -> 2021 | K66: =J66+1 -> 2022 | L66: =K66+1 -> 2023 | M66: =L66+1 -> 2024 | ... O66: =N66+1 -> 2026 | P66: TOTAL | BF66: 59 | BG66: 260000 | BH66: 216000 | BI66: 240000 | BJ66: 150000 | BK66: 216000 | BP66: S
C67: 1 | D67: TSEL | F67: =AS19 -> 0 | G67: =AT19 -> 0 | H67: =AU19 -> 0 | I67: =AV19 -> 0 | J67: =AW19 -> 0 | K67: =J67*0.85 -> 0 | L67: =K67 -> 0 | M67: =L67 -> 0 | N67: =L67 -> 0 | O67: =L67 -> 0 | P67: =SUM(E67:O67) -> 0 | BF67: 60 | BG67: 260000 | BH67: 216000 | BI67: 240000 | BJ67: 150000 | BK67: 216000 | BP67: S
C68: 2 | D68: ISAT | F68: =AS20 -> 0 | G68: =AT20 -> 0 | H68: =AU20 -> 0 | I68: =AV20 -> 0 | J68: =AW20 -> 0 | K68: =AX20 -> 0 | L68: =K68*0.85 -> 0 | M68: =L68 -> 0 | N68: =L68 -> 0 | O68: =L68 -> 0 | P68: =SUM(E68:O68) -> 0 | BF68: 61 | BG68: 210000 | BH68: 216000 | BI68: 240000 | BJ68: 150000 | BK68: 216000 | BP68: S
C69: 3 | D69: XL | F69: =AS21 -> 0 | G69: =AT21 -> 0 | H69: =AU21 -> 0 | I69: 150000000 | J69: =I69 -> 150000000 | K69: =J69 -> 150000000 | L69: =K69 -> 150000000 | M69: =L69 -> 150000000 | N69: =M69 -> 150000000 | O69: =N69 -> 150000000 | P69: =SUM(E69:O69) -> 1050000000 | BF69: 62 | BG69: 210000 | BH69: 216000 | BI69: 240000 | BJ69: 150000 | BK69: 216000 | BP69: S
C70: 4 | D70: HCPT | F70: =AS22 -> 0 | G70: =AT22 -> 0 | H70: =AU22 -> 0 | I70: =AV22 -> 0 | J70: =AW22 -> 0 | K70: =AX22 -> 0 | L70: =K70*0.85 -> 0 | M70: =L70 -> 0 | N70: =M70 -> 0 | O70: =N70 -> 0 | P70: =SUM(E70:O70) -> 0 | BF70: 63 | BG70: 210000 | BH70: 216000 | BI70: 240000 | BJ70: 150000 | BK70: 216000 | BP70: S
C71: Rev. | D71: Makro | F71: =AS23 -> 0 | G71: =AT23 -> 0 | H71: =AU23 -> 0 | I71: =AV23 -> 0 | J71: =AW23 -> 0 | K71: =AX23 -> 0 | L71: =AY23 -> 0 | M71: =AZ23 -> 0 | N71: =BA23 -> 0 | O71: =N71-(N71*15%) -> 0 | P71: =SUM(E71:O71) -> 0 | BF71: 64 | BG71: 210000 | BH71: 216000 | BI71: 240000 | BJ71: 150000 | BK71: 216000 | BP71: S
C72: 1 | D72: TSEL | F72: =AS24 -> 0 | G72: =AT24 -> 0 | H72: =AU24 -> 0 | I72: =AV24 -> 0 | J72: =AW24 -> 0 | K72: =AX24 -> 0 | L72: =AY24 -> 0 | M72: =AZ24 -> 0 | ... O72: =BB24 -> 0 | P72: =SUM(E72:O72) -> 0 | BF72: 65 | BG72: 210000 | BH72: 216000 | BI72: 240000 | BJ72: 150000 | BK72: 216000 | BP72: S
C73: 2 | D73: ISAT | F73: =AS25 -> 0 | G73: =AT25 -> 0 | H73: =AU25 -> 0 | I73: =AV25 -> 0 | J73: =AW25 -> 0 | K73: =AX25 -> 0 | L73: =AY25 -> 0 | M73: =AZ25 -> 0 | P73: =SUM(E73:O73) -> 0 | BF73: 66 | BG73: 210000 | BH73: 216000 | BI73: 240000 | BJ73: 150000 | BK73: 216000 | BP73: S
C74: 3 | D74: XL | F74: =AS26 -> 0 | G74: =AT26 -> 0 | H74: =AU26 -> 0 | I74: =AV26 -> 0 | J74: =AW26 -> 0 | P74: =SUM(E74:O74) -> 0 | BF74: 67 | BG74: 210000 | BH74: 216000 | BI74: 240000 | BJ74: 150000 | BK74: 216000 | BP74: S
C75: 4 | D75: HCPT | F75: =AS27 -> 0 | G75: =AT27 -> 0 | H75: =AU27 -> 0 | I75: =AV27 -> 0 | J75: =AW27 -> 0 | K75: =AX27 -> 0 | L75: =AY27 -> 0 | M75: =AZ27 -> 0 | ... O75: =BB27 -> 0 | P75: =SUM(E75:O75) -> 0 | BF75: 68 | BG75: 210000 | BH75: 216000 | BI75: 240000 | BJ75: 150000 | BK75: 216000 | BP75: S
P76: =SUM(P67:P75) -> 1050000000 | BF76: 69 | BG76: 210000 | BH76: 216000 | BI76: 240000 | BJ76: 150000 | BK76: 216000 | BP76: S
BF77: 70 | BG77: 210000 | BH77: 180000 | BI77: 200000 | BJ77: 150000 | BK77: 180000 | BP77: S
B78: Asumsi pembayaran | BF78: 71 | BG78: 210000 | BH78: 180000 | BI78: 200000 | BJ78: 150000 | BK78: 180000 | BP78: S
C79: No | D79: Keterangan | E79: =E66 -> 2016 | F79: =E79+1 -> 2017 | G79: =F79+1 -> 2018 | H79: =G79+1 -> 2019 | I79: =H79+1 -> 2020 | J79: =I79+1 -> 2021 | K79: =J79+1 -> 2022 | L79: =K79+1 -> 2023 | M79: =L79+1 -> 2024 | ... O79: =N79+1 -> 2026 | BF79: 72 | BG79: 210000 | BH79: 180000 | BI79: 200000 | BJ79: 150000 | BK79: 180000 | BP79: S
B80: =SUM(E80:O80) -> 1 | C80: 1 | D80: SEWA | E80: 0.5 | F80: 0.5 | P80: =IF(B80=1,0,"Salah") -> 0 | BF80: 73 | BG80: 210000 | BH80: 180000 | BI80: 200000 | BJ80: 150000 | BK80: 180000 | BP80: S
B81: =SUM(E81:O81) -> 1 | C81: 2 | D81: Koordinasi | E81: 1 | P81: =IF(B81=1,0,"Salah") -> 0 | BF81: 74 | BG81: 210000 | BH81: 180000 | BI81: 200000 | BJ81: 150000 | BK81: 180000 | BP81: S
B82: =SUM(E82:O82) -> 1 | C82: 3 | D82: Agensi | E82: 1 | P82: =IF(B82=1,0,"Salah") -> 0 | BF82: 75 | BG82: 210000 | BH82: 180000 | BI82: 200000 | BJ82: 150000 | BK82: 180000 | BP82: S
B83: =SUM(E83:O83) -> 1.2 | C83: 4 | D83: DAS | E83: 0.8 | F83: 0.2 | J83: 0.2 | P83: =IF(B83=1,0,"Salah") -> Salah | BF83: 76 | BG83: 210000 | BH83: 180000 | BI83: 200000 | BJ83: 150000 | BK83: 180000 | BP83: S
B84: =SUM(E84:O84) -> 10 | C84: 5 | D84: BTS | F84: 1 | G84: 1 | H84: 1 | I84: 1 | J84: 1 | K84: 1 | L84: 1 | M84: 1 | N84: 1 | O84: 1 | P84: =IF(B84=10,0,"Salah") -> 0 | BF84: 77 | BG84: 210000 | BH84: 180000 | BI84: 200000 | BJ84: 150000 | BK84: 180000 | BP84: S
B85: =SUM(E85:O85) -> 10 | C85: 6 | D85: Listrik | F85: 1 | G85: 1 | H85: 1 | I85: 1 | J85: 1 | K85: 1 | L85: 1 | M85: 1 | N85: 1 | O85: 1 | P85: =IF(B85=10,0,"Salah") -> 0 | BF85: 78 | BG85: 210000 | BH85: 180000 | BI85: 200000 | BJ85: 150000 | BK85: 180000 | BP85: S
B86: =SUM(E86:O86) -> 10 | C86: 7 | D86: Pemeliharaan | F86: 1 | G86: 1 | H86: 1 | I86: 1 | J86: 1 | K86: 1 | L86: 1 | M86: 1 | N86: 1 | O86: 1 | P86: =IF(B86=10,0,"Salah") -> 0 | BF86: 79 | BG86: 210000 | BH86: 180000 | BI86: 200000 | BJ86: 150000 | BK86: 180000 | BP86: S
B87: =SUM(E87:O87) -> 10 | C87: 8 | D87: Lain-lain Opex | F87: 1 | G87: 1 | H87: 1 | I87: 1 | J87: 1 | K87: 1 | L87: 1 | M87: 1 | N87: 1 | O87: 1 | P87: =IF(B87=10,0,"Salah") -> 0 | BF87: 80 | BG87: 210000 | BH87: 180000 | BI87: 200000 | BJ87: 150000 | BK87: 180000 | BP87: S
BF88: 81 | BG88: 180000 | BH88: 180000 | BI88: 200000 | BJ88: 150000 | BK88: 180000 | BP88: S
B89: Kas keluar | BF89: 82 | BG89: 180000 | BH89: 180000 | BI89: 200000 | BJ89: 150000 | BK89: 180000 | BP89: S
C90: No | D90: Operator | E90: =E79 -> 2016 | F90: =E90+1 -> 2017 | G90: =F90+1 -> 2018 | H90: =G90+1 -> 2019 | I90: =H90+1 -> 2020 | J90: =I90+1 -> 2021 | K90: =J90+1 -> 2022 | L90: =K90+1 -> 2023 | M90: =L90+1 -> 2024 | ... O90: =N90+1 -> 2026 | P90: TOTAL | BF90: 83 | BG90: 180000 | BH90: 180000 | BI90: 200000 | BJ90: 150000 | BK90: 180000 | BP90: S
C91: 1 | D91: SEWA | E91: 180000000 | G91: =G80*$H$22*$L$8 -> 0 | H91: 720000000 | I91: =I80*$H$22*$L$8 -> 0 | J91: =J80*$H$22*$L$8 -> 0 | K91: =K80*$H$22*$L$8 -> 0 | L91: =L80*$H$22*$L$8 -> 0 | M91: =M80*$H$22*$L$8 -> 0 | N91: =N80*$H$22*$L$8 -> 0 | O91: =O80*$H$22*$L$8 -> 0 | P91: =SUM(E91:O91) -> 900000000 | BF91: 84 | BG91: 180000 | BH91: 180000 | BI91: 200000 | BJ91: 150000 | BK91: 180000 | BP91: S
C92: 2 | D92: Koordinasi | F92: =F81*$H$23 -> 0 | G92: =G81*$H$23 -> 0 | H92: =H81*$H$23 -> 0 | I92: =I81*$H$23 -> 0 | J92: =J81*$H$23 -> 0 | K92: =K81*$H$23 -> 0 | L92: =L81*$H$23 -> 0 | M92: =M81*$H$23 -> 0 | ... O92: =O81*$H$23 -> 0 | P92: =SUM(E92:O92) -> 0 | BF92: 85 | BG92: 180000 | BH92: 180000 | BI92: 200000 | BJ92: 150000 | BK92: 180000 | BP92: S
C93: 3 | D93: Agensi | E93: =E82*$H$24 -> 0 | F93: =F82*$H$24 -> 0 | G93: =G82*$H$24 -> 0 | H93: =H82*$H$24 -> 0 | I93: =I82*$H$24 -> 0 | J93: =J82*$H$24 -> 0 | K93: =K82*$H$24 -> 0 | L93: =L82*$H$24 -> 0 | ... O93: =O82*$H$24 -> 0 | P93: =SUM(E93:O93) -> 0 | BF93: 86 | BG93: 180000 | BH93: 180000 | BI93: 200000 | BJ93: 150000 | BK93: 180000 | BP93: S
C94: 4 | D94: DAS | E94: 322771910 | F94: 1277226963 | H94: 2707000 | I94: =I83*$H$27 -> 0 | M94: =M83*$H$27 -> 0 | O94: =O83*$H$27 -> 0 | P94: =SUM(E94:O94) -> 1602705873 | BF94: 87 | BG94: 180000 | BH94: 180000 | BI94: 200000 | BJ94: 150000 | BK94: 180000 | BP94: S
C95: 5 | D95: BTS | F95: =(F84*(E55*($H$31+$I$31)))+(F84*(E56*($H$32+$I$32)))+(F84*(E57*($H$33+$I$33)))+(F84*(E58*($H$34+$I$34)))+(F84*(E59*($H$35+$I$35)))+(F84*(E60*($H$36+$I$36)))+(F84*(E61*($H$37+$I$37)))+(F84*(E62*($H$38+$I$38)))+(F84*(E63*($H$39+$I$39))) -> 0 | G95: =(G84*(F55*($H$31+$I$31)))+(G84*(F56*($H$32+$I$32)))+(G84*(F57*($H$33+$I$33)))+(G84*(F58*($H$34+$I$34)))+(G84*(F59*($H$35+$I$35)))+(G84*(F60*($H$36+$I$36)))+(G84*(F61*($H$37+$I$37)))+(G84*(F62*($H$38+$I$38)))+(G84*(F63*($H$39+$I$39))) -> 0 | H95: =(H84*(G55*($H$31+$I$31)))+(H84*(G56*($H$32+$I$32)))+(H84*(G57*($H$33+$I$33)))+(H84*(G58*($H$34+$I$34)))+(H84*(G59*($H$35+$I$35)))+(H84*(G60*($H$36+$I$36)))+(H84*(G61*($H$37+$I$37)))+(H84*(G62*($H$38+$I$38)))+(H84*(G63*($H$39+$I$39))) -> 0 | I95: =(I84*(H55*($H$31+$I$31)))+(I84*(H56*($H$32+$I$32)))+(I84*(H57*($H$33+$I$33)))+(I84*(H58*($H$34+$I$34)))+(I84*(H59*($H$35+$I$35)))+(I84*(H60*($H$36+$I$36)))+(I84*(H61*($H$37+$I$37)))+(I84*(H62*($H$38+$I$38)))+(I84*(H63*($H$39+$I$39))) -> 150000000 | J95: =(J84*(I55*($H$31+$I$31)))+(J84*(I56*($H$32+$I$32)))+(J84*(I57*($H$33+$I$33)))+(J84*(I58*($H$34+$I$34)))+(J84*(I59*($H$35+$I$35)))+(J84*(I60*($H$36+$I$36)))+(J84*(I61*($H$37+$I$37)))+(J84*(I62*($H$38+$I$38)))+(J84*(I63*($H$39+$I$39))) -> 0 | K95: =(K84*(J55*($H$31+$I$31)))+(K84*(J56*($H$32+$I$32)))+(K84*(J57*($H$33+$I$33)))+(K84*(J58*($H$34+$I$34)))+(K84*(J59*($H$35+$I$35)))+(K84*(J60*($H$36+$I$36)))+(K84*(J61*($H$37+$I$37)))+(K84*(J62*($H$38+$I$38)))+(K84*(J63*($H$39+$I$39))) -> 0 | L95: =(L84*(K55*($H$31+$I$31)))+(L84*(K56*($H$32+$I$32)))+(L84*(K57*($H$33+$I$33)))+(L84*(K58*($H$34+$I$34)))+(L84*(K59*($H$35+$I$35)))+(L84*(K60*($H$36+$I$36)))+(L84*(K61*($H$37+$I$37)))+(L84*(K62*($H$38+$I$38)))+(L84*(K63*($H$39+$I$39))) -> 0 | M95: =(M84*(L55*($H$31+$I$31)))+(M84*(L56*($H$32+$I$32)))+(M84*(L57*($H$33+$I$33)))+(M84*(L58*($H$34+$I$34)))+(M84*(L59*($H$35+$I$35)))+(M84*(L60*($H$36+$I$36)))+(M84*(L61*($H$37+$I$37)))+(M84*(L62*($H$38+$I$38)))+(M84*(L63*($H$39+$I$39))) -> 0 | ... O95: =(O84*(N55*($H$31+$I$31)))+(O84*(N56*($H$32+$I$32)))+(O84*(N57*($H$33+$I$33)))+(O84*(N58*($H$34+$I$34)))+(O84*(N59*($H$35+$I$35)))+(O84*(N60*($H$36+$I$36)))+(O84*(N61*($H$37+$I$37)))+(O84*(N62*($H$38+$I$38)))+(O84*(N63*($H$39+$I$39))) -> 0 | P95: =SUM(E95:O95) -> 150000000 | BF95: 88 | BG95: 180000 | BH95: 180000 | BI95: 200000 | BJ95: 150000 | BK95: 180000 | BP95: S
C96: 6 | D96: Listrik | F96: =(F85*E$55*$D$21)+(F85*E$56*$D$22)+(F85*E$57*$D$23)+(F85*E$58*$D$24)+(F85*E$59*$D$25)+(F85*E$60*$D$26)+(F85*E$61*$D$27)+(F85*E$62*$D$28)+(F85*E$63*$D$29)+E96 -> 0 | G96: =(G85*F$55*$D$21)+(G85*F$56*$D$22)+(G85*F$57*$D$23)+(G85*F$58*$D$24)+(G85*F$59*$D$25)+(G85*F$60*$D$26)+(G85*F$61*$D$27)+(G85*F$62*$D$28)+(G85*F$63*$D$29)+F96 -> 0 | H96: =(H85*G$55*$D$21)+(H85*G$56*$D$22)+(H85*G$57*$D$23)+(H85*G$58*$D$24)+(H85*G$59*$D$25)+(H85*G$60*$D$26)+(H85*G$61*$D$27)+(H85*G$62*$D$28)+(H85*G$63*$D$29)+G96 -> 0 | I96: =(I85*H$55*$D$21)+(I85*H$56*$D$22)+(I85*H$57*$D$23)+(I85*H$58*$D$24)+(I85*H$59*$D$25)+(I85*H$60*$D$26)+(I85*H$61*$D$27)+(I85*H$62*$D$28)+(I85*H$63*$D$29)+H96 -> 0 | J96: =(J85*I$55*$D$21)+(J85*I$56*$D$22)+(J85*I$57*$D$23)+(J85*I$58*$D$24)+(J85*I$59*$D$25)+(J85*I$60*$D$26)+(J85*I$61*$D$27)+(J85*I$62*$D$28)+(J85*I$63*$D$29)+I96 -> 0 | K96: =(K85*J$55*$D$21)+(K85*J$56*$D$22)+(K85*J$57*$D$23)+(K85*J$58*$D$24)+(K85*J$59*$D$25)+(K85*J$60*$D$26)+(K85*J$61*$D$27)+(K85*J$62*$D$28)+(K85*J$63*$D$29)+J96 -> 0 | L96: =(L85*K$55*$D$21)+(L85*K$56*$D$22)+(L85*K$57*$D$23)+(L85*K$58*$D$24)+(L85*K$59*$D$25)+(L85*K$60*$D$26)+(L85*K$61*$D$27)+(L85*K$62*$D$28)+(L85*K$63*$D$29)+K96 -> 0 | M96: =(M85*L$55*$D$21)+(M85*L$56*$D$22)+(M85*L$57*$D$23)+(M85*L$58*$D$24)+(M85*L$59*$D$25)+(M85*L$60*$D$26)+(M85*L$61*$D$27)+(M85*L$62*$D$28)+(M85*L$63*$D$29)+L96 -> 0 | ... O96: =(O85*N$55*$D$21)+(O85*N$56*$D$22)+(O85*N$57*$D$23)+(O85*N$58*$D$24)+(O85*N$59*$D$25)+(O85*N$60*$D$26)+(O85*N$61*$D$27)+(O85*N$62*$D$28)+(O85*N$63*$D$29)+N96 -> 0 | P96: =SUM(E96:O96) -> 0 | BF96: 89 | BG96: 180000 | BH96: 180000 | BI96: 200000 | BJ96: 150000 | BK96: 180000 | BP96: S
C97: 7 | D97: Pemeliharaan | F97: =($D$32*E64)+($D$33*E64)+($D$34*SUM(E55:E63))+($D$35*3/4) -> 0 | G97: =($D$32*F64)+($D$33*F64)+($D$34*SUM(F55:F63))+($D$35*4/4) -> 0 | H97: =($D$32*G64)+($D$33*G64)+($D$34*SUM(G55:G63))+($D$35*4/4) -> 0 | I97: =($D$32*H64)+($D$33*H64)+($D$34*SUM(H55:H63))+($D$35*4/4) -> 17000000 | J97: =($D$32*I64)+($D$33*I64)+($D$34*SUM(I55:I63))+($D$35*4/4) -> 7000000 | K97: =($D$32*J64)+($D$33*J64)+($D$34*SUM(J55:J63))+($D$35*4/4) -> 7000000 | L97: =($D$32*K64)+($D$33*K64)+($D$34*SUM(K55:K63))+($D$35*4/4) -> 7000000 | M97: =($D$32*L64)+($D$33*L64)+($D$34*SUM(L55:L63))+($D$35*4/4) -> 7000000 | N97: =($D$32*M64)+($D$33*M64)+($D$34*SUM(M55:M63))+($D$35*4/4) -> 7000000 | O97: =($D$32*N64)+($D$33*N64)+($D$34*SUM(N55:N63))+($D$35*4/4) -> 7000000 | P97: =SUM(E97:O97) -> 59000000 | BF97: 90 | BG97: 180000 | BH97: 180000 | BI97: 200000 | BJ97: 150000 | BK97: 180000 | BP97: S
C98: 8 | D98: Lain-lain Opex | F98: =F87*$D$36 -> 0 | G98: =G87*$D$36 -> 0 | H98: =H87*$D$36 -> 0 | I98: =I87*$D$36 -> 0 | J98: =J87*$D$36 -> 0 | K98: =K87*$D$36 -> 0 | L98: =L87*$D$36 -> 0 | M98: =M87*$D$36 -> 0 | ... O98: =O87*$D$36 -> 0 | P98: =SUM(E98:O98) -> 0 | BF98: 91 | BG98: 180000 | BH98: 180000 | BI98: 200000 | BJ98: 150000 | BK98: 180000 | BP98: S
P99: =SUM(P91:P98) -> 2711705873 | BF99: 92 | BG99: 180000 | BH99: 180000 | BI99: 200000 | BJ99: 150000 | BK99: 180000 | BP99: S
BF100: 93 | BG100: 180000 | BH100: 180000 | BI100: 200000 | BJ100: 150000 | BK100: 180000 | BP100: S
B101: Kas Bersih | E101: =E107 -> -5.4676445e+08 | F101: =F107+E101 -> -1.9797413e+09 | G101: =G107+F101 -> -2.1354912e+09 | H101: =H107+G101 -> -3.077185e+09 | I101: =I107+H101 -> -3.3146592e+09 | J101: =J107+I101 -> -3.379621e+09 | K101: =K107+J101 -> -3.4320703e+09 | L101: =L107+K101 -> -3.472007e+09 | M101: =M107+L101 -> -3.4994313e+09 | ... O101: =O107+N101 -> -3.5167423e+09 | BF101: 94 | BG101: 180000 | BH101: 180000 | BI101: 200000 | BJ101: 150000 | BK101: 180000 | BP101: S
C102: No | D102: Operator | E102: =E90 -> 2016 | F102: =E102+1 -> 2017 | G102: =F102+1 -> 2018 | H102: =G102+1 -> 2019 | I102: =H102+1 -> 2020 | J102: =I102+1 -> 2021 | K102: =J102+1 -> 2022 | L102: =K102+1 -> 2023 | M102: =L102+1 -> 2024 | ... O102: =N102+1 -> 2026 | P102: TOTAL | BF102: 95 | BG102: 180000 | BH102: 180000 | BI102: 200000 | BJ102: 150000 | BK102: 180000 | BP102: S
C103: 1 | D103: Kas Masuk | E103: =SUM(E67:E75) -> 0 | F103: =SUM(F67:F75) -> 0 | G103: =SUM(G67:G75) -> 0 | H103: =SUM(H67:H75) -> 0 | I103: =SUM(I67:I75) -> 150000000 | J103: =SUM(J67:J75) -> 150000000 | K103: =SUM(K67:K75) -> 150000000 | L103: =SUM(L67:L75) -> 150000000 | ... O103: =SUM(O67:O75) -> 150000000 | P103: =SUM(E103:O103) -> 1050000000 | BF103: 96 | BG103: 180000 | BH103: 180000 | BI103: 200000 | BJ103: 150000 | BK103: 180000 | BP103: S
...

Sheet IRR CutLoss-5th
G1: FOR TRIAL ONLY
B2: INTERNAL RATE OF RETURN (IRR) | P2: No IRR :
B5: Nama Bangunan | E5: : | F5: Ibis Gading Serpong | N5: Jumlah Lantai :
B6: Alamat | E6: : | BB6: TSEL | BC6: ISAT | BD6: XL | BE6: HCPT | BF6: FM | BG6: SMARTFREN | BH6: AXIS | BI6: FLEXI | BJ6: ESIA
B7: Lokasi Bangunan | E7: : | AC7: Lokasi Bangunan | AD7: Type Bangunan | AE7: Status | AF7: Tanggal | AG7: Bulan | AH7: Tahun | AI7: Status IRR | AJ7: Operator Join | AK7: Masa Sewa | AL7: persentase | AM7: persentase pembayran | AQ7: No | AR7: Operator | AS7: =I10 -> 0 | AT7: =AS7+1 -> 1 | AU7: =AT7+1 -> 2 | AV7: =AU7+1 -> 3 | AW7: =AV7+1 -> 4 | AX7: =AW7+1 -> 5
B8: Type Bangunan | E8: : | J8: =VLOOKUP(Q16,BA8:BK758,11,FALSE) -> S | K8: Masa Sewa : | M8: 5 | N8: Tahun | AC8: Jabodetabek | AD8: Mall | AE8: Bangunan Baru | AF8: 1 | AG8: Januari | AH8: 2008 | AI8: Baru | AQ8: 1 | AR8: TSEL | AS8: =E21*$Q$16*E33*60 -> 0 | AT8: =F21*$Q$16*F33*60 -> 0 | AU8: =G21*$Q$16*G33*60 -> 0 | AV8: =H21*$Q$16*H33*60 -> 0 | AW8: =I21*$Q$16*I33*60 -> 0 | AX8: =J21*$Q$16*J33*60 -> 0 | BA8: 1 | BB8: N/A | BC8: 270000 | BD8: 300000 | BE8: 150000 | BF8: 270000 | BK8: S
B9: Status | E9: : | AC9: Jawa Tengah | AD9: Superblok | AE9: Bangunan Lama | AF9: 2 | AG9: Februari | AH9: 2009 | AI9: Revisi I | AJ9: 1 | AK9: 1 | AL9: 0.05 | AM9: 0.05 | AQ9: 2 | AR9: ISAT | AS9: =E22*$Q$16*E34*60 -> 0 | AT9: =F22*$Q$16*F34*60 -> 0 | AU9: =G22*$Q$16*G34*60 -> 0 | AV9: =H22*$Q$16*H34*60 -> 0 | AW9: =I22*$Q$16*I34*60 -> 0 | AX9: =J22*$Q$16*J34*60 -> 0 | BA9: 2 | BB9: N/A | BC9: 270000 | BD9: 300000 | BE9: 150000 | BF9: 270000 | BK9: S
B10: Tanggal | E10: : | AC10: Jawa Timur | AD10: Rumah Sakit | AF10: 3 | AG10: Maret | AH10: 2010 | AI10: Revisi II | AK10: 3 | AL10: 0.1 | AM10: 0.1 | AQ10: 3 | AR10: XL | AS10: =E23*$Q$16*E35*60 -> 4.2857143e+08 | AT10: =F23*$Q$16*F35*60 -> 0 | AU10: =G23*$Q$16*G35*60 -> 0 | AV10: =H23*$Q$16*H35*60 -> 0 | AW10: =I23*$Q$16*I35*60 -> 0 | AX10: =J23*$Q$16*J35*60 -> 0 | BA10: 3 | BB10: N/A | BC10: 270000 | BD10: 300000 | BE10: 150000 | BF10: 270000 | BK10: S
B11: Status IRR | E11: : | AC11: Jawa Barat | AD11: Rusunami | AF11: 4 | AG11: April | AH11: 2011 | AI11: Revisi III | AK11: 5 | AM11: 0.15 | AQ11: 4 | AR11: HCPT | AS11: =E24*$Q$16*E36*60 -> 0 | AT11: =F24*$Q$16*F36*60 -> 0 | AU11: =G24*$Q$16*G36*60 -> 0 | AV11: =H24*$Q$16*H36*60 -> 0 | AW11: =I24*$Q$16*I36*60 -> 0 | AX11: =J24*$Q$16*J36*60 -> 0 | BA11: 4 | BB11: N/A | BC11: 270000 | BD11: 300000 | BE11: 150000 | BF11: 270000 | BK11: S
L12: SUMMARY | AC12: Kalimantan | AD12: Office | AF12: 5 | AG12: Mei | AH12: 2012 | AK12: 10 | AM12: 0.2 | AQ12: 5 | AR12: FM | AS12: =E25*$Q$16*E37*60 -> 0 | AT12: =F25*$Q$16*F37*60 -> 0 | AU12: =G25*$Q$16*G37*60 -> 0 | AV12: =H25*$Q$16*H37*60 -> 0 | AW12: =I25*$Q$16*I37*60 -> 0 | AX12: =J25*$Q$16*J37*60 -> 0 | BA12: 5 | BB12: N/A | BC12: 270000 | BD12: 300000 | BE12: 150000 | BF12: 270000 | BK12: S
B13: Parameter umum | AC13: Sumatra | AD13: Universitas | AF13: 6 | AG13: Juni | AH13: 2013 | AM13: 0.25 | AQ13: 6 | AR13: SMARTFREN | AS13: =E26*$Q$16*E38*60 -> 0 | AT13: =F26*$Q$16*F38*60 -> 0 | AU13: =G26*$Q$16*G38*60 -> 0 | AV13: =H26*$Q$16*H38*60 -> 0 | AW13: =I26*$Q$16*I38*60 -> 0 | AX13: =J26*$Q$16*J38*60 -> 0 | BA13: 6 | BB13: N/A | BC13: 270000 | BD13: 300000 | BE13: 150000 | BF13: 270000 | BK13: S
B14: Tingkat bunga Deposito | E14: : | F14: 0.06 | G14: /tahun | AC14: Sulawesi | AD14: Hotel | AF14: 7 | AG14: Juli | AH14: 2014 | AM14: 0.3 | AQ14: 7 | AR14: AXIS | AS14: =E27*$Q$16*E39*60 -> 0 | AT14: =F27*$Q$16*F39*60 -> 0 | AU14: =G27*$Q$16*G39*60 -> 0 | AV14: =H27*$Q$16*H39*60 -> 0 | AW14: =I27*$Q$16*I39*60 -> 0 | AX14: =J27*$Q$16*J39*60 -> 0 | BA14: 7 | BB14: N/A | BC14: 270000 | BD14: 300000 | BE14: 150000 | BF14: 270000 | BK14: S
B15: Discount Rate | E15: : | F15: 0.15 | M15: Perkiraan Umum | AC15: Bali/Lombok | AD15: Traditional Market | AF15: 8 | AG15: Agustus | AH15: 2015 | AM15: 0.35 | AQ15: 8 | AR15: FLEXI | AS15: =E28*$Q$16*E40*60 -> 0 | AT15: =F28*$Q$16*F40*60 -> 0 | AU15: =G28*$Q$16*G40*60 -> 0 | AV15: =H28*$Q$16*H40*60 -> 0 | AW15: =I28*$Q$16*I40*60 -> 0 | AX15: =J28*$Q$16*J40*60 -> 0 | BA15: 8 | BB15: N/A | BC15: 270000 | BD15: 300000 | BE15: 150000 | BF15: 270000 | BK15: S
B16: Tingkat bunga Pinjaman | E16: : | F16: 0.125 | G16: /tahun | M16: Jumlah Antena | P16: : | Q16: 60 | R16: Unit | AC16: Ind Bg Tim | AD16: Apartement | AF16: 9 | AG16: September | AH16: 2016 | AM16: 0.4 | AQ16: 9 | AR16: ESIA | AS16: =E29*$Q$16*E41*60 -> 0 | AT16: =F29*$Q$16*F41*60 -> 0 | AU16: =G29*$Q$16*G41*60 -> 0 | AV16: =H29*$Q$16*H41*60 -> 0 | AW16: =I29*$Q$16*I41*60 -> 0 | AX16: =J29*$Q$16*J41*60 -> 0 | BA16: 9 | BB16: N/A | BC16: 270000 | BD16: 300000 | BE16: 150000 | BF16: 270000 | BK16: S
B17: Kurs | E17: : | F17: 15000 | G17: / USD 1 | M17: Nilai DAS per Antenna | P17: : | Q17: =S40/Q16 -> 11129290 | R17: Per Ant. | AD17: Entertaint Area | AF17: 10 | AG17: Oktober | AH17: 2017 | AM17: 0.45 | BA17: 10 | BB17: N/A | BC17: 270000 | BD17: 300000 | BE17: 150000 | BF17: 270000 | BK17: S
M18: Jumlah Pole Makro | P18: : | R18: Unit | AF18: 11 | AG18: November | AH18: 2018 | AM18: 0.5 | AQ18: No | AR18: Operator | AS18: =AS7 -> 0 | AT18: =AS18+1 -> 1 | AU18: =AT18+1 -> 2 | AV18: =AU18+1 -> 3 | AW18: =AV18+1 -> 4 | AX18: =AW18+1 -> 5 | BA18: 11 | BB18: N/A | BC18: 270000 | BD18: 300000 | BE18: 150000 | BF18: 270000 | BK18: S
B19: Parameter Harga Jual/antena/bulan | M19: Pendapatan dari operator | P19: : | Q19: =K55 -> 750000000 | AF19: 12 | AG19: Desember | AH19: 2019 | AM19: 0.55 | AQ19: 1 | AR19: TSEL | AS19: =IF(AS8>1,AS8/5,0) -> 0 | AT19: =IF(AS19>1,AS19,AT8/5) -> 0 | AU19: =IF(AT19>1,AT19,AU8/5) -> 0 | AV19: =IF(AU19>1,AU19,AV8/5) -> 0 | AW19: =IF(AV19>1,AV19,AW8/5) -> 0 | AX19: =IF(AW19>1,AW19,AX8/5) -> 0 | BA19: 12 | BB19: N/A | BC19: 270000 | BD19: 300000 | BE19: 150000 | BF19: 270000 | BK19: S
C20: No | D20: Operator | E20: 2014-2019 | F20: 2020 | G20: =F20+1 -> 2021 | H20: =G20+1 -> 2022 | I20: =H20+1 -> 2023 | J20: =I20+1 -> 2024 | M20: Pembelian Aset Tetap | P20: : | Q20: =-K61-K62 -> -2.224534e+08 | AF20: 13 | AH20: 2020 | AM20: 0.6 | AQ20: 2 | AR20: ISAT | AS20: =IF(AS9>1,AS9/5,0) -> 0 | AT20: =IF(AS20>1,AS20,AT9/5) -> 0 | AU20: =IF(AT20>1,AT20,AU9/5) -> 0 | AV20: =IF(AU20>1,AU20,AV9/5) -> 0 | AW20: =IF(AV20>1,AV20,AW9/5) -> 0 | AX20: =IF(AW20>1,AW20,AX9/5) -> 0 | BA20: 13 | BB20: N/A | BC20: 270000 | BD20: 300000 | BE20: 150000 | BF20: 270000 | BK20: S
C21: 1 | D21: TSEL | E21: 190000 | F21: =E21 -> 190000 | G21: =F21 -> 190000 | H21: =G21 -> 190000 | I21: =H21 -> 190000 | J21: =I21 -> 190000 | M21: Biaya Sewa | P21: : | Q21: =-K58-K59-K60 -> -250000000 | AF21: 14 | AH21: 2021 | AM21: 0.65 | AQ21: 3 | AR21: XL | AS21: =IF(AS10>1,AS10/5,0) -> 85714286 | AT21: =IF(AS21>1,AS21,AT10/5) -> 85714286 | AU21: =IF(AT21>1,AT21,AU10/5) -> 85714286 | AV21: =IF(AU21>1,AU21,AV10/5) -> 85714286 | AW21: =IF(AV21>1,AV21,AW10/5) -> 85714286 | AX21: =IF(AW21>1,AW21,AX10/5) -> 85714286 | BA21: 14 | BB21: N/A | BC21: 270000 | BD21: 300000 | BE21: 150000 | BF21: 270000 | BK21: S
C22: 2 | D22: ISAT | E22: 150000 | F22: =E22 -> 150000 | G22: =F22 -> 150000 | H22: =G22 -> 150000 | I22: =H22 -> 150000 | J22: =I22 -> 150000 | M22: Biaya Operasional | P22: : | Q22: =-K63-K64-K65 -> -35000000 | AF22: 15 | AH22: 2022 | AM22: 0.7 | AQ22: 4 | AR22: HCPT | AS22: =IF(AS11>1,AS11/5,0) -> 0 | AT22: =IF(AS22>1,AS22,AT11/5) -> 0 | AU22: =IF(AT22>1,AT22,AU11/5) -> 0 | AV22: =IF(AU22>1,AU22,AV11/5) -> 0 | AW22: =IF(AV22>1,AV22,AW11/5) -> 0 | AX22: =IF(AW22>1,AW22,AX11/5) -> 0 | BA22: 15 | BB22: N/A | BC22: 270000 | BD22: 300000 | BE22: 150000 | BF22: 270000 | BK22: S
C23: 3 | D23: XL | E23: 119047.62 | F23: =E23 -> 119047.62 | G23: =F23 -> 119047.62 | H23: =G23 -> 119047.62 | I23: =H23 -> 119047.62 | J23: =I23 -> 119047.62 | M23: Pendapatan Bunga (Biaya Bunga) | P23: : | Q23: =K72 -> 38896146 | AF23: 16 | AH23: 2023 | AM23: 0.75 | AQ23: 5 | AR23: FM | AS23: =IF(AS12>1,AS12/5,0) -> 0 | AT23: =IF(AS23>1,AS23,AT12/5) -> 0 | AU23: =IF(AT23>1,AT23,AU12/5) -> 0 | AV23: =IF(AU23>1,AU23,AV12/5) -> 0 | AW23: =IF(AV23>1,AV23,AW12/5) -> 0 | AX23: =IF(AW23>1,AW23,AX12/5) -> 0 | BA23: 16 | BB23: N/A | BC23: 270000 | BD23: 300000 | BE23: 150000 | BF23: 270000 | BK23: S
C24: 4 | D24: HCPT | E24: 130000 | F24: =E24 -> 130000 | G24: =F24 -> 130000 | H24: =G24 -> 130000 | I24: =H24 -> 130000 | J24: =I24 -> 130000 | N24: Arus Kas Bersih (dalam 6 tahun) | Q24: =SUM(Q19:Q23) -> 2.8144275e+08 | AF24: 17 | AH24: 2024 | AM24: 0.8 | AQ24: 6 | AR24: SMARTFREN | AS24: =IF(AS13>1,AS13/5,0) -> 0 | AT24: =IF(AS24>1,AS24,AT13/5) -> 0 | AU24: =IF(AT24>1,AT24,AU13/5) -> 0 | AV24: =IF(AU24>1,AU24,AV13/5) -> 0 | AW24: =IF(AV24>1,AV24,AW13/5) -> 0 | AX24: =IF(AW24>1,AW24,AX13/5) -> 0 | BA24: 17 | BB24: N/A | BC24: 270000 | BD24: 300000 | BE24: 150000 | BF24: 270000 | BK24: S
C25: Rev. | D25: Makro | AF25: 18 | AH25: 2025 | AM25: 0.85 | AQ25: 7 | AR25: AXIS | AS25: =IF(AS14>1,AS14/5,0) -> 0 | AT25: =IF(AS25>1,AS25,AT14/5) -> 0 | AU25: =IF(AT25>1,AT25,AU14/5) -> 0 | AV25: =IF(AU25>1,AU25,AV14/5) -> 0 | AW25: =IF(AV25>1,AV25,AW14/5) -> 0 | AX25: =IF(AW25>1,AW25,AX14/5) -> 0 | BA25: 18 | BB25: N/A | BC25: 270000 | BD25: 300000 | BE25: 150000 | BF25: 270000 | BK25: S
C26: 1 | D26: TSEL | M26: NPV | P26: : | Q26: =NPV(F14,E73:J73) -> -1.290433e+09 | AF26: 19 | AM26: 0.9 | AQ26: 8 | AR26: FLEXI | AS26: =IF(AS15>1,AS15/5,0) -> 0 | AT26: =IF(AS26>1,AS26,AT15/5) -> 0 | AU26: =IF(AT26>1,AT26,AU15/5) -> 0 | AV26: =IF(AU26>1,AU26,AV15/5) -> 0 | AW26: =IF(AV26>1,AV26,AW15/5) -> 0 | AX26: =IF(AW26>1,AW26,AX15/5) -> 0 | BA26: 19 | BB26: N/A | BC26: 270000 | BD26: 300000 | BE26: 150000 | BF26: 270000 | BK26: S
C27: 2 | D27: ISAT | M27: IRR | P27: : | Q27: =N68 -> 13.657521 | AF27: 20 | AM27: 0.95 | AQ27: 9 | AR27: ESIA | AS27: =IF(AS16>1,AS16/5,0) -> 0 | AT27: =IF(AS27>1,AS27,AT16/5) -> 0 | AU27: =IF(AT27>1,AT27,AU16/5) -> 0 | AV27: =IF(AU27>1,AU27,AV16/5) -> 0 | AW27: =IF(AV27>1,AV27,AW16/5) -> 0 | AX27: =IF(AW27>1,AW27,AX16/5) -> 0 | BA27: 20 | BB27: N/A | BC27: 270000 | BD27: 300000 | BE27: 150000 | BF27: 270000 | BK27: S
C28: 3 | D28: XL | L28: =MATCH(TRUE,E75:J75,0) -> 1 | M28: Payback periode | P28: : | Q28: =(L28-1+OFFSET(E73,0,L28)/OFFSET(E67,0,L28))*12 -> #VALUE! | R28: Bulan atau | AF28: 21 | AM28: 1 | BA28: 21 | BB28: N/A | BC28: 270000 | BD28: 300000 | BE28: 150000 | BF28: 270000 | BK28: S
C29: 4 | D29: HCPT | Q29: =Q28/12 -> #VALUE! | R29: Tahun | AF29: 22 | BA29: 22 | BB29: N/A | BC29: 270000 | BD29: 300000 | BE29: 150000 | BF29: 270000 | BK29: S
AF30: 23 | BA30: 23 | BB30: N/A | BC30: 270000 | BD30: 300000 | BE30: 150000 | BF30: 270000 | BK30: S
B31: Operator Join | AF31: 24 | BA31: 24 | BB31: N/A | BC31: 270000 | BD31: 300000 | BE31: 150000 | BF31: 270000 | BK31: S
C32: No | D32: Operator | E32: =E20 -> 2014-2019 | F32: =F20 -> 2020 | G32: =F32+1 -> 2021 | H32: =G32+1 -> 2022 | I32: =H32+1 -> 2023 | J32: =I32+1 -> 2024 | M32: Parameter Harga untuk OPEX | Q32: Parameter Harga untuk CAPEX | AF32: 25 | BA32: 25 | BB32: N/A | BC32: 270000 | BD32: 300000 | BE32: 150000 | BF32: 270000 | BK32: S
B33: =SUM(E33:J33) -> 0 | C33: 1 | D33: TSEL | K33: =IF(B33>1,"Salah","Benar") -> Benar | M33: 1 | N33: Listrik | O33: Jumlah | Q33: No | R33: Keterangan | S33: =E20 -> 2014-2019 | T33: Keterangan | AF33: 26 | BA33: 26 | BB33: N/A | BC33: 270000 | BD33: 300000 | BE33: 150000 | BF33: 270000 | BK33: S
B34: =SUM(E34:J34) -> 0 | C34: 2 | D34: ISAT | K34: =IF(B34>1,"Salah","Benar") -> Benar | N34: - TSEL | O34: =IF($Q$16<100,36000000,IF($Q$16>200,48000000,42000000)) -> 36000000 | P34: per Tahun | Q34: 1 | R34: SITAC | AF34: 27 | BA34: 27 | BB34: N/A | BC34: 270000 | BD34: 300000 | BE34: 150000 | BF34: 270000 | BK34: S
B35: =SUM(E35:J35) -> 1 | C35: 3 | D35: XL | E35: 1 | K35: =IF(B35>1,"Salah","Benar") -> Benar | N35: - ISAT | O35: =IF($Q$16<100,36000000,IF($Q$16>200,48000000,42000000)) -> 36000000 | P35: per Tahun | Q35: =J8&F8&F7 -> S | R35: - Sewa Lahan | S35: 50000000 | T35: per tahun | AF35: 28 | BA35: 28 | BB35: N/A | BC35: 270000 | BD35: 300000 | BE35: 150000 | BF35: 270000 | BK35: S
B36: =SUM(E36:J36) -> 0 | C36: 4 | D36: HCPT | K36: =IF(B36>1,"Salah","Benar") -> Benar | N36: - XL | P36: per Tahun | R36: - Biaya Koordinasi | T36: per bangunan | AF36: 29 | BA36: 29 | BB36: N/A | BC36: 270000 | BD36: 300000 | BE36: 150000 | BF36: 270000 | BK36: S
B37: =SUM(E37:J37) -> 0 | C37: Rev. | D37: Makro | K37: =IF(B37>1,"Salah","Benar") -> Benar | N37: - HCPT | P37: per Tahun | R37: - Biaya Agensi | T37: per bangunan | AF37: 30 | BA37: 30 | BB37: N/A | BC37: 270000 | BD37: 300000 | BE37: 150000 | BF37: 270000 | BK37: S
B38: =SUM(E38:J38) -> 0 | C38: 1 | D38: TSEL | K38: =IF(B38>1,"Salah","Benar") -> Benar | N38: - FM | P38: per Tahun | AF38: 31 | BA38: 31 | BB38: N/A | BC38: 270000 | BD38: 300000 | BE38: 150000 | BF38: 270000 | BK38: S
B39: =SUM(E39:J39) -> 0 | C39: 2 | D39: ISAT | K39: =IF(B39>1,"Salah","Benar") -> Benar | N39: - SMARTFREN | P39: per Tahun | Q39: 2 | R39: ASSET (non Op) | BA39: 32 | BB39: N/A | BC39: 270000 | BD39: 300000 | BE39: 150000 | BF39: 270000 | BK39: S
B40: =SUM(E40:J40) -> 0 | C40: 3 | D40: XL | K40: =IF(B40>1,"Salah","Benar") -> Benar | N40: - AXIS | P40: per Tahun | R40: - DAS (all in) | S40: =E62+E61 -> 6.677574e+08 | T40: Sesuai BOQ | BA40: 33 | BB40: N/A | BC40: 270000 | BD40: 300000 | BE40: 150000 | BF40: 270000 | BK40: S
B41: =SUM(E41:J41) -> 0 | C41: 4 | D41: HCPT | K41: =IF(B41>1,"Salah","Benar") -> Benar | N41: - FLEXI | P41: per Tahun | BA41: 34 | BB41: N/A | BC41: 270000 | BD41: 300000 | BE41: 150000 | BF41: 270000 | BK41: S
E42: =SUM(E33:E41) -> 1 | F42: =E42+SUM(F33:F41) -> 1 | G42: =F42+SUM(G33:G41) -> 1 | H42: =G42+SUM(H33:H41) -> 1 | I42: =H42+SUM(I33:I41) -> 1 | J42: =I42+SUM(J33:J41) -> 1 | N42: - ESIA | P42: per Tahun | BA42: 35 | BB42: N/A | BC42: 270000 | BD42: 300000 | BE42: 150000 | BF42: 270000 | BK42: S
Q43: 3 | R43: BTS Operator | S43: Indoor | T43: Outdoor | BA43: 36 | BB43: N/A | BC43: 270000 | BD43: 300000 | BE43: 150000 | BF43: 270000 | BK43: S
B44: Kas masuk dari operator | E44: CUTT LOSS | M44: 2 | N44: Pemeliharaan | R44: - TSEL | T44: 150000000 | BA44: 37 | BB44: N/A | BC44: 270000 | BD44: 300000 | BE44: 150000 | BF44: 270000 | BK44: S
C45: No | D45: Operator | E45: =E32 -> 2014-2019 | F45: Start New 2020 | G45: =G32 -> 2021 | H45: =G45+1 -> 2022 | I45: =H45+1 -> 2023 | J45: =I45+1 -> 2024 | K45: TOTAL | N45: - Rutin | P45: per Tahun/Site | R45: - ISAT | T45: 150000000 | BA45: 38 | BB45: N/A | BC45: 270000 | BD45: 300000 | BE45: 150000 | BF45: 270000 | BK45: S
C46: 1 | D46: TSEL | K46: =SUM(F46:J46) -> 0 | N46: - Perbaikan | O46: =7000000 -> 7000000 | P46: per Tahun/Op | R46: - XL | T46: 150000000 | BA46: 39 | BB46: N/A | BC46: 270000 | BD46: 300000 | BE46: 150000 | BF46: 270000 | BK46: S
C47: 2 | D47: ISAT | K47: =SUM(F47:J47) -> 0 | N47: - WT by Vendor | O47: 10000000 | P47: at First/Op | R47: - HCPT | T47: 150000000 | BA47: 40 | BB47: 260000 | BC47: 216000 | BD47: 240000 | BE47: 150000 | BF47: 216000 | BK47: S
C48: 3 | D48: XL | F48: 150000000 | G48: =F48 -> 150000000 | H48: =G48 -> 150000000 | I48: =H48 -> 150000000 | J48: =I48 -> 150000000 | K48: =SUM(E48:J48) -> 750000000 | N48: - WT Inhouse | P48: per Tahun/All Op | R48: - FM | BA48: 41 | BB48: 260000 | BC48: 216000 | BD48: 240000 | BE48: 150000 | BF48: 216000 | BK48: S
C49: 4 | D49: HCPT | F49: =AS22 -> 0 | G49: =AT22 -> 0 | H49: =AU22 -> 0 | I49: =AV22 -> 0 | J49: =AW22 -> 0 | K49: =SUM(E49:J49) -> 0 | N49: - Lain-lain | O49: =Pemeliharaan!K17 -> 0 | R49: - SMARTFREN | BA49: 42 | BB49: 260000 | BC49: 216000 | BD49: 240000 | BE49: 150000 | BF49: 216000 | BK49: S
C50: Rev. | D50: Makro | F50: =AS23 -> 0 | G50: =AT23 -> 0 | H50: =AU23 -> 0 | I50: =AV23 -> 0 | J50: =AW23 -> 0 | K50: =SUM(E50:J50) -> 0 | R50: - AXIS | BA50: 43 | BB50: 260000 | BC50: 216000 | BD50: 240000 | BE50: 150000 | BF50: 216000 | BK50: S
C51: 1 | D51: TSEL | K51: =SUM(E51:J51) -> 0 | R51: - FLEXI | BA51: 44 | BB51: 260000 | BC51: 216000 | BD51: 240000 | BE51: 150000 | BF51: 216000 | BK51: S
C52: 2 | D52: ISAT | F52: =AS25 -> 0 | G52: =AT25 -> 0 | H52: =AU25 -> 0 | I52: =AV25 -> 0 | J52: =AW25 -> 0 | K52: =SUM(E52:J52) -> 0 | R52: - ESIA | BA52: 45 | BB52: 260000 | BC52: 216000 | BD52: 240000 | BE52: 150000 | BF52: 216000 | BK52: S
C53: 3 | D53: XL | F53: =AS26 -> 0 | G53: =AT26 -> 0 | H53: =AU26 -> 0 | I53: =AV26 -> 0 | J53: =AW26 -> 0 | K53: =SUM(E53:J53) -> 0 | BA53: 46 | BB53: 260000 | BC53: 216000 | BD53: 240000 | BE53: 150000 | BF53: 216000 | BK53: S
C54: 4 | D54: HCPT | F54: =AS27 -> 0 | G54: =AT27 -> 0 | H54: =AU27 -> 0 | I54: =AV27 -> 0 | J54: =AW27 -> 0 | K54: =SUM(E54:J54) -> 0 | BA54: 47 | BB54: 260000 | BC54: 216000 | BD54: 240000 | BE54: 150000 | BF54: 216000 | BK54: S
E55: =SUM(E46:E54) -> 0 | F55: =SUM(F46:F54) -> 150000000 | G55: =SUM(G46:G54) -> 150000000 | H55: =SUM(H46:H54) -> 150000000 | I55: =SUM(I46:I54) -> 150000000 | J55: =SUM(J46:J54) -> 150000000 | K55: =SUM(K46:K54) -> 750000000 | BA55: 48 | BB55: 260000 | BC55: 216000 | BD55: 240000 | BE55: 150000 | BF55: 216000 | BK55: S
B56: Kas keluar | E56: CUTT LOSS | M56: Asumsi pembayaran | BA56: 49 | BB56: 260000 | BC56: 216000 | BD56: 240000 | BE56: 150000 | BF56: 216000 | BK56: S
C57: No | D57: Keterangan | E57: =E45 -> 2014-2019 | F57: =F45 -> Start New 2020 | G57: =G45 -> 2021 | H57: =G57+1 -> 2022 | I57: =H57+1 -> 2023 | J57: =I57+1 -> 2024 | K57: TOTAL | M57: No | N57: Keterangan | O57: =E57 -> 2014-2019 | P57: =O57+1 -> #VALUE! | Q57: =P57+1 -> #VALUE! | R57: =Q57+1 -> #VALUE! | S57: =R57+1 -> #VALUE! | T57: =S57+1 -> #VALUE! | BA57: 50 | BB57: 260000 | BC57: 216000 | BD57: 240000 | BE57: 150000 | BF57: 216000 | BK57: S
C58: 1 | D58: SEWA | E58: ='[76]IRR Renewal 10th'!E82+'[76]IRR Renewal 10th'!F82+'[76]IRR Renewal 10th'!G82+'[76]IRR Renewal 10th'!H82+'[76]IRR Renewal 10th'!I82+'[76]IRR Renewal 10th'!J82 -> 425000000 | F58: 50000000 | G58: =F58 -> 50000000 | H58: =G58 -> 50000000 | I58: =H58 -> 50000000 | J58: =I58 -> 50000000 | K58: =SUM(F58:J58) -> 250000000 | L58: =SUM(O58:T58) -> 1 | M58: 1 | N58: =D58 -> SEWA | O58: 1 | U58: =IF(L58=1,0,"Salah") -> 0 | BA58: 51 | BB58: 260000 | BC58: 216000 | BD58: 240000 | BE58: 150000 | BF58: 216000 | BK58: S
C59: 2 | D59: Koordinasi | E59: ='[76]IRR Renewal 10th'!E83+'[76]IRR Renewal 10th'!F83+'[76]IRR Renewal 10th'!G83+'[76]IRR Renewal 10th'!H83+'[76]IRR Renewal 10th'!I83+'[76]IRR Renewal 10th'!J83 -> 0 | F59: =P59*$S$36 -> 0 | G59: =Q59*$S$36 -> 0 | H59: =R59*$S$36 -> 0 | I59: =S59*$S$36 -> 0 | J59: =T59*$S$36 -> 0 | K59: =SUM(F59:J59) -> 0 | L59: =SUM(O59:T59) -> 1 | M59: 2 | N59: =D59 -> Koordinasi | O59: 1 | U59: =IF(L59=1,0,"Salah") -> 0 | BA59: 52 | BB59: 260000 | BC59: 216000 | BD59: 240000 | BE59: 150000 | BF59: 216000 | BK59: S
C60: 3 | D60: Agensi | E60: ='[76]IRR Renewal 10th'!E84+'[76]IRR Renewal 10th'!F84+'[76]IRR Renewal 10th'!G84+'[76]IRR Renewal 10th'!H84+'[76]IRR Renewal 10th'!I84+'[76]IRR Renewal 10th'!J84 -> 0 | J60: =T60*$S$37 -> 0 | K60: =SUM(F60:J60) -> 0 | L60: =SUM(O60:T60) -> 1 | M60: 3 | N60: =D60 -> Agensi | O60: 1 | U60: =IF(L60=1,0,"Salah") -> 0 | BA60: 53 | BB60: 260000 | BC60: 216000 | BD60: 240000 | BE60: 150000 | BF60: 216000 | BK60: S
C61: 4 | D61: DAS | E61: ='[76]IRR Renewal 10th'!E85+'[76]IRR Renewal 10th'!F85+'[76]IRR Renewal 10th'!G85+'[76]IRR Renewal 10th'!H85+'[76]IRR Renewal 10th'!I85+'[76]IRR Renewal 10th'!J85 -> 6.142683e+08 | I61: =E61*20% -> 1.2285366e+08 | J61: =T61*($S$40) -> 0 | K61: =SUM(F61:J61) -> 1.2285366e+08 | L61: =SUM(O61:T61) -> 1 | M61: 4 | N61: =D61 -> DAS | O61: 0.95 | P61: 0.05 | U61: =IF(L61=1,0,"Salah") -> 0 | BA61: 54 | BB61: 260000 | BC61: 216000 | BD61: 240000 | BE61: 150000 | BF61: 216000 | BK61: S
C62: 5 | D62: BTS | E62: ='[76]IRR Renewal 10th'!E86+'[76]IRR Renewal 10th'!F86+'[76]IRR Renewal 10th'!G86+'[76]IRR Renewal 10th'!H86+'[76]IRR Renewal 10th'!I86+'[76]IRR Renewal 10th'!J86 -> 53489094 | F62: 99599740 | J62: =(T62*(I33*($S$44+$T$44)))+(T62*(I34*($S$45+$T$45)))+(T62*(I35*($S$46+$T$46)))+(T62*(I36*($S$47+$T$47)))+(T62*(I37*($S$48+$T$48)))+(T62*(I38*($S$49+$T$49)))+(T62*(I39*($S$50+$T$50)))+(T62*(I40*($S$51+$T$51)))+(T62*(I41*($S$52+$T$52))) -> 0 | K62: =SUM(F62:J62) -> 99599740 | L62: =SUM(O62:T62) -> 5 | M62: 5 | N62: =D62 -> BTS | P62: 1 | Q62: 1 | R62: 1 | S62: 1 | T62: 1 | U62: =IF(L62=5,0,"Salah") -> 0 | BA62: 55 | BB62: 260000 | BC62: 216000 | BD62: 240000 | BE62: 150000 | BF62: 216000 | BK62: S
C63: 6 | D63: Listrik | E63: ='[76]IRR Renewal 10th'!E87+'[76]IRR Renewal 10th'!F87+'[76]IRR Renewal 10th'!G87+'[76]IRR Renewal 10th'!H87+'[76]IRR Renewal 10th'!I87+'[76]IRR Renewal 10th'!J87 -> 47013929 | K63: =SUM(F63:J63) -> 0 | L63: =SUM(O63:T63) -> 5 | M63: 6 | N63: =D63 -> Listrik | P63: 1 | Q63: 1 | R63: 1 | S63: 1 | T63: 1 | U63: =IF(L63=5,0,"Salah") -> 0 | BA63: 56 | BB63: 260000 | BC63: 216000 | BD63: 240000 | BE63: 150000 | BF63: 216000 | BK63: S
C64: 7 | D64: Pemeliharaan | E64: ='[76]IRR Renewal 10th'!E88+'[76]IRR Renewal 10th'!F88+'[76]IRR Renewal 10th'!G88+'[76]IRR Renewal 10th'!H88+'[76]IRR Renewal 10th'!I88+'[76]IRR Renewal 10th'!J88 -> 0 | F64: =($O$45*F42)+($O$46*F42)+($O$47*SUM(F33:F41))+($O$48*0/4) -> 7000000 | G64: =($O$45*G42)+($O$46*G42)+($O$47*SUM(G33:G41))+($O$48*0/4) -> 7000000 | H64: =($O$45*H42)+($O$46*H42)+($O$47*SUM(H33:H41))+($O$48*0/4) -> 7000000 | I64: =($O$45*I42)+($O$46*I42)+($O$47*SUM(I33:I41))+($O$48*0/4) -> 7000000 | J64: =($O$45*J42)+($O$46*J42)+($O$47*SUM(J33:J41))+($O$48*0/4) -> 7000000 | K64: =SUM(F64:J64) -> 35000000 | L64: =SUM(O64:T64) -> 5 | M64: 7 | N64: =D64 -> Pemeliharaan | P64: 1 | Q64: 1 | R64: 1 | S64: 1 | T64: 1 | U64: =IF(L64=5,0,"Salah") -> 0 | BA64: 57 | BB64: 260000 | BC64: 216000 | BD64: 240000 | BE64: 150000 | BF64: 216000 | BK64: S
C65: 8 | D65: Lain-lain Opex | F65: =P65*$O$49 -> 0 | G65: =Q65*$O$49 -> 0 | H65: =R65*$O$49 -> 0 | I65: =S65*$O$49 -> 0 | J65: =T65*$O$49 -> 0 | K65: =SUM(F65:J65) -> 0 | L65: =SUM(O65:T65) -> 5 | M65: 8 | N65: =D65 -> Lain-lain Opex | P65: 1 | Q65: 1 | R65: 1 | S65: 1 | T65: 1 | U65: =IF(L65=5,0,"Salah") -> 0 | BA65: 58 | BB65: 260000 | BC65: 216000 | BD65: 240000 | BE65: 150000 | BF65: 216000 | BK65: S
E66: =SUM(E58:E65) -> 1.1397713e+09 | F66: =SUM(F58:F65) -> 156599740 | G66: =SUM(G58:G65) -> 57000000 | H66: =SUM(H58:H65) -> 57000000 | I66: =SUM(I58:I65) -> 1.7985366e+08 | J66: =SUM(J58:J65) -> 57000000 | K66: =SUM(K58:K65) -> 5.074534e+08 | BA66: 59 | BB66: 260000 | BC66: 216000 | BD66: 240000 | BE66: 150000 | BF66: 216000 | BK66: S
C67: Kas Bersih | E67: CUTT LOSS | F67: =F73+E67 -> #VALUE! | G67: =G73+F67 -> #VALUE! | H67: =H73+G67 -> #VALUE! | I67: =I73+H67 -> #VALUE! | J67: =J73+I67 -> #VALUE! | BA67: 60 | BB67: 260000 | BC67: 216000 | BD67: 240000 | BE67: 150000 | BF67: 216000 | BK67: S
C68: No | D68: Keterangan | E68: =E57 -> 2014-2019 | F68: Start New 2020 | G68: =G57 -> 2021 | H68: =G68+1 -> 2022 | I68: =H68+1 -> 2023 | J68: =I68+1 -> 2024 | K68: TOTAL | M68: =IF(N68<20%,"IRR.","IRR :") -> IRR : | N68: =IRR(F73:J73,F15) -> 13.657521 | Q68: NFC | R68: =SUM(F73:J73) -> 2.8144275e+08 | BA68: 61 | BB68: 210000 | BC68: 216000 | BD68: 240000 | BE68: 150000 | BF68: 216000 | BK68: S
C69: 1 | D69: Kas Masuk | E69: ='[76]IRR Renewal 10th'!E93+'[76]IRR Renewal 10th'!F93+'[76]IRR Renewal 10th'!G93+'[76]IRR Renewal 10th'!H93+'[76]IRR Renewal 10th'!I93+'[76]IRR Renewal 10th'!J93 -> 0 | F69: =SUM(F46:F54) -> 150000000 | G69: =SUM(G46:G54) -> 150000000 | H69: =SUM(H46:H54) -> 150000000 | I69: =SUM(I46:I54) -> 150000000 | J69: =SUM(J46:J54) -> 150000000 | K69: =SUM(F69:J69) -> 750000000 | BA69: 62 | BB69: 210000 | BC69: 216000 | BD69: 240000 | BE69: 150000 | BF69: 216000 | BK69: S
C70: 2 | D70: Kas Keluar | E70: ='[76]IRR Renewal 10th'!E94+'[76]IRR Renewal 10th'!F94+'[76]IRR Renewal 10th'!G94+'[76]IRR Renewal 10th'!H94+'[76]IRR Renewal 10th'!I94+'[76]IRR Renewal 10th'!J94 -> 1.1397713e+09 | F70: =SUM(F58:F65) -> 156599740 | G70: =SUM(G58:G65) -> 57000000 | H70: =SUM(H58:H65) -> 57000000 | I70: =SUM(I58:I65) -> 1.7985366e+08 | J70: =SUM(J58:J65) -> 57000000 | K70: =SUM(F70:J70) -> 5.074534e+08 | BA70: 63 | BB70: 210000 | BC70: 216000 | BD70: 240000 | BE70: 150000 | BF70: 216000 | BK70: S
D71: Kas Bersih | E71: =E69-E70 -> -1.1397713e+09 | F71: =F69-F70 -> -6599740 | G71: =G69-G70 -> 93000000 | H71: =H69-H70 -> 93000000 | I71: =I69-I70 -> -29853660 | J71: =J69-J70 -> 93000000 | K71: =SUM(F71:J71) -> 2.425466e+08 | BA71: 64 | BB71: 210000 | BC71: 216000 | BD71: 240000 | BE71: 150000 | BF71: 216000 | BK71: S
D72: Biaya Bunga | E72: ='[76]IRR Renewal 10th'!E96+'[76]IRR Renewal 10th'!F96+'[76]IRR Renewal 10th'!G96+'[76]IRR Renewal 10th'!H96+'[76]IRR Renewal 10th'!I96+'[76]IRR Renewal 10th'!J96 -> -4.5965248e+08 | F72: =F77 -> -577477.25 | G72: =G77 -> 5184015.6 | H72: =H77 -> 10764016 | I72: =I77 -> 8972796 | J72: =J77 -> 14552796 | K72: =SUM(F72:J72) -> 38896146 | BA72: 65 | BB72: 210000 | BC72: 216000 | BD72: 240000 | BE72: 150000 | BF72: 216000 | BK72: S
D73: Jumlah | E73: =E71+E72 -> -1.5994238e+09 | F73: =F71+F72 -> -7177217.2 | G73: =G71+G72 -> 98184016 | H73: =H71+H72 -> 1.0376402e+08 | I73: =I71+I72 -> -20880865 | J73: =J71+J72 -> 1.075528e+08 | K73: =SUM(K71:K72) -> 2.8144275e+08 | BA73: 66 | BB73: 210000 | BC73: 216000 | BD73: 240000 | BE73: 150000 | BF73: 216000 | BK73: S
D74: Sld.Cash Flow | F74: =F73 -> -7177217.2 | G74: =F74+G73 -> 91006798 | H74: =G74+H73 -> 1.9477081e+08 | I74: =H74+I73 -> 1.7388995e+08 | J74: =I74+J73 -> 2.8144275e+08
E75: =E67>=0 -> TRUE | F75: =F67>=0 -> #VALUE! | G75: =G67>=0 -> #VALUE! | H75: =H67>=0 -> #VALUE! | I75: =I67>=0 -> #VALUE! | J75: =J67>=0 -> #VALUE! | BA75: 67 | BB75: 210000 | BC75: 216000 | BD75: 240000 | BE75: 150000 | BF75: 216000 | BK75: S
E76: =E71 -> -1.1397713e+09 | F76: =F71 -> -6599740 | G76: =G71+F76 -> 86400260 | H76: =H71+G76 -> 179400260 | I76: =I71+H76 -> 1.495466e+08 | J76: =J71+I76 -> 2.425466e+08 | BA76: 68 | BB76: 210000 | BC76: 216000 | BD76: 240000 | BE76: 150000 | BF76: 216000 | BK76: S
E77: =IF(E76<1,(E76*70%)*$F$16,E76*$F$14) -> -99729991 | F77: =IF(F76<1,(F76*70%)*$F$16,F76*$F$14) -> -577477.25 | G77: =IF(G76<1,(G76*70%)*$F$16,G76*$F$14) -> 5184015.6 | H77: =IF(H76<1,(H76*70%)*$F$16,H76*$F$14) -> 10764016 | I77: =IF(I76<1,(I76*70%)*$F$16,I76*$F$14) -> 8972796 | J77: =IF(J76<1,(J76*70%)*$F$16,J76*$F$14) -> 14552796 | BA77: 69 | BB77: 210000 | BC77: 216000 | BD77: 240000 | BE77: 150000 | BF77: 216000 | BK77: S
C78: Pihak BM hanya mau perpanjangan PKS setahun saja (2020) untuk kemudian dilihat prospeknya (resiko setelah setahun tidak perpanjang lagi tetap ada) | BA78: 70 | BB78: 210000 | BC78: 180000 | BD78: 200000 | BE78: 150000 | BF78: 180000 | BK78: S
BA79: 71 | BB79: 210000 | BC79: 180000 | BD79: 200000 | BE79: 150000 | BF79: 180000 | BK79: S
BA80: 72 | BB80: 210000 | BC80: 180000 | BD80: 200000 | BE80: 150000 | BF80: 180000 | BK80: S
BA81: 73 | BB81: 210000 | BC81: 180000 | BD81: 200000 | BE81: 150000 | BF81: 180000 | BK81: S
BA82: 74 | BB82: 210000 | BC82: 180000 | BD82: 200000 | BE82: 150000 | BF82: 180000 | BK82: S
BA83: 75 | BB83: 210000 | BC83: 180000 | BD83: 200000 | BE83: 150000 | BF83: 180000 | BK83: S
BA84: 76 | BB84: 210000 | BC84: 180000 | BD84: 200000 | BE84: 150000 | BF84: 180000 | BK84: S
BA85: 77 | BB85: 210000 | BC85: 180000 | BD85: 200000 | BE85: 150000 | BF85: 180000 | BK85: S
BA86: 78 | BB86: 210000 | BC86: 180000 | BD86: 200000 | BE86: 150000 | BF86: 180000 | BK86: S
BA87: 79 | BB87: 210000 | BC87: 180000 | BD87: 200000 | BE87: 150000 | BF87: 180000 | BK87: S
BA88: 80 | BB88: 210000 | BC88: 180000 | BD88: 200000 | BE88: 150000 | BF88: 180000 | BK88: S
BA89: 81 | BB89: 180000 | BC89: 180000 | BD89: 200000 | BE89: 150000 | BF89: 180000 | BK89: S
BA90: 82 | BB90: 180000 | BC90: 180000 | BD90: 200000 | BE90: 150000 | BF90: 180000 | BK90: S
... BA758: 750 | BB758: 135000 | BC758: 99000 | BD758: 110000 | BE758: 85000 | BF758: 99000 | BK758: L
BA760: bulk price | BB760: N/A | BC760: N/A | BD760: N/A | BE760: 150000 | BF760: 250000

Sheet IRR 11th cutloss
J1: Parameter umum
B2: INTERNAL RATE OF RETURN (IRR) | J2: Tingkat bunga Deposito | K2: 0.0225 | L2: /tahun | M2: No IRR : | N2: /IRR/10/2019
J3: Discount Rate | K3: 0.15
B4: Nama Bangunan | D4: : | E4: Lindeteves TC | J4: Tingkat bunga Pinjaman | K4: 0.1 | L4: /tahun
B5: Alamat | D5: : | J5: Tingkat bunga Deposito | K5: 0.075 | L5: /tahun | M5: Jumlah Lantai : | BG5: TSEL | BH5: ISAT | BI5: XL | BJ5: HCPT | BK5: FM | BL5: SMARTFREN | BM5: AXIS | BN5: FLEXI | BO5: ESIA
B6: Lokasi Bangunan | D6: : | J6: Discount Rate | K6: 0.15 | M6: Masa Sewa : | N6: 5 | O6: Tahun | AC6: Lokasi Bangunan | AD6: Type Bangunan | AE6: Status | AF6: Tanggal | AG6: Bulan | AH6: Tahun | AI6: Status IRR | AJ6: Operator Join | AK6: Masa Sewa | AL6: persentase | AM6: persentase pembayaran | AQ6: No | AR6: Operator | AS6: =H9 -> 0 | AT6: =AS6+1 -> 1 | AU6: =AT6+1 -> 2 | AV6: =AU6+1 -> 3 | AW6: =AV6+1 -> 4 | AX6: =AW6+1 -> 5 | AY6: =AX6+1 -> 6 | AZ6: =AY6+1 -> 7 | BA6: =AZ6+1 -> 8 | ... BC6: =BB6+1 -> 10
B7: Type Bangunan | D7: : | I7: =VLOOKUP(N15,AZ7:BJ754,11,FALSE) -> #N/A | J7: Tingkat bunga Pinjaman | K7: 0.125 | L7: /tahun | AC7: Jabodetabek | AD7: Mall | AE7: Bangunan Baru | AF7: 1 | AG7: Januari | AH7: 2008 | AI7: Baru | AQ7: 1 | AR7: TSEL | AS7: =E37*$N$15*E48*120 -> 0 | AT7: =F37*$N$15*F48*120 -> 0 | AU7: =G37*$N$15*G48*120 -> 0 | AV7: =H37*$N$15*H48*120 -> 0 | AW7: =I37*$N$15*I48*120 -> 0 | AX7: =J37*$N$15*J48*120 -> 0 | AY7: =K37*$N$15*K48*120 -> 0 | AZ7: =L37*$N$15*L48*120 -> 0 | ... BC7: =O37*$N$15*O48*120 -> 0 | BF7: 1 | BG7: N/A | BH7: 270000 | BI7: 300000 | BJ7: 150000 | BK7: 270000 | BP7: S
B8: Status | D8: : | J8: Kurs | K8: 15000 | L8: / USD 1 | AC8: Jawa Tengah | AD8: Superblok | AE8: Bangunan Lama | AF8: 2 | AG8: Februari | AH8: 2009 | AI8: Revisi I | AJ8: 1 | AK8: 1 | AL8: 0.05 | AM8: 0.05 | AQ8: 2 | AR8: ISAT | AS8: =E38*$N$15*E49*120 -> 0 | AT8: =F38*$N$15*F49*120 -> 0 | AU8: =G38*$N$15*G49*120 -> 0 | AV8: =H38*$N$15*H49*120 -> 0 | AW8: =I38*$N$15*I49*120 -> 0 | AX8: =J38*$N$15*J49*120 -> 0 | AY8: =K38*$N$15*K49*120 -> 0 | AZ8: =L38*$N$15*L49*120 -> 0 | ... BC8: =O38*$N$15*O49*120 -> 0 | BF8: 2 | BG8: N/A | BH8: 270000 | BI8: 300000 | BJ8: 150000 | BK8: 270000 | BP8: S
B9: Tanggal | D9: : | AC9: Jawa Timur | AD9: Rumah Sakit | AF9: 3 | AG9: Maret | AH9: 2010 | AI9: Revisi II | AK9: 3 | AL9: 0.1 | AM9: 0.1 | AQ9: 3 | AR9: XL | AS9: =E39*$N$15*E50*120 -> 0 | AT9: =F39*$N$15*F50*120 -> 0 | AU9: =G39*$N$15*G50*120 -> 0 | AV9: =H39*$N$15*H50*120 -> 0 | AW9: =I39*$N$15*I50*120 -> 0 | AX9: =J39*$N$15*J50*120 -> 0 | AY9: =K39*$N$15*K50*120 -> 0 | AZ9: =L39*$N$15*L50*120 -> 0 | ... BC9: =O39*$N$15*O50*120 -> 0 | BF9: 3 | BG9: N/A | BH9: 270000 | BI9: 300000 | BJ9: 150000 | BK9: 270000 | BP9: S
B10: Status IRR | D10: : | AC10: Jawa Barat | AD10: Rusunami | AF10: 4 | AG10: April | AH10: 2011 | AI10: Revisi III | AK10: 5 | AM10: 0.15 | AQ10: 4 | AR10: HCPT | AS10: =E40*$N$15*E51*120 -> 0 | AT10: =F40*$N$15*F51*120 -> 0 | AU10: =G40*$N$15*G51*120 -> 0 | AV10: =H40*$N$15*H51*120 -> 0 | AW10: =I40*$N$15*I51*120 -> 0 | AX10: =J40*$N$15*J51*120 -> 0 | AY10: =K40*$N$15*K51*120 -> 0 | AZ10: =L40*$N$15*L51*120 -> 0 | ... BC10: =O40*$N$15*O51*120 -> 0 | BF10: 4 | BG10: N/A | BH10: 270000 | BI10: 300000 | BJ10: 150000 | BK10: 270000 | BP10: S
O11: From Renewal Rent | AC11: Kalimantan | AD11: Office | AF11: 5 | AG11: Mei | AH11: 2012 | AK11: 10 | AM11: 0.2 | AQ11: 5 | AR11: FM | AS11: =E41*$N$15*E52*120 -> 0 | AT11: =F41*$N$15*F52*120 -> 0 | AU11: =G41*$N$15*G52*120 -> 0 | AV11: =H41*$N$15*H52*120 -> 0 | AW11: =I41*$N$15*I52*120 -> 0 | AX11: =J41*$N$15*J52*120 -> 0 | AY11: =K41*$N$15*K52*120 -> 0 | AZ11: =L41*$N$15*L52*120 -> 0 | ... BC11: =O41*$N$15*O52*120 -> 0 | BF11: 5 | BG11: N/A | BH11: 270000 | BI11: 300000 | BJ11: 150000 | BK11: 270000 | BP11: S
K12: SUMMARY | M12: 6th | N12: 11th | O12: 5th | AC12: Sumatra | AD12: Universitas | AF12: 6 | AG12: Juni | AH12: 2013 | AM12: 0.25 | AQ12: 6 | AR12: SMARTFREN | AS12: =E42*$N$15*E53*120 -> 792000000 | AT12: =F42*$N$15*F53*120 -> 0 | AU12: =G42*$N$15*G53*120 -> 0 | AV12: =H42*$N$15*H53*120 -> 0 | AW12: =I42*$N$15*I53*120 -> 0 | AX12: =J42*$N$15*J53*120 -> 0 | AY12: =K42*$N$15*K53*120 -> 0 | AZ12: =L42*$N$15*L53*120 -> 0 | ... BC12: =O42*$N$15*O53*120 -> 0 | BF12: 6 | BG12: N/A | BH12: 270000 | BI12: 300000 | BJ12: 150000 | BK12: 270000 | BP12: S
B13: Parameter Harga untuk OPEX | F13: Parameter Harga untuk CAPEX | K13: Perkiraan Umum | AC13: Sulawesi | AD13: Hotel | AF13: 7 | AG13: Juli | AH13: 2014 | AM13: 0.3 | AQ13: 7 | AR13: AXIS | AS13: =E43*$N$15*E54*120 -> 0 | AT13: =F43*$N$15*F54*120 -> 0 | AU13: =G43*$N$15*G54*120 -> 0 | AV13: =H43*$N$15*H54*120 -> 0 | AW13: =I43*$N$15*I54*120 -> 0 | AX13: =J43*$N$15*J54*120 -> 0 | AY13: =K43*$N$15*K54*120 -> 0 | AZ13: =L43*$N$15*L54*120 -> 0 | ... BC13: =O43*$N$15*O54*120 -> 0 | BF13: 7 | BG13: N/A | BH13: 270000 | BI13: 300000 | BJ13: 150000 | BK13: 270000 | BP13: S
B14: 1 | C14: Listrik | D14: Jumlah | F14: No | G14: Keterangan | H14: =H9 -> 0 | I14: Keterangan | K14: Jumlah Antena Asset | AC14: Bali/Lombok | AD14: Traditional Market | AF14: 8 | AG14: Agustus | AH14: 2015 | AM14: 0.35 | AQ14: 8 | AR14: FLEXI | AS14: =E44*$N$15*E55*120 -> 0 | AT14: =F44*$N$15*F55*120 -> 0 | AU14: =G44*$N$15*G55*120 -> 0 | AV14: =H44*$N$15*H55*120 -> 0 | AW14: =I44*$N$15*I55*120 -> 0 | AX14: =J44*$N$15*J55*120 -> 0 | AY14: =K44*$N$15*K55*120 -> 0 | AZ14: =L44*$N$15*L55*120 -> 0 | ... BC14: =O44*$N$15*O55*120 -> 0 | BF14: 8 | BG14: N/A | BH14: 270000 | BI14: 300000 | BJ14: 150000 | BK14: 270000 | BP14: S
C15: - TSEL | D15: 36000000 | E15: per Tahun | F15: 1 | G15: SITAC | K15: Jumlah Antena PKS BM | M15: 22 | N15: =M15 -> 22 | O15: =N15 -> 22 | P15: Antena | AC15: Ind Bg Tim | AD15: Apartement | AF15: 9 | AG15: September | AH15: 2016 | AM15: 0.4 | AQ15: 9 | AR15: ESIA | AS15: =E45*$N$15*E56*120 -> 0 | AT15: =F45*$N$15*F56*120 -> 0 | AU15: =G45*$N$15*G56*120 -> 0 | AV15: =H45*$N$15*H56*120 -> 0 | AW15: =I45*$N$15*I56*120 -> 0 | AX15: =J45*$N$15*J56*120 -> 0 | AY15: =K45*$N$15*K56*120 -> 0 | AZ15: =L45*$N$15*L56*120 -> 0 | ... BC15: =O45*$N$15*O56*120 -> 0 | BF15: 9 | BG15: N/A | BH15: 270000 | BI15: 300000 | BJ15: 150000 | BK15: 270000 | BP15: S
C16: - ISAT | D16: 36000000 | E16: per Tahun | F16: =I7&E7&E6 -> #N/A | G16: - Sewa Lahan | H16: 20000000 | I16: per tahun | K16: DAS per Antenna | M16: =P84/M15 -> 16874615 | N16: =M16 -> 16874615 | O16: =N16 -> 16874615 | P16: /Antenna | AD16: Entertaint Area | AF16: 10 | AG16: Oktober | AH16: 2017 | AM16: 0.45 | BF16: 10 | BG16: N/A | BH16: 270000 | BI16: 300000 | BJ16: 150000 | BK16: 270000 | BP16: S
C17: - XL | E17: per Tahun | G17: - Biaya Koordinasi | I17: per bangunan | K17: Jumlah Pole Makro | N17: =M17 -> 0 | O17: =N17 -> 0 | P17: Pole | AF17: 11 | AG17: November | AH17: 2018 | AM17: 0.5 | AQ17: No | AR17: Operator | AS17: =AS6 -> 0 | AT17: =AS17+1 -> 1 | AU17: =AT17+1 -> 2 | AV17: =AU17+1 -> 3 | AW17: =AV17+1 -> 4 | AX17: =AW17+1 -> 5 | AY17: =AX17+1 -> 6 | AZ17: =AY17+1 -> 7 | BA17: =AZ17+1 -> 8 | ... BC17: =BB17+1 -> 10 | BF17: 11 | BG17: N/A | BH17: 270000 | BI17: 300000 | BJ17: 150000 | BK17: 270000 | BP17: S
C18: - HCPT | E18: per Tahun | G18: - Biaya Agensi | I18: per bangunan | K18: Pendapatan dari operator | M18: =SUM(E69:J69) -> 475200000 | N18: =SUM(E69:O69) -> 870135484 | O18: =SUM(K60:O68) -> 394935484 | AF18: 12 | AG18: Desember | AH18: 2019 | AM18: 0.55 | AQ18: 1 | AR18: TSEL | AS18: =IF(AS7>1,AS7/10,0) -> 0 | AT18: =IF(AS18>1,AS18,AT7/10) -> 0 | AU18: =IF(AT18>1,AT18,AU7/10) -> 0 | AV18: =IF(AU18>1,AU18,AV7/10) -> 0 | AW18: =IF(AV18>1,AV18,AW7/10) -> 0 | AX18: =IF(AW18>1,AW18,AX7/10) -> 0 | AY18: =IF(AX18>1,AX18,AY7/10) -> 0 | AZ18: =IF(AY18>1,AY18,AZ7/10) -> 0 | BA18: =IF(AZ18>1,AZ18,BA7/10) -> 0 | ... BC18: =IF(BB18>1,BB18,BC7/10) -> 0 | BF18: 12 | BG18: N/A | BH18: 270000 | BI18: 300000 | BJ18: 150000 | BK18: 270000 | BP18: S
C19: - FM | E19: per Tahun | K19: Pembelian Aset Tetap | M19: =-SUM(E84:J86) -> -371241540 | N19: =-SUM(E84:O86) -> -371241540 | O19: =-SUM(K85:O86) -> 0 | AF19: 13 | AH19: 2020 | AM19: 0.6 | AQ19: 2 | AR19: ISAT | AS19: =IF(AS8>1,AS8/10,0) -> 0 | AT19: =IF(AS19>1,AS19,AT8/10) -> 0 | AU19: =IF(AT19>1,AT19,AU8/10) -> 0 | AV19: =IF(AU19>1,AU19,AV8/10) -> 0 | AW19: =IF(AV19>1,AV19,AW8/10) -> 0 | AX19: =IF(AW19>1,AW19,AX8/10) -> 0 | AY19: =IF(AX19>1,AX19,AY8/10) -> 0 | AZ19: =IF(AY19>1,AY19,AZ8/10) -> 0 | BA19: =IF(AZ19>1,AZ19,BA8/10) -> 0 | ... BC19: =IF(BB19>1,BB19,BC8/10) -> 0 | BF19: 13 | BG19: N/A | BH19: 270000 | BI19: 300000 | BJ19: 150000 | BK19: 270000 | BP19: S
C20: - SMARTFREN | E20: per Tahun | F20: 2 | G20: ASSET (non Op) | K20: Biaya Sewa | M20: =-SUM(E82:J82) -> -225000000 | N20: =-SUM(E82:O82) -> -790000000 | O20: =-SUM(K82:O82) -> -565000000 | AF20: 14 | AH20: 2021 | AM20: 0.65 | AQ20: 3 | AR20: XL | AS20: =IF(AS9>1,AS9/10,0) -> 0 | AT20: =IF(AS20>1,AS20,AT9/10) -> 0 | AU20: =IF(AT20>1,AT20,AU9/10) -> 0 | AV20: =IF(AU20>1,AU20,AV9/10) -> 0 | AW20: =IF(AV20>1,AV20,AW9/10) -> 0 | AX20: =IF(AW20>1,AW20,AX9/10) -> 0 | AY20: =IF(AX20>1,AX20,AY9/10) -> 0 | AZ20: =IF(AY20>1,AY20,AZ9/10) -> 0 | BA20: =IF(AZ20>1,AZ20,BA9/10) -> 0 | ... BC20: =IF(BB20>1,BB20,BC9/10) -> 0 | BF20: 14 | BG20: N/A | BH20: 270000 | BI20: 300000 | BJ20: 150000 | BK20: 270000 | BP20: S
C21: - AXIS | E21: per Tahun | G21: - DAS (all in) | H21: =M16*M15 -> 371241540 | I21: Sesuai BOQ | K21: Biaya Operasional | M21: =-SUM(E87:J89) -> -35732690 | N21: =-SUM(E87:O89) -> -265841450 | O21: =-SUM(K87:O89) -> -230108760 | AF21: 15 | AH21: 2022 | AM21: 0.7 | AQ21: 4 | AR21: HCPT | AS21: =IF(AS10>1,AS10/10,0) -> 0 | AT21: =IF(AS21>1,AS21,AT10/10) -> 0 | AU21: =IF(AT21>1,AT21,AU10/10) -> 0 | AV21: =IF(AU21>1,AU21,AV10/10) -> 0 | AW21: =IF(AV21>1,AV21,AW10/10) -> 0 | AX21: =IF(AW21>1,AW21,AX10/10) -> 0 | AY21: =IF(AX21>1,AX21,AY10/10) -> 0 | AZ21: =IF(AY21>1,AY21,AZ10/10) -> 0 | BA21: =IF(AZ21>1,AZ21,BA10/10) -> 0 | ... BC21: =IF(BB21>1,BB21,BC10/10) -> 0 | BF21: 15 | BG21: N/A | BH21: 270000 | BI21: 300000 | BJ21: 150000 | BK21: 270000 | BP21: S
C22: - FLEXI | E22: per Tahun | K22: Pendapatan Bunga (Biaya Bunga) | M22: =SUM(E96:J96) -> -1.1705409e+08 | N22: =SUM(E96:O96) -> -3.1313884e+08 | O22: =SUM(K103:O103) -> -1.2749603e+08 | AF22: 16 | AH22: 2023 | AM22: 0.75 | AQ22: 5 | AR22: FM | AS22: =IF(AS11>1,AS11/10,0) -> 0 | AT22: =IF(AS22>1,AS22,AT11/10) -> 0 | AU22: =IF(AT22>1,AT22,AU11/10) -> 0 | AV22: =IF(AU22>1,AU22,AV11/10) -> 0 | AW22: =IF(AV22>1,AV22,AW11/10) -> 0 | AX22: =IF(AW22>1,AW22,AX11/10) -> 0 | AY22: =IF(AX22>1,AX22,AY11/10) -> 0 | AZ22: =IF(AY22>1,AY22,AZ11/10) -> 0 | BA22: =IF(AZ22>1,AZ22,BA11/10) -> 0 | ... BC22: =IF(BB22>1,BB22,BC11/10) -> 0 | BF22: 16 | BG22: N/A | BH22: 270000 | BI22: 300000 | BJ22: 150000 | BK22: 270000 | BP22: S
C23: - ESIA | E23: per Tahun | K23: Arus Kas Bersih | M23: =SUM(M18:M22) -> -2.7382832e+08 | N23: =SUM(N18:N22) -> -8.7008635e+08 | O23: =SUM(O18:O22) -> -5.2766931e+08 | AF23: 17 | AH23: 2024 | AM23: 0.8 | AQ23: 6 | AR23: SMARTFREN | AS23: =IF(AS12>1,AS12/10,0) -> 79200000 | AT23: =IF(AS23>1,AS23,AT12/10) -> 79200000 | AU23: =IF(AT23>1,AT23,AU12/10) -> 79200000 | AV23: =IF(AU23>1,AU23,AV12/10) -> 79200000 | AW23: =IF(AV23>1,AV23,AW12/10) -> 79200000 | AX23: =IF(AW23>1,AW23,AX12/10) -> 79200000 | AY23: =IF(AX23>1,AX23,AY12/10) -> 79200000 | AZ23: =IF(AY23>1,AY23,AZ12/10) -> 79200000 | BA23: =IF(AZ23>1,AZ23,BA12/10) -> 79200000 | ... BC23: =IF(BB23>1,BB23,BC12/10) -> 79200000 | BF23: 17 | BG23: N/A | BH23: 270000 | BI23: 300000 | BJ23: 150000 | BK23: 270000 | BP23: S
F24: 3 | G24: BTS Operator | H24: Indoor | I24: Outdoor | AF24: 18 | AH24: 2025 | AM24: 0.85 | AQ24: 7 | AR24: AXIS | AS24: =IF(AS13>1,AS13/10,0) -> 0 | AT24: =IF(AS24>1,AS24,AT13/10) -> 0 | AU24: =IF(AT24>1,AT24,AU13/10) -> 0 | AV24: =IF(AU24>1,AU24,AV13/10) -> 0 | AW24: =IF(AV24>1,AV24,AW13/10) -> 0 | AX24: =IF(AW24>1,AW24,AX13/10) -> 0 | AY24: =IF(AX24>1,AX24,AY13/10) -> 0 | AZ24: =IF(AY24>1,AY24,AZ13/10) -> 0 | BA24: =IF(AZ24>1,AZ24,BA13/10) -> 0 | ... BC24: =IF(BB24>1,BB24,BC13/10) -> 0 | BF24: 18 | BG24: N/A | BH24: 270000 | BI24: 300000 | BJ24: 150000 | BK24: 270000 | BP24: S
B25: 2 | C25: Pemeliharaan | G25: - TSEL | I25: 135000000 | L25: IRR | N25: NPV | O25: NFC | P25: Payback Period | AF25: 19 | AM25: 0.9 | AQ25: 8 | AR25: FLEXI | AS25: =IF(AS14>1,AS14/10,0) -> 0 | AT25: =IF(AS25>1,AS25,AT14/10) -> 0 | AU25: =IF(AT25>1,AT25,AU14/10) -> 0 | AV25: =IF(AU25>1,AU25,AV14/10) -> 0 | AW25: =IF(AV25>1,AV25,AW14/10) -> 0 | AX25: =IF(AW25>1,AW25,AX14/10) -> 0 | AY25: =IF(AX25>1,AX25,AY14/10) -> 0 | AZ25: =IF(AY25>1,AY25,AZ14/10) -> 0 | BA25: =IF(AZ25>1,AZ25,BA14/10) -> 0 | ... BC25: =IF(BB25>1,BB25,BC14/10) -> 0 | BF25: 19 | BG25: N/A | BH25: 270000 | BI25: 300000 | BJ25: 150000 | BK25: 270000 | BP25: S
C26: - Rutin | D26: =Pemeliharaan!E21 -> 15600000 | E26: per Tahun/Site | G26: - ISAT | I26: =I25 -> 135000000 | J26: =MATCH(TRUE,E99:J99,0) -> #N/A | K26: IRR Start from 1st until 6th & until 11th | L26: =IFERROR(IF(M26<20%,"IRR 6th.","IRR 6th:"),"IRR 6th") -> IRR 6th. | M26: =IRR(E97:J97,K6) -> -0.31785169 | N26: =NPV(K5,E97:J97) -> -2.5904827e+08 | O26: =SUM(E97:J97) -> -2.7382832e+08 | P26: =(J26-1+OFFSET(E97,0,J26)/OFFSET(E91,0,J26))*12 -> #N/A | Q26: Bulan | AF26: 20 | AM26: 0.95 | AQ26: 9 | AR26: ESIA | AS26: =IF(AS15>1,AS15/10,0) -> 0 | AT26: =IF(AS26>1,AS26,AT15/10) -> 0 | AU26: =IF(AT26>1,AT26,AU15/10) -> 0 | AV26: =IF(AU26>1,AU26,AV15/10) -> 0 | AW26: =IF(AV26>1,AV26,AW15/10) -> 0 | AX26: =IF(AW26>1,AW26,AX15/10) -> 0 | AY26: =IF(AX26>1,AX26,AY15/10) -> 0 | AZ26: =IF(AY26>1,AY26,AZ15/10) -> 0 | BA26: =IF(AZ26>1,AZ26,BA15/10) -> 0 | ... BC26: =IF(BB26>1,BB26,BC15/10) -> 0 | BF26: 20 | BG26: N/A | BH26: 270000 | BI26: 300000 | BJ26: 150000 | BK26: 270000 | BP26: S
C27: - Perbaikan | D27: 7000000 | E27: per Tahun/Op | G27: - XL | I27: =I26 -> 135000000 | Q27: Tahun | AF27: 21 | AM27: 1 | BF27: 21 | BG27: N/A | BH27: 270000 | BI27: 300000 | BJ27: 150000 | BK27: 270000 | BP27: S
C28: - WT by Vendor | D28: =Pemeliharaan!J20 -> 10000000 | E28: at First/Op | G28: - HCPT | I28: =I27 -> 135000000 | J28: =MATCH(TRUE,E99:O99,0) -> #N/A | L28: =IFERROR(IF(M28<20%,"IRR 11th.","IRR 11th:"),"IRR 11th") -> IRR 11th | M28: =IRR(E97:O97,K6) -> #NUM! | N28: =NPV(K5,E97:O97) -> -5.7943035e+08 | O28: =SUM(E97:O97) -> -8.7008635e+08 | P28: =(J28-1+OFFSET(E97,0,J28)/OFFSET(E91,0,J28))*12 -> #N/A | Q28: Bulan | AF28: 22 | BF28: 22 | BG28: N/A | BH28: 270000 | BI28: 300000 | BJ28: 150000 | BK28: 270000 | BP28: S
C29: - WT Inhouse | D29: =Pemeliharaan!K16 -> 9020000 | E29: per Tahun/All Op | G29: - FM | Q29: Tahun | AF29: 23 | BF29: 23 | BG29: N/A | BH29: 270000 | BI29: 300000 | BJ29: 150000 | BK29: 270000 | BP29: S
C30: - Lain-lain | D30: =SUM(D27:D29)*B30 -> 0 | G30: - SMARTFREN | J30: =MATCH(TRUE,K106:O106,0) -> #N/A | K30: IRR Start from Renewal Rent | L30: =IFERROR(IF(M30<20%,"IRR 5th.","IRR 5th:"),"IRR 5th") -> IRR 5th | M30: =IRR(K104:O104,K6) -> #NUM! | N30: =NPV(K5,K104:O104) -> -4.3894573e+08 | O30: =SUM(K104:O104) -> -5.2766931e+08 | P30: =(J30-1+OFFSET(K104,0,J30)/OFFSET(K102,0,J30))*12 -> #N/A | Q30: Bulan | AF30: 24 | BF30: 24 | BG30: N/A | BH30: 270000 | BI30: 300000 | BJ30: 150000 | BK30: 270000 | BP30: S
G31: - AXIS | I31: ='[77]New IRR (5th)'!T50 -> 0 | AF31: 25 | BF31: 25 | BG31: N/A | BH31: 270000 | BI31: 300000 | BJ31: 150000 | BK31: 270000 | BP31: S
G32: - FLEXI | I32: ='[77]New IRR (5th)'!T51 -> 0 | P32: =P30/12 -> #N/A | Q32: Tahun | AF32: 26 | BF32: 26 | BG32: N/A | BH32: 270000 | BI32: 300000 | BJ32: 150000 | BK32: 270000 | BP32: S
G33: - ESIA | AF33: 27 | BF33: 27 | BG33: N/A | BH33: 270000 | BI33: 300000 | BJ33: 150000 | BK33: 270000 | BP33: S
AF34: 28 | BF34: 28 | BG34: N/A | BH34: 270000 | BI34: 300000 | BJ34: 150000 | BK34: 270000 | BP34: S
B35: Parameter Harga Jual/antena/bulan | BF35: 34 | BG35: N/A | BH35: 270000 | BI35: 300000 | BJ35: 150000 | BK35: 270000 | BP35: S
C36: No | D36: Operator | E36: 2012 | F36: =E36+1 -> 2013 | G36: =F36+1 -> 2014 | H36: =G36+1 -> 2015 | I36: =H36+1 -> 2016 | J36: =I36+1 -> 2017 | K36: =J36+1 -> 2018 | L36: =K36+1 -> 2019 | M36: =L36+1 -> 2020 | ... O36: =N36+1 -> 2022 | BF36: 35 | BG36: N/A | BH36: 270000 | BI36: 300000 | BJ36: 150000 | BK36: 270000 | BP36: S
C37: 1 | D37: TSEL | BF37: 36 | BG37: N/A | BH37: 270000 | BI37: 300000 | BJ37: 150000 | BK37: 270000 | BP37: S
C38: 2 | D38: ISAT | BF38: 37 | BG38: N/A | BH38: 270000 | BI38: 300000 | BJ38: 150000 | BK38: 270000 | BP38: S
C39: 3 | D39: XL | BF39: 38 | BG39: N/A | BH39: 270000 | BI39: 300000 | BJ39: 150000 | BK39: 270000 | BP39: S
C40: 4 | D40: HCPT | BF40: 39 | BG40: N/A | BH40: 270000 | BI40: 300000 | BJ40: 150000 | BK40: 270000 | BP40: S
C41: 5 | D41: FM | BF41: 40 | BG41: 260000 | BH41: 216000 | BI41: 240000 | BJ41: 150000 | BK41: 216000 | BP41: S
C42: 6 | D42: SMARTFREN | E42: 300000 | F42: 300000 | G42: 300000 | H42: =G42 -> 300000 | I42: =H42 -> 300000 | J42: =I42 -> 300000 | K42: =J42 -> 300000 | L42: =K42 -> 300000 | M42: =L42 -> 300000 | N42: =M42 -> 300000 | O42: =N42 -> 300000 | BF42: 41 | BG42: 260000 | BH42: 216000 | BI42: 240000 | BJ42: 150000 | BK42: 216000 | BP42: S
C43: 7 | D43: AXIS | BF43: 42 | BG43: 260000 | BH43: 216000 | BI43: 240000 | BJ43: 150000 | BK43: 216000 | BP43: S
C44: 8 | D44: FLEXI | BF44: 43 | BG44: 260000 | BH44: 216000 | BI44: 240000 | BJ44: 150000 | BK44: 216000 | BP44: S
C45: 9 | D45: ESIA | BF45: 44 | BG45: 260000 | BH45: 216000 | BI45: 240000 | BJ45: 150000 | BK45: 216000 | BP45: S
B46: Operator Join | BF46: 46 | BG46: 260000 | BH46: 216000 | BI46: 240000 | BJ46: 150000 | BK46: 216000 | BP46: S
C47: No | D47: Operator | E47: =E36 -> 2012 | F47: =E47+1 -> 2013 | G47: =F47+1 -> 2014 | H47: =G47+1 -> 2015 | I47: =H47+1 -> 2016 | J47: =I47+1 -> 2017 | K47: =J47+1 -> 2018 | L47: =K47+1 -> 2019 | M47: =L47+1 -> 2020 | ... O47: =N47+1 -> 2022 | BF47: 47 | BG47: 260000 | BH47: 216000 | BI47: 240000 | BJ47: 150000 | BK47: 216000 | BP47: S
B48: =SUM(E48:O48) -> 0 | C48: 1 | D48: TSEL | P48: =IF(B48>1,"Salah","Benar") -> Benar | BF48: 48 | BG48: 260000 | BH48: 216000 | BI48: 240000 | BJ48: 150000 | BK48: 216000 | BP48: S
B49: =SUM(E49:O49) -> 0 | C49: 2 | D49: ISAT | P49: =IF(B49>1,"Salah","Benar") -> Benar | BF49: 49 | BG49: 260000 | BH49: 216000 | BI49: 240000 | BJ49: 150000 | BK49: 216000 | BP49: S
B50: =SUM(E50:O50) -> 0 | C50: 3 | D50: XL | P50: =IF(B50>1,"Salah","Benar") -> Benar | BF50: 50 | BG50: 260000 | BH50: 216000 | BI50: 240000 | BJ50: 150000 | BK50: 216000 | BP50: S
B51: =SUM(E51:O51) -> 0 | C51: 4 | D51: HCPT | P51: =IF(B51>1,"Salah","Benar") -> Benar | BF51: 51 | BG51: 260000 | BH51: 216000 | BI51: 240000 | BJ51: 150000 | BK51: 216000 | BP51: S
B52: =SUM(E52:O52) -> 0 | C52: 5 | D52: FM | P52: =IF(B52>1,"Salah","Benar") -> Benar | BF52: 52 | BG52: 260000 | BH52: 216000 | BI52: 240000 | BJ52: 150000 | BK52: 216000 | BP52: S
B53: =SUM(E53:O53) -> 1 | C53: 6 | D53: SMARTFREN | E53: 1 | P53: =IF(B53>1,"Salah","Benar") -> Benar | BF53: 53 | BG53: 260000 | BH53: 216000 | BI53: 240000 | BJ53: 150000 | BK53: 216000 | BP53: S
B54: =SUM(E54:O54) -> 0 | C54: 7 | D54: AXIS | P54: =IF(B54>1,"Salah","Benar") -> Benar | BF54: 54 | BG54: 260000 | BH54: 216000 | BI54: 240000 | BJ54: 150000 | BK54: 216000 | BP54: S
B55: =SUM(E55:O55) -> 0 | C55: 8 | D55: FLEXI | P55: =IF(B55>1,"Salah","Benar") -> Benar | BF55: 55 | BG55: 260000 | BH55: 216000 | BI55: 240000 | BJ55: 150000 | BK55: 216000 | BP55: S
B56: =SUM(E56:O56) -> 0 | C56: 9 | D56: ESIA | P56: =IF(B56>1,"Salah","Benar") -> Benar | BF56: 56 | BG56: 260000 | BH56: 216000 | BI56: 240000 | BJ56: 150000 | BK56: 216000 | BP56: S
E57: =SUM(E53:E56) -> 1 | F57: =SUM(F48:F51)+E57 -> 1 | G57: =SUM(G48:G51)+F57 -> 1 | H57: =SUM(H48:H51)+G57 -> 1 | I57: =SUM(I48:I51)+H57 -> 1 | J57: =SUM(J48:J51)+I57 -> 1 | K57: =SUM(K48:K51)+J57 -> 1 | L57: =SUM(L48:L51)+K57 -> 1 | M57: =SUM(M48:M51)+L57 -> 1 | ... O57: =SUM(O48:O51)+N57 -> 1 | BF57: 57 | BG57: 260000 | BH57: 216000 | BI57: 240000 | BJ57: 150000 | BK57: 216000 | BP57: S
B58: Kas masuk dari operator | BF58: 58 | BG58: 260000 | BH58: 216000 | BI58: 240000 | BJ58: 150000 | BK58: 216000 | BP58: S
B59: No | C59: Ƹ Ant. PKS | D59: Operator | E59: =E47 -> 2012 | F59: =E59+1 -> 2013 | G59: =F59+1 -> 2014 | H59: =G59+1 -> 2015 | I59: =H59+1 -> 2016 | J59: =I59+1 -> 2017 | K59: =J59+1 -> 2018 | L59: =K59+1 -> 2019 | M59: =L59+1 -> 2020 | ... O59: =N59+1 -> 2022 | P59: TOTAL | BF59: 59 | BG59: 260000 | BH59: 216000 | BI59: 240000 | BJ59: 150000 | BK59: 216000 | BP59: S
B60: 1 | D60: TSEL | P60: =SUM(E60:O60) -> 0 | BF60: 60 | BG60: 260000 | BH60: 216000 | BI60: 240000 | BJ60: 150000 | BK60: 216000 | BP60: S
B61: 2 | D61: ISAT | P61: =SUM(E61:O61) -> 0 | BF61: 61 | BG61: 210000 | BH61: 216000 | BI61: 240000 | BJ61: 150000 | BK61: 216000 | BP61: S
B62: 3 | D62: XL | P62: =SUM(E62:O62) -> 0 | BF62: 62 | BG62: 210000 | BH62: 216000 | BI62: 240000 | BJ62: 150000 | BK62: 216000 | BP62: S
B63: 4 | D63: HCPT | F63: =AS21 -> 0 | P63: =SUM(E63:O63) -> 0 | BF63: 63 | BG63: 210000 | BH63: 216000 | BI63: 240000 | BJ63: 150000 | BK63: 216000 | BP63: S
B64: 5 | D64: SMARTFREN | E64: =E42*$M$15*12 -> 79200000 | F64: =F42*$M$15*12 -> 79200000 | G64: =G42*$M$15*12 -> 79200000 | H64: =G64 -> 79200000 | I64: =H64 -> 79200000 | J64: =I64 -> 79200000 | K64: =J64 -> 79200000 | L64: 78135484 | M64: =K64 -> 79200000 | N64: =M64 -> 79200000 | O64: =N64 -> 79200000 | P64: =SUM(E64:O64) -> 870135484 | BF64: 64 | BG64: 210000 | BH64: 216000 | BI64: 240000 | BJ64: 150000 | BK64: 216000 | BP64: S
B65: 6 | D65: TSEL | P65: =SUM(E65:O65) -> 0 | BF65: 65 | BG65: 210000 | BH65: 216000 | BI65: 240000 | BJ65: 150000 | BK65: 216000 | BP65: S
B66: 7 | D66: ISP | P66: =SUM(E66:O66) -> 0 | BF66: 66 | BG66: 210000 | BH66: 216000 | BI66: 240000 | BJ66: 150000 | BK66: 216000 | BP66: S
B67: 8 | D67: MCP | P67: =SUM(E67:O67) -> 0 | BF67: 67 | BG67: 210000 | BH67: 216000 | BI67: 240000 | BJ67: 150000 | BK67: 216000 | BP67: S
B68: 9 | D68: HCPT | P68: =SUM(E68:O68) -> 0 | BF68: 68 | BG68: 210000 | BH68: 216000 | BI68: 240000 | BJ68: 150000 | BK68: 216000 | BP68: S
E69: =SUM(E60:E68) -> 79200000 | F69: =SUM(F60:F68) -> 79200000 | G69: =SUM(G60:G68) -> 79200000 | H69: =SUM(H60:H68) -> 79200000 | I69: =SUM(I60:I68) -> 79200000 | J69: =SUM(J60:J68) -> 79200000 | K69: =SUM(K60:K68) -> 79200000 | L69: =SUM(L60:L68) -> 78135484 | ... P69: =SUM(P60:P68) -> 870135484 | BF69: 69 | BG69: 210000 | BH69: 216000 | BI69: 240000 | BJ69: 150000 | BK69: 216000 | BP69: S
B70: Asumsi pembayaran | BF70: 71 | BG70: 210000 | BH70: 180000 | BI70: 200000 | BJ70: 150000 | BK70: 180000 | BP70: S
C71: No | D71: Keterangan | E71: =E59 -> 2012 | F71: =E71+1 -> 2013 | G71: =F71+1 -> 2014 | H71: =G71+1 -> 2015 | I71: =H71+1 -> 2016 | J71: =I71+1 -> 2017 | K71: =J71+1 -> 2018 | L71: =K71+1 -> 2019 | M71: =L71+1 -> 2020 | ... O71: =N71+1 -> 2022 | BF71: 72 | BG71: 210000 | BH71: 180000 | BI71: 200000 | BJ71: 150000 | BK71: 180000 | BP71: S
B72: =SUM(E72:O72) -> 1 | C72: 1 | D72: SEWA | E72: 0.1 | F72: 0.3 | G72: 0.6 | P72: =IF(B72=1,0,"Salah") -> 0 | BF72: 73 | BG72: 210000 | BH72: 180000 | BI72: 200000 | BJ72: 150000 | BK72: 180000 | BP72: S
B73: =SUM(E73:O73) -> 1 | C73: 2 | D73: Koordinasi | E73: 1 | P73: =IF(B73=1,0,"Salah") -> 0 | BF73: 74 | BG73: 210000 | BH73: 180000 | BI73: 200000 | BJ73: 150000 | BK73: 180000 | BP73: S
B74: =SUM(E74:O74) -> 1 | C74: 3 | D74: Agensi | E74: 1 | P74: =IF(B74=1,0,"Salah") -> 0 | BF74: 75 | BG74: 210000 | BH74: 180000 | BI74: 200000 | BJ74: 150000 | BK74: 180000 | BP74: S
B75: =SUM(E75:O75) -> 1 | C75: 4 | D75: DAS | E75: 0.95 | F75: 0.05 | P75: =IF(B75=1,0,"Salah") -> 0 | BF75: 76 | BG75: 210000 | BH75: 180000 | BI75: 200000 | BJ75: 150000 | BK75: 180000 | BP75: S
B76: =SUM(E76:O76) -> 10 | C76: 5 | D76: BTS | E76: 1 | G76: 1 | H76: 1 | I76: 1 | J76: 1 | K76: 1 | L76: 1 | M76: 1 | N76: 1 | O76: 1 | P76: =IF(B76=10,0,"Salah") -> 0 | BF76: 77 | BG76: 210000 | BH76: 180000 | BI76: 200000 | BJ76: 150000 | BK76: 180000 | BP76: S
B77: =SUM(E77:O77) -> 10 | C77: 6 | D77: Listrik | F77: 1 | G77: 1 | H77: 1 | I77: 1 | J77: 1 | K77: 1 | L77: 1 | M77: 1 | N77: 1 | O77: 1 | P77: =IF(B77=10,0,"Salah") -> 0 | BF77: 78 | BG77: 210000 | BH77: 180000 | BI77: 200000 | BJ77: 150000 | BK77: 180000 | BP77: S
B78: =SUM(E78:O78) -> 10 | C78: 7 | D78: Pemeliharaan | F78: 1 | G78: 1 | H78: 1 | I78: 1 | J78: 1 | K78: 1 | L78: 1 | M78: 1 | N78: 1 | O78: 1 | P78: =IF(B78=10,0,"Salah") -> 0 | BF78: 79 | BG78: 210000 | BH78: 180000 | BI78: 200000 | BJ78: 150000 | BK78: 180000 | BP78: S
B79: =SUM(E79:O79) -> 10 | C79: 8 | D79: Lain-lain Opex | F79: 1 | G79: 1 | H79: 1 | I79: 1 | J79: 1 | K79: 1 | L79: 1 | M79: 1 | N79: 1 | O79: 1 | P79: =IF(B79=10,0,"Salah") -> 0 | BF79: 80 | BG79: 210000 | BH79: 180000 | BI79: 200000 | BJ79: 150000 | BK79: 180000 | BP79: S
B80: Kas keluar | BF80: 82 | BG80: 180000 | BH80: 180000 | BI80: 200000 | BJ80: 150000 | BK80: 180000 | BP80: S
C81: No | D81: Operator | E81: =E71 -> 2012 | F81: =E81+1 -> 2013 | G81: =F81+1 -> 2014 | H81: =G81+1 -> 2015 | I81: =H81+1 -> 2016 | J81: =I81+1 -> 2017 | K81: =J81+1 -> 2018 | L81: =K81+1 -> 2019 | M81: =L81+1 -> 2020 | ... O81: =N81+1 -> 2022 | P81: TOTAL | BF81: 83 | BG81: 180000 | BH81: 180000 | BI81: 200000 | BJ81: 150000 | BK81: 180000 | BP81: S
C82: 1 | D82: SEWA | G82: 225000000 | K82: 280000000 | M82: =285000000/2 -> 142500000 | N82: =M82 -> 142500000 | P82: =SUM(E82:O82) -> 790000000 | BF82: 84 | BG82: 180000 | BH82: 180000 | BI82: 200000 | BJ82: 150000 | BK82: 180000 | BP82: S
C83: 2 | D83: Koordinasi | E83: =E73*$H$17 -> 0 | F83: =F73*$H$17 -> 0 | G83: =G73*$H$17 -> 0 | H83: =H73*$H$17 -> 0 | I83: =I73*$H$17 -> 0 | J83: =J73*$H$17 -> 0 | K83: =K73*$H$17 -> 0 | L83: =L73*$H$17 -> 0 | ... O83: =O73*$H$17 -> 0 | P83: =SUM(E83:O83) -> 0 | BF83: 85 | BG83: 180000 | BH83: 180000 | BI83: 200000 | BJ83: 150000 | BK83: 180000 | BP83: S
C84: 3 | D84: DAS | E84: 293400000 | G84: 24000000 | H84: 52009420 | I84: 1832120 | J84: =J74*$H$18 -> 0 | K84: =K74*$H$18 -> 0 | L84: =L74*$H$18 -> 0 | M84: =M74*$H$18 -> 0 | N84: =N74*$H$18 -> 0 | O84: =O74*$H$18 -> 0 | P84: =SUM(E84:O84) -> 371241540 | BF84: 86 | BG84: 180000 | BH84: 180000 | BI84: 200000 | BJ84: 150000 | BK84: 180000 | BP84: S
C85: 4 | D85: Gpon | F85: =F76*H22 -> 0 | I85: 0 | J85: 0 | K85: 0 | M85: 0 | N85: 0 | O85: 0 | P85: =SUM(E85:O85) -> 0 | BF85: 87 | BG85: 180000 | BH85: 180000 | BI85: 200000 | BJ85: 150000 | BK85: 180000 | BP85: S
C86: 5 | D86: BTS | I86: 0 | J86: 0 | M86: 0 | N86: 0 | O86: 0 | P86: =SUM(E86:O86) -> 0 | BF86: 88 | BG86: 180000 | BH86: 180000 | BI86: 200000 | BJ86: 150000 | BK86: 180000 | BP86: S
C87: 6 | D87: Listrik | I87: 10735674 | J87: 10196976 | K87: 13624380 | L87: =K87 -> 13624380 | M87: =$D$15 -> 36000000 | N87: =$D$15 -> 36000000 | O87: =$D$15 -> 36000000 | P87: =SUM(E87:O87) -> 156181410 | BF87: 89 | BG87: 180000 | BH87: 180000 | BI87: 200000 | BJ87: 150000 | BK87: 180000 | BP87: S
C88: 7 | D88: Pemeliharaan | G88: 8800040 | H88: 6000000 | M88: =($D$26*M57)+($D$27*M57)+($D$28*SUM(M48:M51))+($D$29*4/4) -> 31620000 | N88: =($D$26*N57)+($D$27*N57)+($D$28*SUM(N48:N51))+($D$29*4/4) -> 31620000 | O88: =($D$26*O57)+($D$27*O57)+($D$28*SUM(O48:O51))+($D$29*4/4) -> 31620000 | P88: =SUM(E88:O88) -> 109660040 | BF88: 90 | BG88: 180000 | BH88: 180000 | BI88: 200000 | BJ88: 150000 | BK88: 180000 | BP88: S
C89: 8 | D89: Lain-lain Opex | P89: =SUM(F89:O89) -> 0 | BF89: 91 | BG89: 180000 | BH89: 180000 | BI89: 200000 | BJ89: 150000 | BK89: 180000 | BP89: S
P90: =SUM(P82:P89) -> 1427082990 | BF90: 92 | BG90: 180000 | BH90: 180000 | BI90: 200000 | BJ90: 150000 | BK90: 180000 | BP90: S
B91: Kas Bersih | E91: =E97 -> -232942500 | F91: =F97+E91 -> -165555000 | G91: =G97+F91 -> -3.7159504e+08 | H91: =H97+G91 -> -3.7599029e+08 | I91: =I97+H91 -> -3.2911359e+08 | J91: =J97+I91 -> -2.7382832e+08 | K91: =K97+J91 -> -5.2073257e+08 | L91: =L97+K91 -> -4.8305663e+08 | M91: =M97+L91 -> -6.5226728e+08 | ... O91: =O97+N91 -> -8.7008635e+08 | BF91: 94 | BG91: 180000 | BH91: 180000 | BI91: 200000 | BJ91: 150000 | BK91: 180000 | BP91: S
C92: No | D92: Operator | E92: =E81 -> 2012 | F92: =E92+1 -> 2013 | G92: =F92+1 -> 2014 | H92: =G92+1 -> 2015 | I92: =H92+1 -> 2016 | J92: =I92+1 -> 2017 | K92: =J92+1 -> 2018 | L92: =K92+1 -> 2019 | M92: =L92+1 -> 2020 | ... O92: =N92+1 -> 2022 | P92: TOTAL | BF92: 95 | BG92: 180000 | BH92: 180000 | BI92: 200000 | BJ92: 150000 | BK92: 180000 | BP92: S
C93: 1 | D93: Kas Masuk | E93: =SUM(E60:E68) -> 79200000 | F93: =SUM(F60:F68) -> 79200000 | G93: =SUM(G60:G68) -> 79200000 | H93: =SUM(H60:H68) -> 79200000 | I93: =SUM(I60:I68) -> 79200000 | J93: =SUM(J60:J68) -> 79200000 | K93: =SUM(K60:K68) -> 79200000 | L93: =SUM(L60:L68) -> 78135484 | ... O93: =SUM(O60:O68) -> 79200000 | P93: =SUM(E93:O93) -> 870135484 | BF93: 96 | BG93: 180000 | BH93: 180000 | BI93: 200000 | BJ93: 150000 | BK93: 180000 | BP93: S
C94: 2 | D94: Kas Keluar | E94: =SUM(E82:E89) -> 293400000 | F94: =SUM(F82:F89) -> 0 | G94: =SUM(G82:G89) -> 257800040 | H94: =SUM(H82:H89) -> 58009420 | I94: =SUM(I82:I89) -> 12567794 | J94: =SUM(J82:J89) -> 10196976 | K94: =SUM(K82:K89) -> 293624380 | L94: =SUM(L82:L89) -> 13624380 | ... O94: =SUM(O82:O89) -> 67620000 | P94: =SUM(E94:O94) -> 1427082990 | BF94: 97 | BG94: 180000 | BH94: 180000 | BI94: 200000 | BJ94: 150000 | BK94: 180000 | BP94: S
D95: Kas Bersih | E95: =E93-E94 -> -214200000 | F95: =F93-F94 -> 79200000 | G95: =G93-G94 -> -178600040 | H95: =H93-H94 -> 21190580 | I95: =I93-I94 -> 66632206 | J95: =J93-J94 -> 69003024 | K95: =K93-K94 -> -214424380 | L95: =L93-L94 -> 64511104 | ... O95: =O93-O94 -> 11580000 | P95: =SUM(E95:O95) -> -556947506 | BF95: 98 | BG95: 180000 | BH95: 180000 | BI95: 200000 | BJ95: 150000 | BK95: 180000 | BP95: S
D96: Biaya Bunga | E96: =E101 -> -18742500 | F96: =F101 -> -11812500 | G96: =G101 -> -27440004 | H96: =H101 -> -25585828 | I96: =I101 -> -19755510 | J96: =J101 -> -13717745 | K96: =K101 -> -32479878 | L96: =L101 -> -26835157 | ... O96: =O101 -> -48732907 | P96: =SUM(E96:O96) -> -3.1313884e+08 | BF96: 99 | BG96: 180000 | BH96: 180000 | BI96: 200000 | BJ96: 150000 | BK96: 180000 | BP96: S
D97: Jumlah | E97: =E95+E96 -> -232942500 | F97: =F95+F96 -> 67387500 | G97: =G95+G96 -> -2.0604004e+08 | H97: =H95+H96 -> -4395247.8 | I97: =I95+I96 -> 46876696 | J97: =J95+J96 -> 55285279 | K97: =K95+K96 -> -2.4690426e+08 | L97: =L95+L96 -> 37675947 | ... O97: =O95+O96 -> -37152907 | P97: =SUM(P95:P96) -> -8.7008635e+08 | BF97: 100 | BG97: 180000 | BH97: 166500 | BI97: 185000 | BJ97: 150000 | BK97: 166500 | BP97: S
D98: Sld.Cash Flow | E98: =E97 -> -232942500 | F98: =E98+F97 -> -165555000 | G98: =F98+G97 -> -3.7159504e+08 | H98: =G98+H97 -> -3.7599029e+08 | I98: =H98+I97 -> -3.2911359e+08 | J98: =I98+J97 -> -2.7382832e+08 | K98: =J98+K97 -> -5.2073257e+08 | L98: =K98+L97 -> -4.8305663e+08 | M98: =L98+M97 -> -6.5226728e+08 | ... O98: =N98+O97 -> -8.7008635e+08
E99: =E91>=0 -> FALSE | F99: =F91>=0 -> FALSE | G99: =G91>=0 -> FALSE | H99: =H91>=0 -> FALSE | I99: =I91>=0 -> FALSE | J99: =J91>=0 -> FALSE | K99: =K91>=0 -> FALSE | L99: =L91>=0 -> FALSE | ... O99: =O91>=0 -> FALSE | BF99: 101 | BG99: 165000 | BH99: 166500 | BI99: 185000 | BJ99: 150000 | BK99: 166500 | BP99: M
E100: =E95 -> -214200000 | F100: =F95+E100 -> -135000000 | G100: =G95+F100 -> -313600040 | H100: =H95+G100 -> -292409460 | I100: =I95+H100 -> -225777254 | J100: =J95+I100 -> -156774230 | K100: =K95+J100 -> -371198610 | L100: =L95+K100 -> -306687506 | M100: =M95+L100 -> -437607506 | ... O100: =O95+N100 -> -556947506 | BF100: 102 | BG100: 165000 | BH100: 166500 | BI100: 185000 | BJ100: 150000 | BK100: 166500 | BP100: M
...

Sheet IRR Expand
N1: Parameter umum
B2: INTERNAL RATE OF RETURN (IRR) | N2: Tingkat bunga Deposito | O2: 0.0225 | P2: /tahun | Q2: No IRR : | R2: /IRR/10/2019
N3: Discount Rate | O3: 0.15
B4: Nama Bangunan | D4: : | E4: RS Graha Kedoya | N4: Tingkat bunga Pinjaman | O4: 0.1 | P4: /tahun
B5: Alamat | D5: : | N5: Tingkat bunga Deposito | O5: 0.075 | P5: /tahun | Q5: Jumlah Lantai : | BK5: TSEL | BL5: ISAT | BM5: XL | BN5: HCPT | BO5: FM | BP5: SMARTFREN | BQ5: AXIS | BR5: FLEXI | BS5: ESIA
B6: Lokasi Bangunan | D6: : | N6: Discount Rate | O6: 0.15 | Q6: Masa Sewa : | R6: 5 | S6: Tahun | AG6: Lokasi Bangunan | AH6: Type Bangunan | AI6: Status | AJ6: Tanggal | AK6: Bulan | AL6: Tahun | AM6: Status IRR | AN6: Operator Join | AO6: Masa Sewa | AP6: persentase | AQ6: persentase pembayaran | AU6: No | AV6: Operator | AW6: =L9 -> 0 | AX6: =AW6+1 -> 1 | AY6: =AX6+1 -> 2 | AZ6: =AY6+1 -> 3 | BA6: =AZ6+1 -> 4 | BB6: =BA6+1 -> 5 | BC6: =BB6+1 -> 6 | BD6: =BC6+1 -> 7 | BE6: =BD6+1 -> 8 | ... BG6: =BF6+1 -> 10
B7: Type Bangunan | D7: : | M7: =VLOOKUP(R15,AZ7:BJ754,11,FALSE) -> #N/A | N7: Tingkat bunga Pinjaman | O7: 0.125 | P7: /tahun | AG7: Jabodetabek | AH7: Mall | AI7: Bangunan Baru | AJ7: 1 | AK7: Januari | AL7: 2008 | AM7: Baru | AU7: 1 | AV7: TSEL | AW7: =E37*$R$15*E48*120 -> 0 | AX7: =F37*$R$15*F48*120 -> 0 | AY7: =G37*$R$15*G48*120 -> 0 | AZ7: =H37*$R$15*H48*120 -> 0 | BA7: =I37*$R$15*I48*120 -> 0 | BB7: =J37*$R$15*J48*120 -> 0 | BC7: =K37*$R$15*K48*120 -> 0 | BD7: =L37*$R$15*L48*120 -> 0 | ... BG7: =O37*$R$15*O48*120 -> 0 | BJ7: 1 | BK7: N/A | BL7: 270000 | BM7: 300000 | BN7: 150000 | BO7: 270000 | BT7: S
B8: Status | D8: : | N8: Kurs | O8: 15000 | P8: / USD 1 | AG8: Jawa Tengah | AH8: Superblok | AI8: Bangunan Lama | AJ8: 2 | AK8: Februari | AL8: 2009 | AM8: Revisi I | AN8: 1 | AO8: 1 | AP8: 0.05 | AQ8: 0.05 | AU8: 2 | AV8: ISAT | AW8: =E38*$R$15*E49*120 -> 0 | AX8: =F38*$R$15*F49*120 -> 0 | AY8: =G38*$R$15*G49*120 -> 0 | AZ8: =H38*$R$15*H49*120 -> 0 | BA8: =I38*$R$15*I49*120 -> 0 | BB8: =J38*$R$15*J49*120 -> 0 | BC8: =K38*$R$15*K49*120 -> 0 | BD8: =L38*$R$15*L49*120 -> 0 | ... BG8: =O38*$R$15*O49*120 -> 0 | BJ8: 2 | BK8: N/A | BL8: 270000 | BM8: 300000 | BN8: 150000 | BO8: 270000 | BT8: S
B9: Tanggal | D9: : | AG9: Jawa Timur | AH9: Rumah Sakit | AJ9: 3 | AK9: Maret | AL9: 2010 | AM9: Revisi II | AO9: 3 | AP9: 0.1 | AQ9: 0.1 | AU9: 3 | AV9: XL | AW9: =E39*$R$15*E50*120 -> 0 | AX9: =F39*$R$15*F50*120 -> 0 | AY9: =G39*$R$15*G50*120 -> 0 | AZ9: =H39*$R$15*H50*120 -> 0 | BA9: =I39*$R$15*I50*120 -> 0 | BB9: =J39*$R$15*J50*120 -> 0 | BC9: =K39*$R$15*K50*120 -> 0 | BD9: =L39*$R$15*L50*120 -> 0 | ... BG9: =O39*$R$15*O50*120 -> 0 | BJ9: 3 | BK9: N/A | BL9: 270000 | BM9: 300000 | BN9: 150000 | BO9: 270000 | BT9: S
B10: Status IRR | D10: : | AG10: Jawa Barat | AH10: Rusunami | AJ10: 4 | AK10: April | AL10: 2011 | AM10: Revisi III | AO10: 5 | AQ10: 0.15 | AU10: 4 | AV10: HCPT | AW10: =E40*$R$15*E51*120 -> 0 | AX10: =F40*$R$15*F51*120 -> 0 | AY10: =G40*$R$15*G51*120 -> 0 | AZ10: =H40*$R$15*H51*120 -> 0 | BA10: =I40*$R$15*I51*120 -> 0 | BB10: =J40*$R$15*J51*120 -> 0 | BC10: =K40*$R$15*K51*120 -> 0 | BD10: =L40*$R$15*L51*120 -> 0 | ... BG10: =O40*$R$15*O51*120 -> 0 | BJ10: 4 | BK10: N/A | BL10: 270000 | BM10: 300000 | BN10: 150000 | BO10: 270000 | BT10: S
S11: From Renewal Rent | AG11: Kalimantan | AH11: Office | AJ11: 5 | AK11: Mei | AL11: 2012 | AO11: 10 | AQ11: 0.2 | AU11: 5 | AV11: FM | AW11: =E41*$R$15*E52*120 -> 0 | AX11: =F41*$R$15*F52*120 -> 0 | AY11: =G41*$R$15*G52*120 -> 0 | AZ11: =H41*$R$15*H52*120 -> 0 | BA11: =I41*$R$15*I52*120 -> 0 | BB11: =J41*$R$15*J52*120 -> 0 | BC11: =K41*$R$15*K52*120 -> 0 | BD11: =L41*$R$15*L52*120 -> 0 | ... BG11: =O41*$R$15*O52*120 -> 0 | BJ11: 5 | BK11: N/A | BL11: 270000 | BM11: 300000 | BN11: 150000 | BO11: 270000 | BT11: S
O12: SUMMARY | Q12: 6th | R12: 15th | S12: 6th | AG12: Sumatra | AH12: Universitas | AJ12: 6 | AK12: Juni | AL12: 2013 | AQ12: 0.25 | AU12: 6 | AV12: SMARTFREN | AW12: =E42*$R$15*E53*120 -> 0 | AX12: =F42*$R$15*F53*120 -> 0 | AY12: =G42*$R$15*G53*120 -> 0 | AZ12: =H42*$R$15*H53*120 -> 0 | BA12: =I42*$R$15*I53*120 -> 0 | BB12: =J42*$R$15*J53*120 -> 0 | BC12: =K42*$R$15*K53*120 -> 0 | BD12: =L42*$R$15*L53*120 -> 0 | ... BG12: =O42*$R$15*O53*120 -> 0 | BJ12: 6 | BK12: N/A | BL12: 270000 | BM12: 300000 | BN12: 150000 | BO12: 270000 | BT12: S
B13: Parameter Harga untuk OPEX | J13: Parameter Harga untuk CAPEX | O13: Perkiraan Umum | AG13: Sulawesi | AH13: Hotel | AJ13: 7 | AK13: Juli | AL13: 2014 | AQ13: 0.3 | AU13: 7 | AV13: AXIS | AW13: =E43*$R$15*E54*120 -> 0 | AX13: =F43*$R$15*F54*120 -> 0 | AY13: =G43*$R$15*G54*120 -> 0 | AZ13: =H43*$R$15*H54*120 -> 0 | BA13: =I43*$R$15*I54*120 -> 0 | BB13: =J43*$R$15*J54*120 -> 0 | BC13: =K43*$R$15*K54*120 -> 0 | BD13: =L43*$R$15*L54*120 -> 0 | ... BG13: =O43*$R$15*O54*120 -> 0 | BJ13: 7 | BK13: N/A | BL13: 270000 | BM13: 300000 | BN13: 150000 | BO13: 270000 | BT13: S
B14: 1 | C14: Listrik | D14: Jumlah | J14: No | K14: Keterangan | L14: =L9 -> 0 | M14: Keterangan | O14: Jumlah Antena Asset | AG14: Bali/Lombok | AH14: Traditional Market | AJ14: 8 | AK14: Agustus | AL14: 2015 | AQ14: 0.35 | AU14: 8 | AV14: FLEXI | AW14: =E44*$R$15*E55*120 -> 0 | AX14: =F44*$R$15*F55*120 -> 0 | AY14: =G44*$R$15*G55*120 -> 0 | AZ14: =H44*$R$15*H55*120 -> 0 | BA14: =I44*$R$15*I55*120 -> 0 | BB14: =J44*$R$15*J55*120 -> 0 | BC14: =K44*$R$15*K55*120 -> 0 | BD14: =L44*$R$15*L55*120 -> 0 | ... BG14: =O44*$R$15*O55*120 -> 0 | BJ14: 8 | BK14: N/A | BL14: 270000 | BM14: 300000 | BN14: 150000 | BO14: 270000 | BT14: S
C15: - TSEL | D15: 36000000 | E15: per Tahun | J15: 1 | K15: SITAC | O15: Jumlah Antena PKS BM | Q15: 61 | R15: =Q15 -> 61 | S15: =R15 -> 61 | T15: Antena | AG15: Ind Bg Tim | AH15: Apartement | AJ15: 9 | AK15: September | AL15: 2016 | AQ15: 0.4 | AU15: 9 | AV15: ESIA | AW15: =E45*$R$15*E56*120 -> 0 | AX15: =F45*$R$15*F56*120 -> 0 | AY15: =G45*$R$15*G56*120 -> 0 | AZ15: =H45*$R$15*H56*120 -> 0 | BA15: =I45*$R$15*I56*120 -> 0 | BB15: =J45*$R$15*J56*120 -> 0 | BC15: =K45*$R$15*K56*120 -> 0 | BD15: =L45*$R$15*L56*120 -> 0 | ... BG15: =O45*$R$15*O56*120 -> 0 | BJ15: 9 | BK15: N/A | BL15: 270000 | BM15: 300000 | BN15: 150000 | BO15: 270000 | BT15: S
C16: - ISAT | D16: 36000000 | E16: per Tahun | J16: =M7&E7&E6 -> #N/A | K16: - Sewa Lahan | L16: =600000000/5 -> 120000000 | M16: per tahun | O16: DAS per Antenna | Q16: =T84/Q15 -> 10450852 | R16: =Q16 -> 10450852 | S16: =R16 -> 10450852 | T16: /Antenna | AH16: Entertaint Area | AJ16: 10 | AK16: Oktober | AL16: 2017 | AQ16: 0.45 | BJ16: 10 | BK16: N/A | BL16: 270000 | BM16: 300000 | BN16: 150000 | BO16: 270000 | BT16: S
C17: - XL | E17: per Tahun | K17: - Biaya Koordinasi | M17: per bangunan | O17: Jumlah Pole Makro | R17: =Q17 -> 0 | S17: =R17 -> 0 | T17: Pole | AJ17: 11 | AK17: November | AL17: 2018 | AQ17: 0.5 | AU17: No | AV17: Operator | AW17: =AW6 -> 0 | AX17: =AW17+1 -> 1 | AY17: =AX17+1 -> 2 | AZ17: =AY17+1 -> 3 | BA17: =AZ17+1 -> 4 | BB17: =BA17+1 -> 5 | BC17: =BB17+1 -> 6 | BD17: =BC17+1 -> 7 | BE17: =BD17+1 -> 8 | ... BG17: =BF17+1 -> 10 | BJ17: 11 | BK17: N/A | BL17: 270000 | BM17: 300000 | BN17: 150000 | BO17: 270000 | BT17: S
C18: - HCPT | E18: per Tahun | K18: - Biaya Agensi | M18: per bangunan | O18: Pendapatan dari operator | Q18: =SUM(E69:J69) -> 3021950000 | R18: =SUM(E69:S69) -> 6.7428633e+09 | S18: =SUM(N60:S68) -> 2443248000 | AJ18: 12 | AK18: Desember | AL18: 2019 | AQ18: 0.55 | AU18: 1 | AV18: TSEL | AW18: =IF(AW7>1,AW7/10,0) -> 0 | AX18: =IF(AW18>1,AW18,AX7/10) -> 0 | AY18: =IF(AX18>1,AX18,AY7/10) -> 0 | AZ18: =IF(AY18>1,AY18,AZ7/10) -> 0 | BA18: =IF(AZ18>1,AZ18,BA7/10) -> 0 | BB18: =IF(BA18>1,BA18,BB7/10) -> 0 | BC18: =IF(BB18>1,BB18,BC7/10) -> 0 | BD18: =IF(BC18>1,BC18,BD7/10) -> 0 | BE18: =IF(BD18>1,BD18,BE7/10) -> 0 | ... BG18: =IF(BF18>1,BF18,BG7/10) -> 0 | BJ18: 12 | BK18: N/A | BL18: 270000 | BM18: 300000 | BN18: 150000 | BO18: 270000 | BT18: S
C19: - FM | E19: per Tahun | O19: Pembelian Aset Tetap | Q19: =-SUM(E84:J86) -> -8.0903619e+08 | R19: =-SUM(E84:S86) -> -1.0002399e+09 | S19: =-SUM(N84:S86) -> -1.762412e+08 | AJ19: 13 | AL19: 2020 | AQ19: 0.6 | AU19: 2 | AV19: ISAT | AW19: =IF(AW8>1,AW8/10,0) -> 0 | AX19: =IF(AW19>1,AW19,AX8/10) -> 0 | AY19: =IF(AX19>1,AX19,AY8/10) -> 0 | AZ19: =IF(AY19>1,AY19,AZ8/10) -> 0 | BA19: =IF(AZ19>1,AZ19,BA8/10) -> 0 | BB19: =IF(BA19>1,BA19,BB8/10) -> 0 | BC19: =IF(BB19>1,BB19,BC8/10) -> 0 | BD19: =IF(BC19>1,BC19,BD8/10) -> 0 | BE19: =IF(BD19>1,BD19,BE8/10) -> 0 | ... BG19: =IF(BF19>1,BF19,BG8/10) -> 0 | BJ19: 13 | BK19: N/A | BL19: 270000 | BM19: 300000 | BN19: 150000 | BO19: 270000 | BT19: S
C20: - SMARTFREN | E20: per Tahun | J20: 2 | K20: ASSET (non Op) | O20: Biaya Sewa | Q20: =-SUM(E82:J82) -> -1155000000 | R20: =-SUM(E82:S82) -> -1755000000 | S20: =-SUM(N82:S82) -> -600000000 | AJ20: 14 | AL20: 2021 | AQ20: 0.65 | AU20: 3 | AV20: XL | AW20: =IF(AW9>1,AW9/10,0) -> 0 | AX20: =IF(AW20>1,AW20,AX9/10) -> 0 | AY20: =IF(AX20>1,AX20,AY9/10) -> 0 | AZ20: =IF(AY20>1,AY20,AZ9/10) -> 0 | BA20: =IF(AZ20>1,AZ20,BA9/10) -> 0 | BB20: =IF(BA20>1,BA20,BB9/10) -> 0 | BC20: =IF(BB20>1,BB20,BC9/10) -> 0 | BD20: =IF(BC20>1,BC20,BD9/10) -> 0 | BE20: =IF(BD20>1,BD20,BE9/10) -> 0 | ... BG20: =IF(BF20>1,BF20,BG9/10) -> 0 | BJ20: 14 | BK20: N/A | BL20: 270000 | BM20: 300000 | BN20: 150000 | BO20: 270000 | BT20: S
C21: - AXIS | E21: per Tahun | K21: - DAS (all in) | L21: =[78]CApex!X3 -> 507763057 | M21: Sesuai BOQ | O21: Biaya Operasional | Q21: =-SUM(E87:J89) -> -1.7153547e+08 | R21: =-SUM(E87:S89) -> -5.4059635e+08 | S21: =-SUM(N87:S89) -> -342000000 | AJ21: 15 | AL21: 2022 | AQ21: 0.7 | AU21: 4 | AV21: HCPT | AW21: =IF(AW10>1,AW10/10,0) -> 0 | AX21: =IF(AW21>1,AW21,AX10/10) -> 0 | AY21: =IF(AX21>1,AX21,AY10/10) -> 0 | AZ21: =IF(AY21>1,AY21,AZ10/10) -> 0 | BA21: =IF(AZ21>1,AZ21,BA10/10) -> 0 | BB21: =IF(BA21>1,BA21,BB10/10) -> 0 | BC21: =IF(BB21>1,BB21,BC10/10) -> 0 | BD21: =IF(BC21>1,BC21,BD10/10) -> 0 | BE21: =IF(BD21>1,BD21,BE10/10) -> 0 | ... BG21: =IF(BF21>1,BF21,BG10/10) -> 0 | BJ21: 15 | BK21: N/A | BL21: 270000 | BM21: 300000 | BN21: 150000 | BO21: 270000 | BT21: S
C22: - FLEXI | E22: per Tahun | O22: Pendapatan Bunga (Biaya Bunga) | Q22: =SUM(E96:J96) -> 3.0168002e+08 | R22: =SUM(E96:S96) -> 1.8303261e+09 | S22: =SUM(N103:S103) -> 1.9599583e+08 | AJ22: 16 | AL22: 2023 | AQ22: 0.75 | AU22: 5 | AV22: FM | AW22: =IF(AW11>1,AW11/10,0) -> 0 | AX22: =IF(AW22>1,AW22,AX11/10) -> 0 | AY22: =IF(AX22>1,AX22,AY11/10) -> 0 | AZ22: =IF(AY22>1,AY22,AZ11/10) -> 0 | BA22: =IF(AZ22>1,AZ22,BA11/10) -> 0 | BB22: =IF(BA22>1,BA22,BB11/10) -> 0 | BC22: =IF(BB22>1,BB22,BC11/10) -> 0 | BD22: =IF(BC22>1,BC22,BD11/10) -> 0 | BE22: =IF(BD22>1,BD22,BE11/10) -> 0 | ... BG22: =IF(BF22>1,BF22,BG11/10) -> 0 | BJ22: 16 | BK22: N/A | BL22: 270000 | BM22: 300000 | BN22: 150000 | BO22: 270000 | BT22: S
C23: - ESIA | E23: per Tahun | O23: Arus Kas Bersih | Q23: =SUM(Q18:Q22) -> 1.1880584e+09 | R23: =SUM(R18:R22) -> 5.2773532e+09 | S23: =SUM(S18:S22) -> 1.5210026e+09 | AJ23: 17 | AL23: 2024 | AQ23: 0.8 | AU23: 6 | AV23: SMARTFREN | AW23: =IF(AW12>1,AW12/10,0) -> 0 | AX23: =IF(AW23>1,AW23,AX12/10) -> 0 | AY23: =IF(AX23>1,AX23,AY12/10) -> 0 | AZ23: =IF(AY23>1,AY23,AZ12/10) -> 0 | BA23: =IF(AZ23>1,AZ23,BA12/10) -> 0 | BB23: =IF(BA23>1,BA23,BB12/10) -> 0 | BC23: =IF(BB23>1,BB23,BC12/10) -> 0 | BD23: =IF(BC23>1,BC23,BD12/10) -> 0 | BE23: =IF(BD23>1,BD23,BE12/10) -> 0 | ... BG23: =IF(BF23>1,BF23,BG12/10) -> 0 | BJ23: 17 | BK23: N/A | BL23: 270000 | BM23: 300000 | BN23: 150000 | BO23: 270000 | BT23: S
J24: 3 | K24: BTS Operator | L24: Indoor | M24: Outdoor | AJ24: 18 | AL24: 2025 | AQ24: 0.85 | AU24: 7 | AV24: AXIS | AW24: =IF(AW13>1,AW13/10,0) -> 0 | AX24: =IF(AW24>1,AW24,AX13/10) -> 0 | AY24: =IF(AX24>1,AX24,AY13/10) -> 0 | AZ24: =IF(AY24>1,AY24,AZ13/10) -> 0 | BA24: =IF(AZ24>1,AZ24,BA13/10) -> 0 | BB24: =IF(BA24>1,BA24,BB13/10) -> 0 | BC24: =IF(BB24>1,BB24,BC13/10) -> 0 | BD24: =IF(BC24>1,BC24,BD13/10) -> 0 | BE24: =IF(BD24>1,BD24,BE13/10) -> 0 | ... BG24: =IF(BF24>1,BF24,BG13/10) -> 0 | BJ24: 18 | BK24: N/A | BL24: 270000 | BM24: 300000 | BN24: 150000 | BO24: 270000 | BT24: S
B25: 2 | C25: Pemeliharaan | K25: - TSEL | M25: =[78]CApex!X6 -> 62832464 | P25: IRR | R25: NPV | S25: NFC | T25: Payback Period | AJ25: 19 | AQ25: 0.9 | AU25: 8 | AV25: FLEXI | AW25: =IF(AW14>1,AW14/10,0) -> 0 | AX25: =IF(AW25>1,AW25,AX14/10) -> 0 | AY25: =IF(AX25>1,AX25,AY14/10) -> 0 | AZ25: =IF(AY25>1,AY25,AZ14/10) -> 0 | BA25: =IF(AZ25>1,AZ25,BA14/10) -> 0 | BB25: =IF(BA25>1,BA25,BB14/10) -> 0 | BC25: =IF(BB25>1,BB25,BC14/10) -> 0 | BD25: =IF(BC25>1,BC25,BD14/10) -> 0 | BE25: =IF(BD25>1,BD25,BE14/10) -> 0 | ... BG25: =IF(BF25>1,BF25,BG14/10) -> 0 | BJ25: 19 | BK25: N/A | BL25: 270000 | BM25: 300000 | BN25: 150000 | BO25: 270000 | BT25: S
C26: - Rutin | E26: per Tahun/Site | K26: - ISAT | N26: =MATCH(TRUE,E99:J99,0) -> 2 | O26: IRR Start from 1st until 6th & until 15th | P26: =IFERROR(IF(Q26<20%,"IRR 6th.","IRR 6th:"),"IRR 6th") -> IRR 6th: | Q26: =IRR(E97:J97,O6) -> 1.0905768 | R26: =NPV(O5,E97:J97) -> 9.4716813e+08 | S26: =SUM(E97:J97) -> 1.1880584e+09 | T26: =(N26-1+OFFSET(E97,0,N26)/OFFSET(E91,0,N26))*12 -> 17.391965 | U26: Bulan | AJ26: 20 | AQ26: 0.95 | AU26: 9 | AV26: ESIA | AW26: =IF(AW15>1,AW15/10,0) -> 0 | AX26: =IF(AW26>1,AW26,AX15/10) -> 0 | AY26: =IF(AX26>1,AX26,AY15/10) -> 0 | AZ26: =IF(AY26>1,AY26,AZ15/10) -> 0 | BA26: =IF(AZ26>1,AZ26,BA15/10) -> 0 | BB26: =IF(BA26>1,BA26,BB15/10) -> 0 | BC26: =IF(BB26>1,BB26,BC15/10) -> 0 | BD26: =IF(BC26>1,BC26,BD15/10) -> 0 | BE26: =IF(BD26>1,BD26,BE15/10) -> 0 | ... BG26: =IF(BF26>1,BF26,BG15/10) -> 0 | BJ26: 20 | BK26: N/A | BL26: 270000 | BM26: 300000 | BN26: 150000 | BO26: 270000 | BT26: S
C27: - Perbaikan | D27: 7000000 | E27: per Tahun/Op | K27: - XL | M27: =[78]CApex!X5 -> 87307966 | U27: Tahun | AJ27: 21 | AQ27: 1 | BJ27: 21 | BK27: N/A | BL27: 270000 | BM27: 300000 | BN27: 150000 | BO27: 270000 | BT27: S
C28: - WT by Vendor | D28: =[78]Pemeliharaan!J20 -> 10000000 | E28: at First/Op | K28: - HCPT | M28: =[78]CApex!X4 -> 148615250 | N28: =MATCH(TRUE,E99:S99,0) -> 2 | P28: =IFERROR(IF(Q28<20%,"IRR 15th.","IRR 15th:"),"IRR 15th") -> IRR 15th: | Q28: =IRR(E97:S97,O6) -> 1.1139547 | R28: =NPV(O5,E97:S97) -> 2.7798874e+09 | S28: =SUM(E97:S97) -> 5.2773532e+09 | T28: =(N28-1+OFFSET(E97,0,N28)/OFFSET(E91,0,N28))*12 -> 17.391965 | U28: Bulan | AJ28: 22 | BJ28: 22 | BK28: N/A | BL28: 270000 | BM28: 300000 | BN28: 150000 | BO28: 270000 | BT28: S
C29: - WT Inhouse | E29: per Tahun/All Op | K29: - FM | M29: =[78]CApex!X8 -> 63982232 | U29: Tahun | AJ29: 23 | BJ29: 23 | BK29: N/A | BL29: 270000 | BM29: 300000 | BN29: 150000 | BO29: 270000 | BT29: S
C30: - Lain-lain | D30: =SUM(D27:D29)*B30 -> 0 | K30: - SMARTFREN | N30: =MATCH(TRUE,N106:S106,0) -> 3 | O30: IRR Start from Renewal Rent | P30: =IFERROR(IF(Q30<20%,"IRR 6th.","IRR 6th:"),"IRR 6th") -> IRR 6th: | Q30: =IRR(N104:S104,O6) -> 0.75125781 | R30: =NPV(O5,N104:S104) -> 1.0482783e+09 | S30: =SUM(N104:S104) -> 1.5210026e+09 | T30: =(N30-1+OFFSET(N104,0,N30)/OFFSET(N102,0,N30))*12 -> 31.351672 | U30: Bulan | AJ30: 24 | BJ30: 24 | BK30: N/A | BL30: 270000 | BM30: 300000 | BN30: 150000 | BO30: 270000 | BT30: S
K31: - AXIS | M31: ='[77]New IRR (5th)'!T50 -> 0 | AJ31: 25 | BJ31: 25 | BK31: N/A | BL31: 270000 | BM31: 300000 | BN31: 150000 | BO31: 270000 | BT31: S
K32: - FLEXI | M32: ='[77]New IRR (5th)'!T51 -> 0 | T32: =T30/12 -> 2.6126394 | U32: Tahun | AJ32: 26 | BJ32: 26 | BK32: N/A | BL32: 270000 | BM32: 300000 | BN32: 150000 | BO32: 270000 | BT32: S
K33: - ESIA | AJ33: 27 | BJ33: 27 | BK33: N/A | BL33: 270000 | BM33: 300000 | BN33: 150000 | BO33: 270000 | BT33: S
AJ34: 28 | BJ34: 28 | BK34: N/A | BL34: 270000 | BM34: 300000 | BN34: 150000 | BO34: 270000 | BT34: S
B35: Parameter Harga Jual/antena/bulan | BJ35: 34 | BK35: N/A | BL35: 270000 | BM35: 300000 | BN35: 150000 | BO35: 270000 | BT35: S
C36: No | D36: Operator | E36: 2012 | F36: =E36+1 -> 2013 | G36: =F36+1 -> 2014 | H36: =G36+1 -> 2015 | I36: =H36+1 -> 2016 | J36: =I36+1 -> 2017 | K36: =J36+1 -> 2018 | L36: =K36+1 -> 2019 | M36: =L36+1 -> 2020 | ... S36: =R36+1 -> 2026 | BJ36: 35 | BK36: N/A | BL36: 270000 | BM36: 300000 | BN36: 150000 | BO36: 270000 | BT36: S
C37: 1 | D37: TSEL | BJ37: 36 | BK37: N/A | BL37: 270000 | BM37: 300000 | BN37: 150000 | BO37: 270000 | BT37: S
C38: 2 | D38: ISAT | BJ38: 37 | BK38: N/A | BL38: 270000 | BM38: 300000 | BN38: 150000 | BO38: 270000 | BT38: S
C39: 3 | D39: XL | BJ39: 38 | BK39: N/A | BL39: 270000 | BM39: 300000 | BN39: 150000 | BO39: 270000 | BT39: S
C40: 4 | D40: HCPT | BJ40: 39 | BK40: N/A | BL40: 270000 | BM40: 300000 | BN40: 150000 | BO40: 270000 | BT40: S
C41: 5 | D41: FM | BJ41: 40 | BK41: 260000 | BL41: 216000 | BM41: 240000 | BN41: 150000 | BO41: 216000 | BT41: S
C42: 6 | D42: SMARTFREN | E42: 300000 | F42: 300000 | G42: 300000 | H42: =G42 -> 300000 | I42: =H42 -> 300000 | J42: =I42 -> 300000 | K42: =J42 -> 300000 | L42: =K42 -> 300000 | M42: =L42 -> 300000 | N42: =M42 -> 300000 | O42: =N42 -> 300000 | ... S42: =R42 -> 300000 | BJ42: 41 | BK42: 260000 | BL42: 216000 | BM42: 240000 | BN42: 150000 | BO42: 216000 | BT42: S
C43: 7 | D43: AXIS | BJ43: 42 | BK43: 260000 | BL43: 216000 | BM43: 240000 | BN43: 150000 | BO43: 216000 | BT43: S
C44: 8 | D44: FLEXI | BJ44: 43 | BK44: 260000 | BL44: 216000 | BM44: 240000 | BN44: 150000 | BO44: 216000 | BT44: S
C45: 9 | D45: ESIA | BJ45: 44 | BK45: 260000 | BL45: 216000 | BM45: 240000 | BN45: 150000 | BO45: 216000 | BT45: S
B46: Operator Join | BJ46: 46 | BK46: 260000 | BL46: 216000 | BM46: 240000 | BN46: 150000 | BO46: 216000 | BT46: S
C47: No | D47: Operator | E47: =E36 -> 2012 | F47: =F36 -> 2013 | G47: =G36 -> 2014 | H47: =H36 -> 2015 | I47: =I36 -> 2016 | J47: =J36 -> 2017 | K47: =K36 -> 2018 | L47: =L36 -> 2019 | ... S47: =S36 -> 2026 | BJ47: 47 | BK47: 260000 | BL47: 216000 | BM47: 240000 | BN47: 150000 | BO47: 216000 | BT47: S
B48: =SUM(E48:O48) -> 1 | C48: 1 | D48: TSEL | F48: 1 | T48: =IF(B48>1,"Salah","Benar") -> Benar | BJ48: 48 | BK48: 260000 | BL48: 216000 | BM48: 240000 | BN48: 150000 | BO48: 216000 | BT48: S
B49: =SUM(E49:O49) -> 1 | C49: 2 | D49: FM | F49: 1 | T49: =IF(B49>1,"Salah","Benar") -> Benar | BJ49: 49 | BK49: 260000 | BL49: 216000 | BM49: 240000 | BN49: 150000 | BO49: 216000 | BT49: S
B50: =SUM(E50:O50) -> 1 | C50: 3 | D50: XL | E50: 1 | T50: =IF(B50>1,"Salah","Benar") -> Benar | BJ50: 50 | BK50: 260000 | BL50: 216000 | BM50: 240000 | BN50: 150000 | BO50: 216000 | BT50: S
B51: =SUM(E51:O51) -> 1 | C51: 4 | D51: HCPT | E51: 1 | T51: =IF(B51>1,"Salah","Benar") -> Benar | BJ51: 51 | BK51: 260000 | BL51: 216000 | BM51: 240000 | BN51: 150000 | BO51: 216000 | BT51: S
B52: =SUM(E52:O52) -> 0 | C52: 5 | D52: FM | T52: =IF(B52>1,"Salah","Benar") -> Benar | BJ52: 52 | BK52: 260000 | BL52: 216000 | BM52: 240000 | BN52: 150000 | BO52: 216000 | BT52: S
B53: =SUM(E53:O53) -> 0 | C53: 6 | D53: SMARTFREN | T53: =IF(B53>1,"Salah","Benar") -> Benar | BJ53: 53 | BK53: 260000 | BL53: 216000 | BM53: 240000 | BN53: 150000 | BO53: 216000 | BT53: S
B54: =SUM(E54:O54) -> 0 | C54: 7 | D54: AXIS | T54: =IF(B54>1,"Salah","Benar") -> Benar | BJ54: 54 | BK54: 260000 | BL54: 216000 | BM54: 240000 | BN54: 150000 | BO54: 216000 | BT54: S
B55: =SUM(E55:O55) -> 0 | C55: 8 | D55: FLEXI | T55: =IF(B55>1,"Salah","Benar") -> Benar | BJ55: 55 | BK55: 260000 | BL55: 216000 | BM55: 240000 | BN55: 150000 | BO55: 216000 | BT55: S
B56: =SUM(E56:O56) -> 0 | C56: 9 | D56: ESIA | T56: =IF(B56>1,"Salah","Benar") -> Benar | BJ56: 56 | BK56: 260000 | BL56: 216000 | BM56: 240000 | BN56: 150000 | BO56: 216000 | BT56: S
E57: =SUM(E48:E51)+D57 -> 2 | F57: =SUM(F48:F51)+E57 -> 4 | G57: =SUM(G48:G51)+F57 -> 4 | H57: =SUM(H48:H51)+G57 -> 4 | I57: =SUM(I48:I51)+H57 -> 4 | J57: =SUM(J48:J51)+I57 -> 4 | K57: =SUM(K48:K51)+J57 -> 4 | L57: =SUM(L48:L51)+K57-1 -> 3 | M57: =SUM(M48:M51)+L57 -> 3 | N57: =SUM(N48:N51)+M57 -> 3 | O57: =SUM(O48:O51)+N57 -> 3 | P57: =SUM(P48:P51)+O57 -> 3 | Q57: =SUM(Q48:Q51)+P57 -> 3 | R57: =SUM(R48:R51)+Q57 -> 3 | S57: =SUM(S48:S51)+R57 -> 3 | BJ57: 57 | BK57: 260000 | BL57: 216000 | BM57: 240000 | BN57: 150000 | BO57: 216000 | BT57: S
B58: Kas masuk dari operator | BJ58: 58 | BK58: 260000 | BL58: 216000 | BM58: 240000 | BN58: 150000 | BO58: 216000 | BT58: S
B59: No | C59: Ƹ Ant. PKS | D59: Operator | E59: =E47 -> 2012 | F59: =F47 -> 2013 | G59: =G47 -> 2014 | H59: =H47 -> 2015 | I59: =I47 -> 2016 | J59: =J47 -> 2017 | K59: =K47 -> 2018 | L59: =L47 -> 2019 | ... S59: =S47 -> 2026 | T59: TOTAL | BJ59: 59 | BK59: 260000 | BL59: 216000 | BM59: 240000 | BN59: 150000 | BO59: 216000 | BT59: S
B60: 1 | D60: TSEL | G60: 192000000 | I60: 192000000 | J60: =192000000*2 -> 384000000 | K60: 192000000 | M60: =192000000*2 -> 384000000 | N60: 192000000 | O60: 192000000 | P60: 192000000 | Q60: 192000000 | R60: 192000000 | S60: 192000000 | T60: =SUM(E60:S60) -> 2496000000 | BJ60: 60 | BK60: 260000 | BL60: 216000 | BM60: 240000 | BN60: 150000 | BO60: 216000 | BT60: S
B61: 2 | D61: FM | G61: 91500000 | H61: 366000000 | I61: 183000000 | J61: 76250000 | K61: 61000000 | T61: =SUM(E61:S61) -> 777750000 | BJ61: 61 | BK61: 210000 | BL61: 216000 | BM61: 240000 | BN61: 150000 | BO61: 216000 | BT61: S
B62: 3 | D62: XL | F62: 527040000 | G62: 87840000 | H62: 87840000 | I62: 87840000 | J62: 87840000 | K62: 149328000 | L62: 149328000 | M62: 149328000 | N62: 149328000 | O62: 149328000 | P62: 149328000 | Q62: 149328000 | R62: 149328000 | S62: 149328000 | T62: =SUM(E62:S62) -> 2222352000 | BJ62: 62 | BK62: 210000 | BL62: 216000 | BM62: 240000 | BN62: 150000 | BO62: 216000 | BT62: S
B63: 4 | D63: HCPT | F63: 658800000 | K63: 60921290 | L63: 65880000 | M63: 65880000 | N63: 65880000 | O63: 65880000 | P63: 65880000 | Q63: 65880000 | R63: 65880000 | S63: 65880000 | T63: =SUM(E63:S63) -> 1.2467613e+09 | BJ63: 63 | BK63: 210000 | BL63: 216000 | BM63: 240000 | BN63: 150000 | BO63: 216000 | BT63: S
B64: 5 | D64: SMARTFREN | T64: =SUM(E64:S64) -> 0 | BJ64: 64 | BK64: 210000 | BL64: 216000 | BM64: 240000 | BN64: 150000 | BO64: 216000 | BT64: S
B65: 6 | D65: TSEL | T65: =SUM(E65:S65) -> 0 | BJ65: 65 | BK65: 210000 | BL65: 216000 | BM65: 240000 | BN65: 150000 | BO65: 216000 | BT65: S
B66: 7 | D66: ISP | T66: =SUM(E66:S66) -> 0 | BJ66: 66 | BK66: 210000 | BL66: 216000 | BM66: 240000 | BN66: 150000 | BO66: 216000 | BT66: S
B67: 8 | D67: MCP | T67: =SUM(E67:S67) -> 0 | BJ67: 67 | BK67: 210000 | BL67: 216000 | BM67: 240000 | BN67: 150000 | BO67: 216000 | BT67: S
B68: 9 | D68: HCPT | T68: =SUM(E68:S68) -> 0 | BJ68: 68 | BK68: 210000 | BL68: 216000 | BM68: 240000 | BN68: 150000 | BO68: 216000 | BT68: S
E69: =SUM(E60:E68) -> 0 | F69: =SUM(F60:F68) -> 1185840000 | G69: =SUM(G60:G68) -> 371340000 | H69: =SUM(H60:H68) -> 453840000 | I69: =SUM(I60:I68) -> 462840000 | J69: =SUM(J60:J68) -> 548090000 | K69: =SUM(K60:K68) -> 4.6324929e+08 | L69: =SUM(L60:L68) -> 215208000 | ... T69: =SUM(T60:T68) -> 6.7428633e+09 | BJ69: 69 | BK69: 210000 | BL69: 216000 | BM69: 240000 | BN69: 150000 | BO69: 216000 | BT69: S
B70: Asumsi pembayaran | BJ70: 71 | BK70: 210000 | BL70: 180000 | BM70: 200000 | BN70: 150000 | BO70: 180000 | BT70: S
C71: No | D71: Keterangan | E71: =E59 -> 2012 | F71: =F59 -> 2013 | G71: =G59 -> 2014 | H71: =H59 -> 2015 | I71: =I59 -> 2016 | J71: =J59 -> 2017 | K71: =K59 -> 2018 | L71: =L59 -> 2019 | ... S71: =S59 -> 2026 | BJ71: 72 | BK71: 210000 | BL71: 180000 | BM71: 200000 | BN71: 150000 | BO71: 180000 | BT71: S
B72: =SUM(E72:O72) -> 1 | C72: 1 | D72: SEWA | E72: 0.1 | F72: 0.3 | G72: 0.6 | T72: =IF(B72=1,0,"Salah") -> 0 | BJ72: 73 | BK72: 210000 | BL72: 180000 | BM72: 200000 | BN72: 150000 | BO72: 180000 | BT72: S
B73: =SUM(E73:O73) -> 1 | C73: 2 | D73: Koordinasi | E73: 1 | T73: =IF(B73=1,0,"Salah") -> 0 | BJ73: 74 | BK73: 210000 | BL73: 180000 | BM73: 200000 | BN73: 150000 | BO73: 180000 | BT73: S
B74: =SUM(E74:O74) -> 1 | C74: 3 | D74: Agensi | E74: 1 | T74: =IF(B74=1,0,"Salah") -> 0 | BJ74: 75 | BK74: 210000 | BL74: 180000 | BM74: 200000 | BN74: 150000 | BO74: 180000 | BT74: S
B75: =SUM(E75:O75) -> 1 | C75: 4 | D75: DAS | E75: 0.95 | F75: 0.05 | T75: =IF(B75=1,0,"Salah") -> 0 | BJ75: 76 | BK75: 210000 | BL75: 180000 | BM75: 200000 | BN75: 150000 | BO75: 180000 | BT75: S
B76: =SUM(E76:O76) -> 10 | C76: 5 | D76: BTS | E76: 1 | G76: 1 | H76: 1 | I76: 1 | J76: 1 | K76: 1 | L76: 1 | M76: 1 | N76: 1 | O76: 1 | P76: 1 | Q76: 1 | R76: 1 | S76: 1 | T76: =IF(B76=10,0,"Salah") -> 0 | BJ76: 77 | BK76: 210000 | BL76: 180000 | BM76: 200000 | BN76: 150000 | BO76: 180000 | BT76: S
B77: =SUM(E77:O77) -> 10 | C77: 6 | D77: Listrik | F77: 1 | G77: 1 | H77: 1 | I77: 1 | J77: 1 | K77: 1 | L77: 1 | M77: 1 | N77: 1 | O77: 1 | P77: 1 | Q77: 1 | R77: 1 | S77: 1 | T77: =IF(B77=10,0,"Salah") -> 0 | BJ77: 78 | BK77: 210000 | BL77: 180000 | BM77: 200000 | BN77: 150000 | BO77: 180000 | BT77: S
B78: =SUM(E78:O78) -> 10 | C78: 7 | D78: Pemeliharaan | F78: 1 | G78: 1 | H78: 1 | I78: 1 | J78: 1 | K78: 1 | L78: 1 | M78: 1 | N78: 1 | O78: 1 | P78: 1 | Q78: 1 | R78: 1 | S78: 1 | T78: =IF(B78=10,0,"Salah") -> 0 | BJ78: 79 | BK78: 210000 | BL78: 180000 | BM78: 200000 | BN78: 150000 | BO78: 180000 | BT78: S
B79: =SUM(E79:O79) -> 10 | C79: 8 | D79: Lain-lain Opex | F79: 1 | G79: 1 | H79: 1 | I79: 1 | J79: 1 | K79: 1 | L79: 1 | M79: 1 | N79: 1 | O79: 1 | P79: 1 | Q79: 1 | R79: 1 | S79: 1 | T79: =IF(B79=10,0,"Salah") -> 0 | BJ79: 80 | BK79: 210000 | BL79: 180000 | BM79: 200000 | BN79: 150000 | BO79: 180000 | BT79: S
B80: Kas keluar | BJ80: 82 | BK80: 180000 | BL80: 180000 | BM80: 200000 | BN80: 150000 | BO80: 180000 | BT80: S
C81: No | D81: Operator | E81: =E71 -> 2012 | F81: =F71 -> 2013 | G81: =G71 -> 2014 | H81: =H71 -> 2015 | I81: =I71 -> 2016 | J81: =J71 -> 2017 | K81: =K71 -> 2018 | L81: =L71 -> 2019 | ... S81: =S71 -> 2026 | T81: TOTAL | BJ81: 83 | BK81: 180000 | BL81: 180000 | BM81: 200000 | BN81: 150000 | BO81: 180000 | BT81: S
C82: 1 | D82: SEWA | J82: 1155000000 | N82: 600000000 | T82: =SUM(E82:S82) -> 1755000000 | BJ82: 84 | BK82: 180000 | BL82: 180000 | BM82: 200000 | BN82: 150000 | BO82: 180000 | BT82: S
C83: 2 | D83: Koordinasi | E83: =E73*$L$17 -> 0 | F83: =F73*$L$17 -> 0 | G83: =G73*$L$17 -> 0 | H83: =H73*$L$17 -> 0 | I83: =I73*$L$17 -> 0 | J83: =J73*$L$17 -> 0 | K83: =K73*$L$17 -> 0 | L83: =L73*$L$17 -> 0 | ... S83: =S73*$L$17 -> 0 | T83: =SUM(E83:S83) -> 0 | BJ83: 85 | BK83: 180000 | BL83: 180000 | BM83: 200000 | BN83: 150000 | BO83: 180000 | BT83: S
C84: 3 | D84: DAS | E84: 492800557 | F84: 0 | G84: 21045082 | H84: 2443511.8 | I84: 0 | J84: 0 | K84: 14962500 | L84: =L74*$L$18 -> 0 | N84: =SUM(E84:K84)*20% -> 1.0625033e+08 | O84: =O74*$L$18 -> 0 | P84: =P74*$L$18 -> 0 | Q84: =Q74*$L$18 -> 0 | R84: =R74*$L$18 -> 0 | S84: =S74*$L$18 -> 0 | T84: =SUM(E84:O84) -> 6.3750198e+08 | BJ84: 86 | BK84: 180000 | BL84: 180000 | BM84: 200000 | BN84: 150000 | BO84: 180000 | BT84: S
C85: 4 | D85: BTS | E85: 1.1910609e+08 | F85: 1.0329548e+08 | G85: 26400000 | H85: 43945467 | I85: 0 | J85: 0 | K85: 0 | M85: 0 | N85: 69990872 | O85: 0 | P85: 0 | Q85: 0 | R85: 0 | S85: 0 | T85: =SUM(E85:S85) -> 3.6273791e+08 | BJ85: 87 | BK85: 180000 | BL85: 180000 | BM85: 200000 | BN85: 150000 | BO85: 180000 | BT85: S
C86: 5 | D86: Gpon | I86: 0 | J86: 0 | M86: 0 | N86: 0 | O86: 0 | P86: 0 | Q86: 0 | R86: 0 | S86: 0 | T86: =SUM(E86:S86) -> 0 | BJ86: 88 | BK86: 180000 | BL86: 180000 | BM86: 200000 | BN86: 150000 | BO86: 180000 | BT86: S
C87: 6 | D87: Listrik | E87: 5115951.3 | F87: 13489633 | G87: 18658059 | H87: 26617175 | I87: 30271815 | J87: 36070378 | K87: 26591879 | N87: =D15 -> 36000000 | O87: =N87 -> 36000000 | P87: =O87 -> 36000000 | Q87: =P87 -> 36000000 | R87: =Q87 -> 36000000 | S87: =R87 -> 36000000 | T87: =SUM(E87:S87) -> 3.7281489e+08 | BJ87: 89 | BK87: 180000 | BL87: 180000 | BM87: 200000 | BN87: 150000 | BO87: 180000 | BT87: S
C88: 7 | D88: Pemeliharaan | G88: 8909056 | H88: 17283404 | I88: 900000 | J88: 14220000 | L88: 469000 | N88: =($D$26*N57)+($D$27*N57)+($D$28*SUM(N48:N51))+($D$29*4/4) -> 21000000 | O88: =($D$26*O57)+($D$27*O57)+($D$28*SUM(O48:O51))+($D$29*4/4) -> 21000000 | P88: =($D$26*P57)+($D$27*P57)+($D$28*SUM(P48:P51))+($D$29*4/4) -> 21000000 | Q88: =($D$26*Q57)+($D$27*Q57)+($D$28*SUM(Q48:Q51))+($D$29*4/4) -> 21000000 | R88: =($D$26*R57)+($D$27*R57)+($D$28*SUM(R48:R51))+($D$29*4/4) -> 21000000 | S88: =($D$26*S57)+($D$27*S57)+($D$28*SUM(S48:S51))+($D$29*4/4) -> 21000000 | T88: =SUM(E88:S88) -> 167781460 | BJ88: 90 | BK88: 180000 | BL88: 180000 | BM88: 200000 | BN88: 150000 | BO88: 180000 | BT88: S
C89: 8 | D89: Lain-lain Opex | T89: =SUM(F89:S89) -> 0 | BJ89: 91 | BK89: 180000 | BL89: 180000 | BM89: 200000 | BN89: 150000 | BO89: 180000 | BT89: S
T90: =SUM(T82:T89) -> 3.2958362e+09 | BJ90: 92 | BK90: 180000 | BL90: 180000 | BM90: 200000 | BN90: 150000 | BO90: 180000 | BT90: S
B91: Kas Bersih | E91: =E97 -> -6.7101208e+08 | F91: =F97+E91 -> 4.3194523e+08 | G91: =G97+F91 -> 7.8440004e+08 | H91: =H97+G91 -> 1.2313438e+09 | I91: =I97+H91 -> 1.7787804e+09 | J91: =J97+I91 -> 1.1880584e+09 | K91: =K97+J91 -> 1.7078588e+09 | L91: =L97+K91 -> 2.0368087e+09 | M91: =M97+L91 -> 2.7951682e+09 | ... S91: =S97+R91 -> 5.2773532e+09 | BJ91: 94 | BK91: 180000 | BL91: 180000 | BM91: 200000 | BN91: 150000 | BO91: 180000 | BT91: S
C92: No | D92: Operator | E92: =E81 -> 2012 | F92: =F81 -> 2013 | G92: =G81 -> 2014 | H92: =H81 -> 2015 | I92: =I81 -> 2016 | J92: =J81 -> 2017 | K92: =K81 -> 2018 | L92: =L81 -> 2019 | ... S92: =S81 -> 2026 | T92: TOTAL | BJ92: 95 | BK92: 180000 | BL92: 180000 | BM92: 200000 | BN92: 150000 | BO92: 180000 | BT92: S
C93: 1 | D93: Kas Masuk | E93: =SUM(E60:E68) -> 0 | F93: =SUM(F60:F68) -> 1185840000 | G93: =SUM(G60:G68) -> 371340000 | H93: =SUM(H60:H68) -> 453840000 | I93: =SUM(I60:I68) -> 462840000 | J93: =SUM(J60:J68) -> 548090000 | K93: =SUM(K60:K68) -> 4.6324929e+08 | L93: =SUM(L60:L68) -> 215208000 | ... S93: =SUM(S60:S68) -> 407208000 | T93: =SUM(E93:S93) -> 6.7428633e+09 | BJ93: 96 | BK93: 180000 | BL93: 180000 | BM93: 200000 | BN93: 150000 | BO93: 180000 | BT93: S
C94: 2 | D94: Kas Keluar | E94: =SUM(E82:E89) -> 6.170226e+08 | F94: =SUM(F82:F89) -> 1.1678511e+08 | G94: =SUM(G82:G89) -> 75012197 | H94: =SUM(H82:H89) -> 90289558 | I94: =SUM(I82:I89) -> 31171815 | J94: =SUM(J82:J89) -> 1205290378 | K94: =SUM(K82:K89) -> 41554379 | L94: =SUM(L82:L89) -> 469000 | ... S94: =SUM(S82:S89) -> 57000000 | T94: =SUM(E94:S94) -> 3.2958362e+09 | BJ94: 97 | BK94: 180000 | BL94: 180000 | BM94: 200000 | BN94: 150000 | BO94: 180000 | BT94: S
D95: Kas Bersih | E95: =E93-E94 -> -6.170226e+08 | F95: =F93-F94 -> 1.0690549e+09 | G95: =G93-G94 -> 2.963278e+08 | H95: =H93-H94 -> 3.6355044e+08 | I95: =I93-I94 -> 431668185 | J95: =J93-J94 -> -657200378 | K95: =K93-K94 -> 4.2169491e+08 | L95: =L93-L94 -> 214739000 | ... S95: =S93-S94 -> 350208000 | T95: =SUM(E95:S95) -> 3.447027e+09 | BJ95: 98 | BK95: 180000 | BL95: 180000 | BM95: 200000 | BN95: 150000 | BO95: 180000 | BT95: S
D96: Biaya Bunga | E96: =E101 -> -53989478 | F96: =F101 -> 33902421 | G96: =G101 -> 56127007 | H96: =H101 -> 83393290 | I96: =I101 -> 1.157684e+08 | J96: =J101 -> 66478375 | K96: =K101 -> 98105494 | L96: =L101 -> 1.1421092e+08 | ... S96: =S101 -> 2.5852703e+08 | T96: =SUM(E96:S96) -> 1.8303261e+09 | BJ96: 99 | BK96: 180000 | BL96: 180000 | BM96: 200000 | BN96: 150000 | BO96: 180000 | BT96: S
D97: Jumlah | E97: =E95+E96 -> -6.7101208e+08 | F97: =F95+F96 -> 1.1029573e+09 | G97: =G95+G96 -> 3.5245481e+08 | H97: =H95+H96 -> 4.4694373e+08 | I97: =I95+I96 -> 5.4743659e+08 | J97: =J95+J96 -> -5.90722e+08 | K97: =K95+K96 -> 5.1980041e+08 | L97: =L95+L96 -> 3.2894992e+08 | ... S97: =S95+S96 -> 6.0873503e+08 | T97: =SUM(T95:T96) -> 5.2773532e+09 | BJ97: 100 | BK97: 180000 | BL97: 166500 | BM97: 185000 | BN97: 150000 | BO97: 166500 | BT97: S
D98: Sld Cash Flow | E98: =E97 -> -6.7101208e+08 | F98: =E98+F97 -> 4.3194523e+08 | G98: =F98+G97 -> 7.8440004e+08 | H98: =G98+H97 -> 1.2313438e+09 | I98: =H98+I97 -> 1.7787804e+09 | J98: =I98+J97 -> 1.1880584e+09 | K98: =J98+K97 -> 1.7078588e+09 | L98: =K98+L97 -> 2.0368087e+09 | M98: =L98+M97 -> 2.7951682e+09 | ... S98: =R98+S97 -> 5.2773532e+09
E99: =E91>=0 -> FALSE | F99: =F91>=0 -> TRUE | G99: =G91>=0 -> TRUE | H99: =H91>=0 -> TRUE | I99: =I91>=0 -> TRUE | J99: =J91>=0 -> TRUE | K99: =K91>=0 -> TRUE | L99: =L91>=0 -> TRUE | ... S99: =S91>=0 -> TRUE | BJ99: 101 | BK99: 165000 | BL99: 166500 | BM99: 185000 | BN99: 150000 | BO99: 166500 | BT99: M
E100: =E95 -> -6.170226e+08 | F100: =F95+E100 -> 4.5203229e+08 | G100: =G95+F100 -> 7.4836009e+08 | H100: =H95+G100 -> 1.1119105e+09 | I100: =I95+H100 -> 1.5435787e+09 | J100: =J95+I100 -> 8.8637834e+08 | K100: =K95+J100 -> 1.3080732e+09 | L100: =L95+K100 -> 1.5228122e+09 | M100: =M95+L100 -> 2.1220202e+09 | ... S100: =S95+R100 -> 3.447027e+09 | BJ100: 102 | BK100: 165000 | BL100: 166500 | BM100: 185000 | BN100: 150000 | BO100: 166500 | BT100: M
...

Sheet IRRKonsep
A1: Investement Analysis IRR, NPV, NFC, Payback Period
A3: Nama Bangunan | B3: Ibis Gading Serpong | D3: Deposito/thn | E3: 0.06 | G3: Listrik/thn/oprt. | H3: 36000000 | J3: Pendapatan | K3: 750000000
A4: Alamat | D4: Discount Rate | E4: 0.15 | G4: CME/Oprt. | H4: 153088834 | J4: DAS | K4: 6.142683e+08
A5: Lokasi Bangunan | B5: Jawa Barat | D5: Bunga pinj./thn | E5: 0.125 | G5: Maintenance | J5: CME | K5: 153088834
A6: Type Bangunan | B6: Hotel | D6: Kurs 1USD | E6: 15000 | G6: - Rutin/th/Site | J6: Retrofit | K6: 1.2285366e+08
A7: Status | B7: Bangunan Lama | D7: Antena PKS BM | E7: 80 | G7: - Perbaikan/th/Opr. | H7: 9000000 | J7: Biaya Sewa | K7: 675000000
A8: Tanggal IRR | B8: 43844 | D8: Antena Asset | E8: 80 | G8: - WT Vendor/1st join | H8: =Pemeliharaan!J20 -> 10000000 | J8: Biaya Operasional | K8: 82013929
A9: Status IRR | B9: Perpanjangan | D9: DAS per Antenna | E9: =K4/E8 -> 7678353.8 | G9: - WT Inhouse/th/All | J9: Bunga (Biaya Bunga) | K9: -9.0131421e+08
A10: Jumlah Lantai | D10: Jumlah Pole Makro | G10: - Lain-lain | K10: =K3-K4-K5-K6-K7-K8+K9 -> -1.7985389e+09
A11: Masa Sewa (thn) | B11: 1
B13: IBC | G13: Makro | K13: GPON
A14: Operator Join | B14: TSEL | C14: XL | D14: ISAT | E14: H3I | F14: SF | G14: TSEL | H14: XL | I14: ISAT | J14: H3I | L14: TOTAL
A15: Month/Year | C15: Nov 2019
A16: Ant. PKS Operator | C16: 60
A17: Price/Ant/Month | C17: =150000000/12/C16 -> 208333.33
A19: Cash In
A20: 2014 | L20: =SUM(B20:K20) -> 0
A21: 2015 | B21: =B17*B16*12 -> 0 | L21: =SUM(B21:K21) -> 0
A22: 2016 | B22: =B21 -> 0 | L22: =SUM(B22:K22) -> 0
A23: 2017 | B23: =B22 -> 0 | L23: =SUM(B23:K23) -> 0
A24: 2018 | B24: =B23 -> 0 | D24: =D17*D16*12 -> 0 | E24: =E17*E16*12 -> 0 | L24: =SUM(B24:K24) -> 0
A25: 2019 | B25: =B24 -> 0 | D25: =D24 -> 0 | E25: =E24 -> 0 | L25: =SUM(B25:K25) -> 0
A27: 2020 | B27: =B25 -> 0 | C27: 150000000 | D27: =D25 -> 0 | E27: =E25 -> 0 | L27: =SUM(B27:K27) -> 150000000
A28: 2021 | B28: =B27 -> 0 | C28: =C27 -> 150000000 | D28: =D27 -> 0 | E28: =E27 -> 0 | L28: =SUM(B28:K28) -> 150000000
A29: 2022 | B29: =B28 -> 0 | C29: =C28 -> 150000000 | D29: =D28 -> 0 | E29: =E28 -> 0 | L29: =SUM(B29:K29) -> 150000000
A30: 2023 | B30: =B29 -> 0 | C30: =C29 -> 150000000 | D30: =D29 -> 0 | E30: =E29 -> 0 | L30: =SUM(B30:K30) -> 150000000
A31: 2024 | B31: =B30 -> 0 | C31: =C30 -> 150000000 | D31: =D30 -> 0 | E31: =E30 -> 0 | L31: =SUM(B31:K31) -> 150000000
B32: =SUM(B20:B31) -> 0 | C32: =SUM(C20:C31) -> 750000000 | D32: =SUM(D20:D31) -> 0 | E32: =SUM(E20:E31) -> 0 | F32: =SUM(F21:F31) -> 0 | G32: =SUM(G21:G31) -> 0 | H32: =SUM(H21:H31) -> 0 | I32: =SUM(I21:I31) -> 0 | J32: =SUM(J21:J31) -> 0 | K32: =SUM(K21:K31) -> 0 | L32: =SUM(L21:L31) -> 750000000
A34: Cash Out
B35: Sewa | C35: Koordinasi | D35: DAS | E35: Gpon | F35: CME | G35: Listrik | H35: Pemeliharaan | I35: Others | K35: Interest | L35: TOTAL
A36: 2014 | B36: 42500000 | D36: 92431635 | J36: =SUM(B36:I36) -> 1.3493164e+08 | L36: =J36+K36 -> 1.3493164e+08
A37: 2015 | B37: 127500000 | D37: 3.9727602e+08 | G37: 2639972 | J37: =SUM(B37:I37) -> 5.27416e+08 | L37: =J37+K37 -> 5.27416e+08
A38: 2016 | B38: 255000000 | D38: 1.1626064e+08 | G38: 16771107 | J38: =SUM(B38:I38) -> 3.8803175e+08 | L38: =J38+K38 -> 3.8803175e+08
A39: 2017 | D39: 8300000 | F39: 53489094 | G39: 13801425 | J39: =SUM(B39:I39) -> 75590519 | L39: =J39+K39 -> 75590519
A40: 2018 | G40: 13801425 | J40: =SUM(B40:I40) -> 13801425 | L40: =J40+K40 -> 13801425
A41: 2019 | J41: =SUM(B41:I41) -> 0 | L41: =J41+K41 -> 0
A43: 2020 | B43: 50000000 | F43: 99599740 | H43: 7000000 | J43: =SUM(B43:I43) -> 156599740 | L43: =J43+K43 -> 156599740
A44: 2021 | B44: =B43 -> 50000000 | H44: =H43 -> 7000000 | J44: =SUM(B44:I44) -> 57000000 | L44: =J44+K44 -> 57000000
A45: 2022 | B45: =B44 -> 50000000 | H45: =H44 -> 7000000 | J45: =SUM(B45:I45) -> 57000000 | L45: =J45+K45 -> 57000000
A46: 2023 | B46: =B45 -> 50000000 | D46: 1.2285366e+08 | H46: =H45 -> 7000000 | J46: =SUM(B46:I46) -> 1.7985366e+08 | L46: =J46+K46 -> 1.7985366e+08
A47: 2024 | B47: =B46 -> 50000000 | H47: =H46 -> 7000000 | J47: =SUM(B47:I47) -> 57000000 | L47: =J47+K47 -> 57000000
B48: =SUM(B36:B47) -> 675000000 | C48: =SUM(C36:C47) -> 0 | D48: =SUM(D36:D47) -> 737121963 | E48: =SUM(E36:E47) -> 0 | F48: =SUM(F36:F47) -> 153088834 | G48: =SUM(G36:G47) -> 47013929 | H48: =SUM(H36:H47) -> 35000000 | I48: =SUM(I36:I47) -> 0 | J48: =SUM(J36:J47) -> 1647224726 | K48: =SUM(K37:K47) -> 0 | L48: =SUM(L36:L47) -> 1647224726
L49: =L32-L48 -> -897224726
A50: Cash Flow | N50: Saldo | O50: Interest | P50: Saldo | Q50: Interest
A51: Normal Count | B51: Cash in | C51: Cash Out | D51: Net Cash | E51: Interest | F51: Total | G51: Cut Loss Count | H51: Cash in | I51: Cash Out | J51: Net Cash | K51: Interest | L51: Total | N51: Net Cash | O51: Normal | P51: Net Cash | Q51: Cut Loss
A52: 2014 | B52: =L20 -> 0 | C52: =L36 -> 1.3493164e+08 | D52: =B52-C52 -> -1.3493164e+08 | E52: =O52 -> -11806518 | F52: =D52+E52 -> -1.4673815e+08 | G52: 2014 | N52: =D52 -> -1.3493164e+08 | O52: =IF(N52<1,(N52*70%)*$E$5,N52*$E$3) -> -11806518
A53: 2015 | B53: =L21 -> 0 | C53: =L37 -> 5.27416e+08 | D53: =B53-C53 -> -5.27416e+08 | E53: =O53 -> -57955418 | F53: =D53+E53 -> -5.8537141e+08 | G53: 2015 | N53: =N52+D53 -> -6.6234763e+08 | O53: =IF(N53<1,(N53*70%)*$E$5,N53*$E$3) -> -57955418
A54: 2016 | B54: =L22 -> 0 | C54: =L38 -> 3.8803175e+08 | D54: =B54-C54 -> -3.8803175e+08 | E54: =O54 -> -91908196 | F54: =D54+E54 -> -4.7993995e+08 | G54: 2016 | N54: =N53+D54 -> -1.0503794e+09 | O54: =IF(N54<1,(N54*70%)*$E$5,N54*$E$3) -> -91908196
A55: 2017 | B55: =L23 -> 0 | C55: =L39 -> 75590519 | D55: =B55-C55 -> -75590519 | E55: =O55 -> -98522366 | F55: =D55+E55 -> -1.7411289e+08 | G55: 2017 | N55: =N54+D55 -> -1.1259699e+09 | O55: =IF(N55<1,(N55*70%)*$E$5,N55*$E$3) -> -98522366
A56: 2018 | B56: =L24 -> 0 | C56: =L40 -> 13801425 | D56: =B56-C56 -> -13801425 | E56: =O56 -> -99729991 | F56: =D56+E56 -> -1.1353142e+08 | G56: 2018 | N56: =N55+D56 -> -1.1397713e+09 | O56: =IF(N56<1,(N56*70%)*$E$5,N56*$E$3) -> -99729991
A57: 2019 | B57: =L25 -> 0 | C57: =L41 -> 0 | D57: =B57-C57 -> 0 | E57: =O57 -> -99729991 | F57: =D57+E57 -> -99729991 | G57: 2019 | N57: =N56+D57 -> -1.1397713e+09 | O57: =IF(N57<1,(N57*70%)*$E$5,N57*$E$3) -> -99729991
A58: 2020 | B58: =L27 -> 150000000 | C58: =L43 -> 156599740 | D58: =B58-C58 -> -6599740 | E58: =O58 -> -1.0030747e+08 | F58: =D58+E58 -> -1.0690721e+08 | G58: 2020 | H58: =L27 -> 150000000 | I58: =L43 -> 156599740 | J58: =H58-I58 -> -6599740 | K58: =Q58 -> -577477.25 | L58: =J58+K58 -> -7177217.2 | N58: =N57+D58 -> -1.1463711e+09 | O58: =IF(N58<1,(N58*70%)*$E$5,N58*$E$3) -> -1.0030747e+08 | P58: =P57+J58 -> -6599740 | Q58: =IF(P58<1,(P58*70%)*$E$5,P58*$E$3) -> -577477.25
A59: 2021 | B59: =L28 -> 150000000 | C59: =L44 -> 57000000 | D59: =B59-C59 -> 93000000 | E59: =O59 -> -92169968 | F59: =D59+E59 -> 830031.77 | G59: 2021 | H59: =L28 -> 150000000 | I59: =L44 -> 57000000 | J59: =H59-I59 -> 93000000 | K59: =Q59 -> 5184015.6 | L59: =J59+K59 -> 98184016 | N59: =N58+D59 -> -1.0533711e+09 | O59: =IF(N59<1,(N59*70%)*$E$5,N59*$E$3) -> -92169968 | P59: =P58+J59 -> 86400260 | Q59: =IF(P59<1,(P59*70%)*$E$5,P59*$E$3) -> 5184015.6
A60: 2022 | B60: =L29 -> 150000000 | C60: =L45 -> 57000000 | D60: =B60-C60 -> 93000000 | E60: =O60 -> -84032468 | F60: =D60+E60 -> 8967531.8 | G60: 2022 | H60: =L29 -> 150000000 | I60: =L45 -> 57000000 | J60: =H60-I60 -> 93000000 | K60: =Q60 -> 10764016 | L60: =J60+K60 -> 1.0376402e+08 | N60: =N59+D60 -> -9.6037107e+08 | O60: =IF(N60<1,(N60*70%)*$E$5,N60*$E$3) -> -84032468 | P60: =P59+J60 -> 179400260 | Q60: =IF(P60<1,(P60*70%)*$E$5,P60*$E$3) -> 10764016
A61: 2023 | B61: =L30 -> 150000000 | C61: =L46 -> 1.7985366e+08 | D61: =B61-C61 -> -29853660 | E61: =O61 -> -86644664 | F61: =D61+E61 -> -1.1649832e+08 | G61: 2023 | H61: =L30 -> 150000000 | I61: =L46 -> 1.7985366e+08 | J61: =H61-I61 -> -29853660 | K61: =Q61 -> 8972796 | L61: =J61+K61 -> -20880865 | N61: =N60+D61 -> -990224726 | O61: =IF(N61<1,(N61*70%)*$E$5,N61*$E$3) -> -86644664 | P61: =P60+J61 -> 1.495466e+08 | Q61: =IF(P61<1,(P61*70%)*$E$5,P61*$E$3) -> 8972796
A62: 2024 | B62: =L31 -> 150000000 | C62: =L47 -> 57000000 | D62: =B62-C62 -> 93000000 | E62: =O62 -> -78507164 | F62: =D62+E62 -> 14492836 | G62: 2024 | H62: =L31 -> 150000000 | I62: =L47 -> 57000000 | J62: =H62-I62 -> 93000000 | K62: =Q62 -> 14552796 | L62: =J62+K62 -> 1.075528e+08 | N62: =N61+D62 -> -897224726 | O62: =IF(N62<1,(N62*70%)*$E$5,N62*$E$3) -> -78507164 | P62: =P61+J62 -> 2.425466e+08 | Q62: =IF(P62<1,(P62*70%)*$E$5,P62*$E$3) -> 14552796
A64: 1st Period | B64: =SUM(B52:B57) -> 0 | C64: =SUM(C52:C57) -> 1.1397713e+09 | D64: =SUM(D52:D57) -> -1.1397713e+09 | E64: =SUM(E52:E57) -> -4.5965248e+08 | F64: =SUM(F52:F57) -> -1.5994238e+09
A65: 2nd Period | B65: =SUM(B58:B62) -> 750000000 | C65: =SUM(C58:C62) -> 5.074534e+08 | D65: =SUM(D58:D62) -> 2.425466e+08 | E65: =SUM(E58:E62) -> -4.4166173e+08 | F65: =SUM(F58:F62) -> -1.9911513e+08 | G65: Cut Loss | H65: =SUM(H58:H62) -> 750000000 | I65: =SUM(I58:I62) -> 5.074534e+08 | J65: =SUM(J58:J62) -> 2.425466e+08 | K65: =SUM(K58:K62) -> 38896146 | L65: =SUM(L58:L62) -> 2.8144275e+08
A66: At 11th | B66: =B65+B64 -> 750000000 | C66: =C65+C64 -> 1647224726 | D66: =D65+D64 -> -897224726 | E66: =E65+E64 -> -9.0131421e+08 | F66: =F65+F64 -> -1.7985389e+09 | O66: =SUM(O52:O65) -> -9.0131421e+08 | Q66: =SUM(Q52:Q65) -> 38896146
C68: IRR | D68: NPV | E68: NFC | F68: Payback Period | I68: IRR | J68: NPV | K68: NFC | L68: Payback Period
B69: IRR 6th. | C69: =IRR(F52:F57) -> #NUM! | D69: =NPV(E3,F52:F57) -> -1.3554342e+09 | E69: =SUM(F52:F57) -> -1.5994238e+09 | F69: #N/A | H69: IRR Cut Loss 5th | I69: Positip | J69: =NPV(E3,L58:L62) -> 2.3156484e+08 | K69: =SUM(L58:L62) -> 2.8144275e+08 | L69: 24 bln (2 thn)
B71: IRR 11th | C71: =IRR(F58:F62) -> #NUM! | D71: =NPV(E3,F52:F62) -> -1.4781224e+09 | E71: =SUM(F52:F62) -> -1.7985389e+09 | F71: #N/A

Sheet IRRNew
B2: No.
C3: Product : | D3: IBS / DAS | J3: Tanggal P&L: | M3: 45327
C4: Status P&L | D4: New
B6: Site Information | E6: Technical Information | J6: Financial Summary
B7: Site Name | D7: Hotel Prime Park Bandung | E7: IBC | K7: Capex /antenna | M7: 0
B8: Address | D8: Bandung | E8: Antena PKS BM | H8: 85 | K8: Contract Period (thn) | M8: 5
E9: Antena Asset | K9: Interest rate /year | M9: =[79]IRR!F3 -> 0.1
B10: Area building | D10: Bandung | E10: Jumlah Pole Makro | H10: pole dan 40 m2 RBs Room | K10: Kurs 1USD | M10: 0
B11: Type of building | D11: Hotel | K11: Total Revenue | M11: =IRRNew2!R20 -> 600000000
B12: Status | D12: Renewal | E12: OPENET | K12: Total Capex | M12: =IRRNew2!G9 -> 97407639
B13: Total floor | D13: 4 | E13: Cable FO (Core) | H13: 0 | K13: Total Opex Sewa | M13: =IRRNew2!R23 -> 300000000
B14: No of building tower | D14: 1 | E14: Cable FO (meter) | H14: 0 | K14: Total Opex Other | M14: =IRRNew2!R25+IRRNew2!R26+IRRNew2!R27 -> 87000000
E15: Drop Wire (meter) | H15: 0
K16: IRR | M16: =IRRNew2!F42 -> 0.69799772
E17: OTHERS | K17: NPV | M17: =IRRNew2!F43 -> 1.6909046e+08
K18: EBITDA margin | M18: =IRRNew2!F44 -> 0.605
K19: Payback (year) | M19: =IRRNew2!F45 -> 1.5106663
B21: Target Achieved by Commercial: | L21: Prepared by
B22: Revenue | D22: : Harga per tahun IBST naik dari 20 jt/ th menjadi 50 jt/ th | L22: Citra Kartika
D23: : TOP dengan BM 2x payment per tahun 50%
D24: :
B28: Approved by

Sheet IRRNew2
B1: No | C1: =IRRNew!C2 -> 0 | Q1: =IRRNew!D7 -> Hotel Prime Park Bandung | R1: =IRRNew!D7 -> Hotel Prime Park Bandung
B2: General
C3: Tax Rate | F3: 0.02
C4: Interest Rate | F4: 0.1
C5: SG&A | F5: 0.05 | G5: from Revenues
C6: BHPUSO | F6: 0 | G6: from Revenues
C7: Erosion | F7: 0.15
G8: Y1 | H8: Y2 | I8: Y3 | J8: Y4 | K8: Y5 | L8: Y6 | M8: Y7 | N8: Y8 | O8: Y9 | P8: Y10 | Q8: Y11
B9: Total CAPEX | F9: 85 | G9: 97407639 | J9: 0
G11: 2024 | H11: 2025 | I11: 2026 | J11: 2027 | K11: 2028 | L11: 2029 | M11: 2030 | N11: 2031 | O11: 2032 | P11: 2033 | Q11: 2034
B12: IRR Calculation | G12: Year 1 | H12: Year 2 | I12: Year 3 | J12: Year 4 | K12: Year 5 | Q12: Year 5 | R12: Total
B13: Months of Service | G13: 12 | H13: 12 | I13: 12 | J13: 12 | K13: 12 | Q13: 12
B15: Revenues
C16: XL | G16: 150000000 | H16: =G16 -> 150000000 | I16: =H16 -> 150000000 | R16: =SUM(G16:Q16) -> 450000000
C17: IBST | G17: 50000000 | H17: =G17 -> 50000000 | I17: =H17 -> 50000000 | R17: =SUM(G17:Q17) -> 150000000
R18: =SUM(G18:Q18) -> 0
R19: =SUM(G19:Q19) -> 0
B20: Total Revenues (SF) | G20: =SUM(G16:G19) -> 200000000 | H20: =SUM(H16:H19) -> 200000000 | I20: =SUM(I16:I19) -> 200000000 | J20: =SUM(J16:J19) -> 0 | K20: =SUM(K16:K19) -> 0 | L20: =SUM(L16:L19) -> 0 | M20: =SUM(M16:M19) -> 0 | N20: =SUM(N16:N19) -> 0 | ... Q20: =SUM(Q16:Q19) -> 0 | R20: =SUM(G20:Q20) -> 600000000
B22: OPEX
C23: Lease to BM | G23: =100000000*3 -> 300000000 | I23: =I20*$E$23 -> 0 | J23: =J20*$E$23 -> 0 | K23: =K20*$E$23 -> 0 | R23: =SUM(G23:Q23) -> 300000000
C24: reimburse by IBST | G24: =-(G23*50%) -> -150000000 | R24: =SUM(G24:Q24) -> -150000000
C25: Electricity | I25: =H25 -> 0 | J25: =I25 -> 0 | K25: =J25 -> 0 | R25: =SUM(G25:Q25) -> 0
C26: Maintenance | G26: =7000000+Pemeliharaan!E24 -> 19000000 | H26: =G26 -> 19000000 | I26: =H26 -> 19000000 | R26: =SUM(G26:Q26) -> 57000000
C27: SG&A | G27: =G20*$F$5 -> 10000000 | H27: =H20*$F$5 -> 10000000 | I27: =I20*$F$5 -> 10000000 | J27: =J20*$F$5 -> 0 | K27: =K20*$F$5 -> 0 | L27: =L20*$F$5 -> 0 | M27: =M20*$F$5 -> 0 | N27: =N20*$F$5 -> 0 | ... Q27: =Q20*$F$5 -> 0 | R27: =SUM(G27:Q27) -> 30000000
B28: Total OPEX | G28: =SUM(G23:G27) -> 179000000 | H28: =SUM(H23:H27) -> 29000000 | I28: =SUM(I23:I27) -> 29000000 | J28: =SUM(J23:J27) -> 0 | K28: =SUM(K23:K27) -> 0 | L28: =SUM(L23:L27) -> 0 | M28: =SUM(M23:M27) -> 0 | N28: =SUM(N23:N27) -> 0 | ... R28: =SUM(R23:R27) -> 237000000
B29: Total EBITDA | G29: =G20-G28 -> 21000000 | H29: =H20-H28 -> 171000000 | I29: =I20-I28 -> 171000000 | J29: =J20-J28 -> 0 | K29: =K20-K28 -> 0 | L29: =L20-L28 -> 0 | M29: =M20-M28 -> 0 | N29: =N20-N28 -> 0 | ... R29: =R20-R28 -> 363000000
B30: Ebitda margin | G30: 0 | H30: =H29/H20 -> 0.855 | I30: =I29/I20 -> 0.855 | J30: =J29/J20 -> #DIV/0! | K30: =K29/K20 -> #DIV/0! | L30: =L29/L20 -> #DIV/0! | M30: =M29/M20 -> #DIV/0! | N30: =N29/N20 -> #DIV/0! | O30: =O29/O20 -> #DIV/0! | ... R30: =R29/R20 -> 0.605
B31: Depreciation Expense | G31: =G53 -> 32469213 | H31: =H53 -> 32469213 | I31: =I53 -> 32469213 | J31: =J53 -> 0 | K31: =K53 -> 0 | L31: =L53 -> 0 | M31: =M53 -> 0 | N31: =N53 -> 0 | ... P31: =P53 -> 0 | R31: 408833333
B32: Total EBIT | G32: =G29-G31 -> -11469213 | H32: =H29-H31 -> 138530787 | I32: =I29-I31 -> 138530787 | J32: =J29-J31 -> 0 | K32: =K29-K31 -> 0 | L32: =L29-L31 -> 0 | M32: =M29-M31 -> 0 | N32: =N29-N31 -> 0 | ... R32: =R29-R31 -> -45833333
B33: Interest Expense | G33: =G64 -> 4870382 | H33: =H64 -> 9253725.7 | I33: =I64 -> 8279649.3 | R33: =SUM(G33:Q33) -> 22403757
B34: EBT | G34: =G32-G33 -> -16339595 | H34: =H32-H33 -> 1.2927706e+08 | I34: =I32-I33 -> 1.3025114e+08 | L34: =L32-L33 -> 0 | M34: =M32-M33 -> 0 | N34: =N32-N33 -> 0 | O34: =O32-O33 -> 0 | P34: =P32-P33 -> 0 | R34: =SUM(G34:Q34) -> 2.431886e+08
B35: Tax Expense | G35: =IF(G34<0,0,G34*$F$3) -> 0 | H35: =IF(H34<0,0,H34*$F$3) -> 2585541.2 | I35: =IF(I34<0,0,I34*$F$3) -> 2605022.8 | J35: =IF(J34<0,0,J34*$F$3) -> 0 | K35: =IF(K34<0,0,K34*$F$3) -> 0 | L35: =IF(L34<0,0,L34*$F$3) -> 0 | M35: =IF(M34<0,0,M34*$F$3) -> 0 | N35: =IF(N34<0,0,N34*$F$3) -> 0 | ... P35: =IF(P34<0,0,P34*$F$3) -> 0 | R35: =SUM(G35:Q35) -> 5190564
B36: Net Income | G36: =G34-G35 -> -16339595 | H36: =H34-H35 -> 1.2669152e+08 | I36: =I34-I35 -> 1.2764611e+08 | J36: =J34-J35 -> 0 | K36: =K34-K35 -> 0 | L36: =L34-L35 -> 0 | M36: =M34-M35 -> 0 | N36: =N34-N35 -> 0 | ... R36: =R34-R35 -> 2.3799804e+08
B38: Capex | F38: =-G9+-G10 -> -97407639 | G38: =-H9+-H10 -> 0 | H38: =-I9+-I10 -> 0 | I38: =-J9+-J10 -> 0 | J38: =-Q9+-Q10 -> 0 | K38: =-R9+-R10 -> 0 | L38: =-S9+-S10 -> 0 | M38: =-T9+-T10 -> 0 | N38: =-U9+-U10 -> 0 | O38: =-V9+-V10 -> 0 | P38: =-W9+-W10 -> 0 | Q38: =-X9+-X10 -> 0 | R38: =SUM(F38:Q38) -> -97407639
B39: FCFF | F39: =F38 -> -97407639 | G39: =G38+G36+G31 -> 16129618 | H39: =H38+H36+H31 -> 1.5916073e+08 | I39: =I38+I36+I31 -> 1.6011533e+08 | J39: =J38+J36+J31 -> 0 | K39: =K38+K36+K31 -> 0 | L39: =L38+L36+L31 -> 0 | M39: =M38+M36+M31 -> 0 | N39: =N38+N36+N31 -> 0 | ... Q39: =Q38+Q36+Q31 -> 0 | R39: =SUM(F39:Q39) -> 2.3799804e+08
B40: Accumulated FCF | F40: =F39 -> -97407639 | G40: =F40+G39 -> -81278021 | H40: =G40+H39 -> 77882712 | I40: =H40+I39 -> 2.3799804e+08
B41: PBP | F41: =IF(AND(E40<0,F40>0),F46-(F40/F39),0) -> 0 | G41: =IF(AND(F40<0,G40>0),G46-(G40/G39),0) -> 0 | H41: =IF(AND(G40<0,H40>0),H46-(H40/H39),0) -> 1.5106663 | I41: =IF(AND(H40<0,I40>0),I46-(I40/I39),0) -> 0 | J41: =IF(AND(I40<0,J40>0),J46-(J40/J39),0) -> 0 | K41: =IF(AND(J40<0,K40>0),K46-(K40/K39),0) -> 0 | L41: =IF(AND(K40<0,L40>0),L46-(L40/L39),0) -> 0 | M41: =IF(AND(L40<0,M40>0),M46-(M40/M39),0) -> 0 | ... P41: =IF(AND(O40<0,P40>0),P46-(P40/P39),0) -> 0 | Q41: =IF(AND(J40<0,Q40>0),Q46-(Q40/Q39),0) -> 0
B42: IRR | F42: =IRR(F39:Q39) -> 0.69799772
B43: NPV | F43: =NPV(F4,G39:Q39)+F39 -> 1.6909046e+08
B44: EBITDA margin | F44: =R30 -> 0.605
B45: Payback | F45: =SUM(F41:Q41) -> 1.5106663
G46: 1 | H46: 2 | I46: 3 | J46: 4 | K46: 5 | L46: 6 | Q46: 5
B47: Depreciation Calculation | E47: no of Year depreciated | G47: =G12 -> Year 1 | H47: =H12 -> Year 2 | I47: =I12 -> Year 3 | J47: =J12 -> Year 4 | K47: =K12 -> Year 5 | L47: =L12 -> 0 | M47: =M12 -> 0 | N47: =N12 -> 0 | ... Q47: =Q12 -> Year 5
D48: Year 1 | E48: 3 | G48: =SUM(G9:G10)/$E48 -> 32469213 | H48: =G48 -> 32469213 | I48: =H48 -> 32469213
D49: Year 3 | E49: 2 | H49: =H9/$E$49 -> 0 | I49: =H49 -> 0 | J49: =I49 -> 0 | K49: =J49 -> 0 | L49: =K49 -> 0 | M49: =L49 -> 0 | N49: =M49 -> 0 | O49: =N49 -> 0 | P49: =O49 -> 0
D50: Year 4 | E50: 1 | I50: =I9/$E$50 -> 0 | J50: =I50 -> 0 | K50: =J50 -> 0 | L50: =K50 -> 0 | M50: =L50 -> 0 | N50: =M50 -> 0 | O50: =N50 -> 0 | P50: =O50 -> 0
D51: Year 5 | E51: 2
D52: Year 6 | E52: 1
B53: Total Depreciation | G53: =SUM(G48:G51) -> 32469213 | H53: =SUM(H48:H51) -> 32469213 | I53: =SUM(I48:I51) -> 32469213 | J53: =SUM(J48:J51) -> 0 | K53: =SUM(K48:K51) -> 0 | L53: =SUM(L48:L51) -> 0 | M53: =SUM(M48:M51) -> 0 | N53: =SUM(N48:N51) -> 0 | ... Q53: =SUM(Q48:Q51) -> 0
G60: Year 1 | H60: Year 2 | I60: Year 3 | J60: Year 4 | K60: Year 5 | L60: Year 6 | M60: Year 7 | N60: Year 8 | O60: Year 9 | P60: Year 10
F61: loan | G61: =G9 -> 97407639 | H61: =G61-G63 -> 87666875 | I61: =H61-G63 -> 77926111 | J61: =I61-G63 -> 68185347 | K61: =J61-G63 -> 58444583 | L61: =$F$2-$B$4 -> 0 | M61: =$G$2-$B$4 -> 0 | N61: =$H$2-$B$4 -> 0 | O61: =$I$2-$B$4 -> 0 | P61: =$J$2-$B$4 -> 0
F62: Period (thn) | G62: 5
F63: Installment/thn | G63: =G61/10 -> 9740763.9
F64: Interest | G64: =((G61*10%)*6)/12 -> 4870382 | H64: =AVERAGE(G61:H61)*10% -> 9253725.7 | I64: =AVERAGE(H61:I61)*10% -> 8279649.3 | J64: =AVERAGE(I61:J61)*10% -> 7305572.9 | K64: =AVERAGE(J61:K61)*10% -> 6331496.5 | L64: =AVERAGE(K61:L61)*[80]IRR!$F$4 -> 2922229.2 | M64: =AVERAGE($G$2:$H$2)*[81]IRR!$G$4 -> #DIV/0! | N64: =AVERAGE($H$2:$I$2)*[81]IRR!$G$4 -> #DIV/0! | O64: =AVERAGE($I$2:$J$2)*[81]IRR!$G$4 -> #DIV/0! | P64: =AVERAGE($J$2:$K$2)*[81]IRR!$G$4 -> #DIV/0!
L75: =L76-K76 -> 87750000
L76: =L79/10% -> 87750000
L79: 8775000

Sheet Analisa
A2: SITE Manhattan Mall
A3: Periode | B3: Start | C3: End
A4: Rev Tsel | B4: 44562 | C4: 45291 | E4: SUGGEST: | F4: CONSERVATIVE
A5: Rev IOH | B5: 44075 | C5: 45900
A6: Rev XL | B6: 44641 | C6: 46466
A7: Sewa BM | B7: 43210 | C7: 45035
B9: Start | C9: End | D9: Days
A10: Worse >> Jika Sewa BM diperpanjang 5 tahun dan XL sesuai periodenya XL, maka:
A11: Rev Tsel | B11: 44562 | C11: 45291 | D11: =C11-B11 -> 729 | E11: 150000000 | F11: =E11/365*D11 -> 2.9958904e+08
A12: Rev IOH | B12: 44075 | C12: 45900
A13: Rev XL | B13: 44641 | C13: 46466
A14: Sewa BM | B14: 43210 | C14: 45035 | D14: =C14-B14 -> 1825 | E14: =275000000/5 -> 55000000 | F14: =-E14/365*D14 -> -275000000
A15: OM | B15: 44168 | C15: 45993 | D15: =C15-B15 -> 1825 | E15: 7000000 | F15: =-E15/365*D15 -> -35000000
A16: Antisipasi Add Capex and Pole | E16: 100000000
A17: Profit | F17: =SUM(F11:F16) -> -10410959
A18: IRR 11thn | F18: Negatif
A19: Cash Flow 11thn | F19: -1754965280
A20: IRR 6thn Cutt Loss | F20: 0.2
A21: Cash Flow 6thn Cut Loss | F21: 68328670
A23: Conservative >> Jika Sewa BM diperpanjang sampai akhir masa XL, maka:
A24: Rev XL | B24: 44168 | C24: 45546 | D24: =C24-B24 -> 1378 | E24: 150000000 | F24: =E24/365*D24 -> 5.6630137e+08
A25: Sewa BM | B25: 44168 | C25: 45546 | D25: =C25-B25 -> 1378 | E25: =275000000/5 -> 55000000 | F25: =-E25/365*D25 -> -2.0764384e+08
A26: OM | B26: 44168 | C26: 45546 | D26: =C26-B26 -> 1378 | E26: 7000000 | F26: =-E26/365*D26 -> -26427397
A27: Antisipasi Add Capex and Pole | E27: 100000000
A28: Profit | F28: =SUM(F24:F27) -> 3.3223014e+08
A29: IRR 9thn | F29: Negatif
A30: Cash Flow 9thn | F30: -1670527073
A31: IRR 3thn Cutt Loss | F31: 0.21
A32: Cash Flow 3thn Cut Loss | F32: 69872893
A34: Optimis >> Jika Sewa BM diperpanjang 5 tahun dan XL mengikutinya, maka:
A35: Rev XL | B35: 44168 | C35: 45993 | D35: =C35-B35 -> 1825 | E35: 150000000 | F35: =E35/365*D35 -> 750000000
A36: Sewa BM | B36: 44168 | C36: 45993 | D36: =C36-B36 -> 1825 | E36: =275000000/5 -> 55000000 | F36: =-E36/365*D36 -> -275000000
A37: OM | B37: 44168 | C37: 45993 | D37: =C37-B37 -> 1825 | E37: 7000000 | F37: =-E37/365*D37 -> -35000000
A38: Antisipasi Add Capex and Pole | E38: 100000000
A39: Profit | F39: =SUM(F35:F38) -> 440000000
A40: IRR 11thn | F40: -0.25
A41: Cash Flow 11thn | F41: -1.4155903e+09
A42: IRR 6thn Cutt Loss | F42: 0.58
A43: Cash Flow 6thn Cut Loss | F43: 4.0207867e+08

Sheet Pemeliharaan
C2: 2019 | D2: 2020 | E2: 2021 | F2: 2022 | G2: 2023 | H2: 2024 | I2: 2025 | J2: 2026 | K2: 2027 | L2: 2028 | M2: 2029
B3: Rutin | D3: =E24*2 -> 24000000 | E3: =E24*3 -> 36000000 | F3: =E3 -> 36000000 | G3: =F3 -> 36000000 | H3: =G3 -> 36000000
B4: Perbaikan | D4: =7000000*2 -> 14000000 | E4: =7000000*3 -> 21000000 | F4: =E4 -> 21000000 | G4: =F4 -> 21000000 | H4: =G4 -> 21000000
B5: WT by Vendor | D5: =J20*2 -> 20000000 | E5: =J20*1 -> 10000000
B6: WT Inhouse | D6: =J16*3 -> 13530000 | E6: =K16 -> 9020000 | F6: =K16 -> 9020000 | G6: =K16 -> 9020000 | H6: =K16 -> 9020000
B7: Pemeliharaan | D7: =SUM(D3:D6) -> 71530000 | E7: =SUM(E3:E6) -> 76020000 | F7: =SUM(F3:F6) -> 66020000 | G7: =SUM(G3:G6) -> 66020000 | H7: =SUM(H3:H6) -> 66020000 | N7: =SUM(D7:H7) -> 345610000
F9: person | G9: trip | H9: kamar | I9: Days by Omni | J9: Biaya walktest inhouse/visit | K9: Biaya walktest inhouse/thn
E10: Diisikan | F10: 1 | G10: 1 | H10: 1 | I10: 185
B11: Transport | C11: Pesawat | D11: =F22 -> 2000000 | E11: person | F11: =F10 -> 1 | J11: =F11*D11 -> 2000000
C12: Bandara | D12: 600000 | E12: person | F12: =F10 -> 1 | I12: =IF($I$10<=120,2,IF($I$10>220,4,3)) -> 3 | J12: =D12*F12 -> 600000
C13: Transport | D13: 200000 | E13: Trip | G13: =G10 -> 1 | J13: =G13*D13 -> 200000
B14: Hotel | C14: Hotel | D14: 450000 | E14: kamar | F14: =F10 -> 1 | H14: =H10 -> 1 | I14: =IF($I$10<=120,2,IF($I$10>220,4,3)) -> 3 | J14: =H14*D14*I14 -> 1350000
B15: Uang Saku | C15: Uang Saku | D15: 120000 | E15: person | F15: =F10 -> 1 | I15: =IF($I$10<=120,2,IF($I$10>220,4,3)) -> 3 | J15: =I15*D15*F15 -> 360000
J16: =SUM(J11:J15) -> 4510000 | K16: =J16*2 -> 9020000
A17: PM/month per Sep 2019 by Purchasing
A18: Indoor | B18: Outdoor | C18: Budget | E18: PM/Year/Opt | F18: Pesawat | H18: Asumsi:
C19: 1400000 | D19: Sulut | E19: =C19*12 -> 16800000 | F19: 4000000 | H19: Walktest 4x dalam setahun semua operator sekaligus
D20: Makasar | F20: 3000000 | H20: Walktest pertama oleh vendor | J20: 10000000
C21: 1300000 | D21: Bali | E21: =C21*12 -> 15600000 | F21: 2500000 | H21: Walktest pertama oleh vendor | I21: Pekanbaru | J21: 12000000
C22: 1250000 | D22: Jatim | E22: =C22*12 -> 15000000 | F22: 2000000 | H22: Walktest pertama oleh vendor | I22: Sumut | J22: 14000000
C23: 1250000 | D23: Jateng | E23: =C23*12 -> 15000000 | F23: 1850000 | H23: Walktest pertama oleh vendor | I23: Sulsel | J23: 14000000
C24: 1000000 | D24: Jabar | E24: =C24*12 -> 12000000 | F24: 1200000 | H24: Walktest pertama oleh vendor | I24: Sulut | J24: 17000000
C25: 1400000 | D25: Kalimantan | E25: =C25*12 -> 16800000 | F25: 2000000 | H25: Walktest pertama oleh vendor | I25: Kalimantan | J25: 14000000
C26: 1310000 | D26: Sumatera | E26: =C26*12 -> 15720000 | F26: 3500000
D27: Palembang | F27: 2800000
D28: Jabodetabek | E28: 0 | F28: 0 | G28: Inhouse

Sheet Sitac
A1: MASTER DATA
A2: HARGA SEWA
A3: 2014
B5: No. | C5: Size | D5: Type | E5: =#REF! -> #REF! | F5: =#REF! -> #REF! | G5: =#REF! -> #REF! | H5: =#REF! -> #REF! | I5: =#REF! -> #REF! | J5: =#REF! -> #REF! | K5: =#REF! -> #REF! | L5: =#REF! -> #REF! | M5: =#REF! -> #REF!
B6: 1 | C6: S | D6: Mall | E6: 150000000 | F6: 130000000 | G6: 130000000 | H6: 130000000 | I6: 110000000 | J6: 120000000 | K6: 110000000 | L6: 120000000 | M6: 120000000 | O6: S | P6: Mall | Q6: Jabodetabek | R6: =O6&P6&Q6 -> SMallJabodetabek | S6: =E6 -> 150000000
B7: 2 | C7: S | D7: Superblok | E7: 175000000 | F7: 140000000 | G7: 140000000 | H7: 140000000 | I7: 110000000 | J7: 120000000 | K7: 110000000 | L7: 120000000 | M7: 120000000 | O7: S | P7: Superblok | Q7: Jabodetabek | R7: =O7&P7&Q7 -> SSuperblokJabodetabek | S7: =E7 -> 175000000
B8: 3 | C8: S | D8: Rumah Sakit | E8: 110000000 | F8: 90000000 | G8: 90000000 | H8: 100000000 | I8: 95000000 | J8: 100000000 | K8: 95000000 | L8: 100000000 | M8: 100000000 | O8: S | P8: Rumah Sakit | Q8: Jabodetabek | R8: =O8&P8&Q8 -> SRumah SakitJabodetabek | S8: =E8 -> 110000000
B9: 4 | C9: S | D9: Rusunami | E9: 110000000 | F9: 100000000 | G9: 100000000 | H9: 110000000 | I9: 95000000 | J9: 95000000 | K9: 95000000 | L9: 95000000 | M9: 95000000 | O9: S | P9: Rusunami | Q9: Jabodetabek | R9: =O9&P9&Q9 -> SRusunamiJabodetabek | S9: =E9 -> 110000000
B10: 5 | C10: S | D10: Office | E10: 110000000 | F10: 90000000 | G10: 90000000 | H10: 100000000 | I10: 90000000 | J10: 90000000 | K10: 90000000 | L10: 90000000 | M10: 90000000 | O10: S | P10: Office | Q10: Jabodetabek | R10: =O10&P10&Q10 -> SOfficeJabodetabek | S10: =E10 -> 110000000
B11: 6 | C11: S | D11: Universitas | E11: 110000000 | F11: 90000000 | G11: 90000000 | H11: 100000000 | I11: 95000000 | J11: 100000000 | K11: 95000000 | L11: 100000000 | M11: 100000000 | O11: S | P11: Universitas | Q11: Jabodetabek | R11: =O11&P11&Q11 -> SUniversitasJabodetabek | S11: =E11 -> 110000000
B12: 7 | C12: S | D12: Hotel | E12: 110000000 | F12: 70000000 | G12: 70000000 | H12: 100000000 | I12: 75000000 | J12: 60000000 | K12: 75000000 | L12: 60000000 | M12: 60000000 | O12: S | P12: Hotel | Q12: Jabodetabek | R12: =O12&P12&Q12 -> SHotelJabodetabek | S12: =E12 -> 110000000
B13: 8 | C13: S | D13: Traditional Market | E13: 100000000 | F13: 95000000 | G13: 95000000 | H13: 95000000 | I13: 90000000 | J13: 95000000 | K13: 90000000 | L13: 95000000 | M13: 95000000 | O13: S | P13: Traditional Market | Q13: Jabodetabek | R13: =O13&P13&Q13 -> STraditional MarketJabodetabek | S13: =E13 -> 100000000
B14: 9 | C14: S | D14: Apartement | E14: 85000000 | F14: 65000000 | G14: 65000000 | H14: 70000000 | I14: 55000000 | J14: 55000000 | K14: 55000000 | L14: 55000000 | M14: 55000000 | O14: S | P14: Apartement | Q14: Jabodetabek | R14: =O14&P14&Q14 -> SApartementJabodetabek | S14: =E14 -> 85000000
B15: 10 | C15: S | D15: Entertaint Area | E15: 65000000 | F15: 50000000 | G15: 50000000 | H15: 55000000 | I15: 50000000 | J15: 50000000 | K15: 50000000 | L15: 50000000 | M15: 50000000 | O15: S | P15: Entertaint Area | Q15: Jabodetabek | R15: =O15&P15&Q15 -> SEntertaint AreaJabodetabek | S15: =E15 -> 65000000
B16: 1 | C16: M | D16: Mall | E16: =1500000000/5 -> 300000000 | F16: =1000000000/5 -> 200000000 | G16: =1000000000/5 -> 200000000 | H16: =1000000000/5 -> 200000000 | I16: =1000000000/5 -> 200000000 | J16: =1000000000/5 -> 200000000 | K16: =1000000000/5 -> 200000000 | L16: =1000000000/5 -> 200000000 | M16: =1000000000/5 -> 200000000 | O16: M | P16: Mall | Q16: Jabodetabek | R16: =O16&P16&Q16 -> MMallJabodetabek | S16: =E16 -> 300000000
B17: 2 | C17: M | D17: Superblok | E17: =1500000000/5 -> 300000000 | F17: =1000000000/5 -> 200000000 | G17: =1000000000/5 -> 200000000 | H17: =1000000000/5 -> 200000000 | I17: =1000000000/5 -> 200000000 | J17: =1000000000/5 -> 200000000 | K17: =1000000000/5 -> 200000000 | L17: =1000000000/5 -> 200000000 | M17: =1000000000/5 -> 200000000 | O17: M | P17: Superblok | Q17: Jabodetabek | R17: =O17&P17&Q17 -> MSuperblokJabodetabek | S17: =E17 -> 300000000
